Workbook
Name Additional_Factor: 'אפשרויות בחירה'!$C$706:$C$854
Name Amoritization: 'אפשרויות בחירה'!$C$544:$C$548
Name Capsule: 'אפשרויות בחירה'!$C$934:$C$936
Name Company_Name: 'File Name Info'!$A$34:$A$130
Name Company_Name_ID: 'File Name Info'!$A$34:$B$130
Name Consortium: 'אפשרויות בחירה'!$C$512:$C$513
Name Country_list: 'אפשרויות בחירה'!$C$4:$C$85
Name Country_list_funds: 'אפשרויות בחירה'!$C$4:$C$103
Name CSA: 'אפשרויות בחירה'!$C$693:$C$694
Name Delivery: 'אפשרויות בחירה'!$C$670:$C$671
Name Dependence_Independence: 'אפשרויות בחירה'!$C$658:$C$659
Name Duration_Underlying_Interest_Rate: 'אפשרויות בחירה'!$C$685:$C$692
Name File_Type: 'File Name Info'!$A$10:$A$12
Name Full_File_Type: 'File Name Info'!$A$11:$B$13
Name Full_Type: 'File Name Info'!$A$2:$B$8
Name Full_Type_Nostro: 'File Name Info'!$A$3:$B$6
Name Full_Year: 'File Name Info'!$A$22:$B$31
Name Fund_Strategy: 'אפשרויות בחירה'!$C$595:$C$625
Name Fund_type: 'אפשרויות בחירה'!$C$326:$C$496
Name Holding_interest: 'אפשרויות בחירה'!$C$146:$C$147
Name In_the_books: 'אפשרויות בחירה'!$C$660:$C$661
Name Industry_Sector: 'אפשרויות בחירה'!#REF!
Name Industry_sector_all: 'אפשרויות בחירה'!$C$202:$C$325
Name Industry_sectors: 'אפשרויות בחירה'!$C$202:$C$325
Name israel_abroad: 'אפשרויות בחירה'!$C$2:$C$3
Name Issuer_Number_Banks: 'אפשרויות בחירה'!$C$111:$C$113
Name Issuer_Number_Fund: 'אפשרויות בחירה'!$C$114:$C$117
Name issuer_number_loan: 'אפשרויות בחירה'!$C$118:$C$126
Name Issuer_Number_Type: 'אפשרויות בחירה'!$C$104:$C$110
Name Issuer_Number_Type_2: 'אפשרויות בחירה'!#REF!
Name Issuer_Number_Type_3: 'אפשרויות בחירה'!#REF!
Name Issuer_Number_Type_V2: 'אפשרויות בחירה'!$C$104:$C$110
Name Issuer_Type_TFunds: 'אפשרויות בחירה'!#REF!
Name Leading_factor: 'אפשרויות בחירה'!$C$697:$C$705
Name Linked_Type: 'אפשרויות בחירה'!$C$514:$C$517
Name other_investments: 'אפשרויות בחירה'!$C$1018:$C$1051
Name Penalty: 'אפשרויות בחירה'!$C$855:$C$856
Name QTR: 'File Name Info'!$A$15:$A$19
Name Rating_Agency: 'אפשרויות בחירה'!$C$188:$C$201
Name real_estate_lifestage: 'אפשרויות בחירה'!$C$638:$C$646
Name real_estate_loans: 'אפשרויות בחירה'!$C$551:$C$589
Name Real_Estate_Main_Use: 'אפשרויות בחירה'!$C$626:$C$637
Name Recourse_Nonrecourse: 'אפשרויות בחירה'!$C$542:$C$543
Name Repayment_Rights: 'אפשרויות בחירה'!$C$549:$C$550
Name Reset_frequency: 'אפשרויות בחירה'!$C$662:$C$669
Name Security_ID_Number_Type: 'אפשרויות בחירה'!#REF!
Name Security_Number_Loans: 'אפשרויות בחירה'!$C$131
Name Stock_Exchange: 'אפשרויות בחירה'!#REF!
Name Stock_Exchange_Gov_Bonds: 'אפשרויות בחירה'!$C$148:$C$181
Name Subordination_Risk: 'אפשרויות בחירה'!$C$186:$C$187
Name Tradeable_Status: 'אפשרויות בחירה'!#REF!
Name Tradeable_Status_All: 'אפשרויות בחירה'!$C$135:$C$145
Name tradeable_status_bonds: 'אפשרויות בחירה'!#REF!
Name tradeable_status_funds: 'אפשרויות בחירה'!#REF!
Name tradeable_status_stock: 'אפשרויות בחירה'!#REF!
Name Tradeable_Status_v2: 'אפשרויות בחירה'!#REF!
Name tradeable_status_warrants: 'אפשרויות בחירה'!#REF!
Name tradeable_status_warrants_v2: 'אפשרויות בחירה'!#REF!
Name Transaction: 'אפשרויות בחירה'!$C$647:$C$650
Name Type: 'File Name Info'!$A$2:$A$8

Sheet עמוד פתיחה
A1: קובץ דיווח עבור רשימת נכסים ברמת הנכס הבודד (חוזר גופים מוסדיים 2015-9-14)
A3: יש לבחור תחום: | D3: נכסי עמיתים - קופות גמל
A5: האם מדובר בקובץ לממומנה או לציבור: | D5: לממונה
A7: יש לבחור את רבעון הדיווח: | D7: 02
A9: יש לבחור את שנת הדיווח: | D9: 2026
A11: יש לבחור את הגוף המוסדי: | D11: עמ"י - חברה לניהול קופות גמל ענפיות בע"מ
A13: ח.פ. הגוף המוסדי: | D13: =IFERROR(VLOOKUP(D11,'File Name Info'!A35:B130,2,0),"תא מחושב") -> 520042581
A15: שם קובץ לשמירה | D15: =IF(D5="לממונה",CONCATENATE(D13, "_",VLOOKUP(D3,Full_Type,2,0),"_",D7,VLOOKUP(D9,Full_Year,2,0),".xlxs"),IF(D5="לציבור",CONCATENATE(D13,"_",VLOOKUP(D3,Full_Type_Nostro,2,0),"_",VLOOKUP(D5,Full_File_Type,2,0),"_",D7,VLOOKUP(D9,Full_Year,2,0),".xlsx"),"שם קובץ לשמירה")) -> 520042581_gm_0226.xlxs
A17: פרטי האחראי על הדיווח בגוף המוסדי | B17: שם:
B19: מספר טלפון:
B21: כתובת מייל:
A23: הוראות למילוי הדיווח: | D23: יש לדווח לפי ההנחיות בחלק ג' לנספח 5.4.3.2 שבפרק 3 שבחלק 4 לשער 5 בחוזר המאוחד - "רשימת נכסים ברמת הנכס הבודד".

Sheet סכום נכסים
C1: ידווח בקבצי נכסי הנוסטרו בלבד
A2: אפיק | B2: שווי הוגן (באלפי ש"ח) | C2: עלות מופחתת (באלפי ש"ח) | D2: השיטה שיושמה בדוח הכספי | E2: שיעור מסך נכסי השקעה
A3: מזומנים ושווי מזומנים | B3: =SUM('מזומנים ושווי מזומנים'!O:O) -> 72418.415 | E3: =SUM('מזומנים ושווי מזומנים'!O:O)/B30 -> 0.03062238
A4: איגרות חוב ממשלתיות | B4: =SUM('איגרות חוב ממשלתיות'!U:U) -> 491225.88 | E4: =SUM('איגרות חוב ממשלתיות'!U:U)/B30 -> 0.20771658
A5: ניירות ערך מסחריים | B5: =SUM('ניירות ערך מסחריים'!AD:AD) -> 0 | E5: =SUM('ניירות ערך מסחריים'!AD:AD)/B30 -> 0
A6: איגרות חוב | B6: =SUM('איגרות חוב'!AD:AD) -> 408737.37 | E6: =SUM('איגרות חוב'!AD:AD)/B30 -> 0.17283603
A7: מניות מבכ ויהש | B7: =SUM('מניות מבכ ויהש'!U:U) -> 467528.04 | E7: =SUM('מניות מבכ ויהש'!U:U)/B30 -> 0.19769587
A8: קרנות סל | B8: =SUM('קרנות סל'!T:T) -> 580306.85 | E8: =SUM('קרנות סל'!T:T)/B30 -> 0.24538478
A9: קרנות נאמנות | B9: =SUM('קרנות נאמנות'!T:T) -> 34765.154 | E9: =SUM('קרנות נאמנות'!T:T)/B30 -> 0.014700567
A10: כתבי אופציה | B10: =SUM('כתבי אופציה'!W:W) -> 15.587 | E10: =SUM('כתבי אופציה'!W:W)/B30 -> 6.5910174e-06
A11: אופציות | B11: =SUM(אופציות!V:V) -> 0 | E11: =SUM(אופציות!V:V)/B30 -> 0
A12: חוזים עתידיים | B12: =SUM('חוזים עתידיים'!R:R) -> 801.782 | E12: =SUM('חוזים עתידיים'!R:R)/B30 -> 0.00033903632
A13: מוצרים מובנים | B13: =SUM('מוצרים מובנים'!Z:Z) -> 1488.65 | E13: =SUM('מוצרים מובנים'!Z:Z)/B30 -> 0.00062948086
A14: לא סחיר איגרות חוב ממשלתיות | B14: =SUM('לא סחיר איגרות חוב ממשלתיות'!U:U) -> 0 | E14: =SUM('לא סחיר איגרות חוב ממשלתיות'!U:U)/B30 -> 0
A15: לא סחיר איגרות חוב מיועדות | B15: =SUM('לא סחיר איגרות חוב מיועדות'!N:N) -> 0 | E15: =SUM('לא סחיר איגרות חוב מיועדות'!N:N)/B30 -> 0
A16: אפיק השקעה מובטח תשואה | B16: =SUM('אפיק השקעה מובטח תשואה'!F:F) -> 0 | E16: =SUM('אפיק השקעה מובטח תשואה'!F:F)/B30 -> 0
A17: לא סחיר ניירות ערך מסחריים | B17: =SUM('לא סחיר ניירות ערך מסחריים'!AI:AI) -> 0 | E17: =SUM('לא סחיר ניירות ערך מסחריים'!AI:AI)/B30 -> 0
A18: לא סחיר איגרות חוב | B18: =SUM('לא סחיר איגרות חוב'!AG:AG) -> 15875.799 | E18: =SUM('לא סחיר איגרות חוב'!AG:AG)/B30 -> 0.0067131371
A19: לא סחיר מניות מבכ ויהש | B19: =SUM('לא סחיר מניות מבכ ויהש'!X:X) -> 1496.862 | E19: =SUM('לא סחיר מניות מבכ ויהש'!X:X)/B30 -> 0.00063295333
A20: קרנות השקעה | B20: =SUM('קרנות השקעה'!W:W) -> 257637 | E20: =SUM('קרנות השקעה'!W:W)/B30 -> 0.10894271
A21: לא סחיר כתבי אופציה | B21: =SUM('לא סחיר כתבי אופציה'!Z:Z) -> 0 | E21: =SUM('לא סחיר כתבי אופציה'!Z:Z)/B30 -> 0
A22: לא סחיר אופציות | B22: =SUM('לא סחיר אופציות'!Z:Z) -> 0 | E22: =SUM('לא סחיר אופציות'!Z:Z)/B30 -> 0
A23: לא סחיר נגזרים אחרים | B23: =SUM('לא סחיר נגזרים אחרים'!R:R) -> 3002.4546 | E23: =SUM('לא סחיר נגזרים אחרים'!R:R)/B30 -> 0.0012695984
A24: הלוואות | B24: =SUM(הלוואות!AT:AT) -> 29886.966 | E24: =SUM(הלוואות!AT:AT)/B30 -> 0.012637808
A25: לא סחיר מוצרים מובנים | B25: =SUM('לא סחיר מוצרים מובנים'!AB:AB) -> 0 | E25: =SUM('לא סחיר מוצרים מובנים'!AE:AE)/B30 -> 0
A26: פיקדונות מעל 3 חודשים | B26: =SUM('פיקדונות מעל 3 חודשים'!T:T) -> 0 | E26: =SUM('פיקדונות מעל 3 חודשים'!T:T)/B30 -> 0
A27: זכויות מקרקעין | B27: =SUM('זכויות מקרקעין'!S:S) -> 567.504 | E27: =SUM('זכויות מקרקעין'!S:S)/B30 -> 0.00023997105
A28: השקעה בחברות מוחזקות | B28: =SUM('השקעה בחברות מוחזקות'!U:U) -> 0 | E28: =SUM('השקעה בחברות מוחזקות'!U:U)/B30 -> 0
A29: נכסים אחרים | B29: =SUM('נכסים אחרים'!N:N) -> -869.051 | E29: =SUM('נכסים אחרים'!N:N)/B30 -> -0.00036748125
A30: סך הכל נכסים | B30: =IF(SUM(B3:B29)=0,0.0001,SUM(B3:B29)) -> 2364885.3 | C30: =SUM(C3:C29) -> 0 | D30: =SUM(D3:D29) -> 0 | E30: =SUM(E3:E29) -> 1
A31: מסגרות אשראי
A32: יתרות התחייבות להשקעה | B32: =SUM('יתרות התחייבות להשקעה'!O:O) -> 88034.334 | E32: =SUM('יתרות התחייבות להשקעה'!O:O) -> 88034.334

Sheet מזומנים ושווי מזומנים
A1: מספר קופה/קרן/ח.פ. עבור חברת ביטוח | B1: מספר מסלול | C1: שם הבנק | D1: מספר מזהה בנק | E1: סוג מספר מזהה בנק | F1: מאפיין עיקרי | G1: ישראל/חו"ל | H1: בעל עניין/צד קשור | I1: דירוג הבנק | J1: שם מדרג | K1: מטבע פעילות | L1: שווי מטבעי | M1: שער חליפין | N1: שיעור ריבית | O1: שווי הוגן (באלפי ש"ח) | P1: שיעור מנכסי אפיק ההשקעה | Q1: שיעור מסך נכסי ההשקעה
A2: 14076 | B2: 14077 | C2: בנק לאומי לישראל בע"מ | D2: 10-800 | E2: סימול בנק | F2: מזומן ועו"ש נקוב במט"ח | G2: ישראל | H2: לא | I2: AAA | J2: S&P מעלות | K2: USD | L2: 0.688 | M2: 2.978 | N2: 0 | O2: 2.048 | P2: 0.0018096391 | Q2: 6.0396279e-05
A3: 14076 | B3: 14077 | C3: בנק לאומי לישראל בע"מ | D3: 10-800 | E3: סימול בנק | F3: מזומן ועו"ש נקוב במט"ח | G3: ישראל | H3: לא | I3: AAA | J3: S&P מעלות | K3: EUR | L3: 13.718 | M3: 3.3945 | N3: 0 | O3: 46.567 | P3: 0.041139302 | Q3: 0.0013730145
A4: 14076 | B4: 14077 | C4: בנק לאומי לישראל בע"מ | D4: 10-800 | E4: סימול בנק | F4: מזומן ועו"ש בש"ח | G4: ישראל | H4: לא | I4: AAA | J4: S&P מעלות | K4: ILS | L4: 1083.316 | M4: 1 | N4: 0.0305 | O4: 1083.316 | P4: 0.95705106 | Q4: 0.031941353
A5: 14076 | B5: 14078 | C5: בנק לאומי לישראל בע"מ | D5: 10-800 | E5: סימול בנק | F5: מזומן ועו"ש בש"ח | G5: ישראל | H5: לא | I5: AAA | J5: S&P מעלות | K5: ILS | L5: 117.807 | M5: 1 | N5: 0.0305 | O5: 117.807 | P5: 1 | Q5: 0.028621716
A6: 14076 | B6: 14079 | C6: בנק לאומי לישראל בע"מ | D6: 10-800 | E6: סימול בנק | F6: מזומן ועו"ש נקוב במט"ח | G6: ישראל | H6: לא | I6: AAA | J6: S&P מעלות | K6: USD | L6: 0.866 | M6: 2.978 | N6: 0 | O6: 2.578 | P6: 0.0048945028 | Q6: 0.00014345526
A7: 14076 | B7: 14079 | C7: בנק לאומי לישראל בע"מ | D7: 10-800 | E7: סימול בנק | F7: מזומן ועו"ש נקוב במט"ח | G7: ישראל | H7: לא | I7: AAA | J7: S&P מעלות | K7: EUR | L7: 11.05 | M7: 3.3945 | N7: 0 | O7: 37.51 | P7: 0.071212449 | Q7: 0.0020871988
A8: 14076 | B8: 14079 | C8: בנק לאומי לישראל בע"מ | D8: 10-800 | E8: סימול בנק | F8: מזומן ועו"ש בש"ח | G8: ישראל | H8: לא | I8: AAA | J8: S&P מעלות | K8: ILS | L8: 486.648 | M8: 1 | N8: 0.0305 | O8: 486.648 | P8: 0.92389305 | Q8: 0.027078811
A9: 14076 | B9: 15394 | C9: בנק לאומי לישראל בע"מ | D9: 10-800 | E9: סימול בנק | F9: מזומן ועו"ש בש"ח | G9: ישראל | H9: לא | I9: AAA | J9: S&P מעלות | K9: ILS | L9: 22.682 | M9: 1 | N9: 0.0305 | O9: 22.682 | P9: 0.99999956 | Q9: 0.003735961
A10: 14076 | B10: 15394 | C10: בנק לאומי לישראל בע"מ | D10: 10-800 | E10: סימול בנק | F10: מזומן ועו"ש בש"ח | G10: ישראל | H10: לא | I10: AAA | J10: S&P מעלות | K10: ILS | L10: 0 | M10: 1 | N10: 0 | O10: 0 | P10: 4.408689e-07 | Q10: 1.6470698e-09
A11: 161 | B11: 1434 | C11: בנק לאומי לישראל בע"מ | D11: 10-800 | E11: סימול בנק | F11: מזומן ועו"ש נקוב במט"ח | G11: ישראל | H11: לא | I11: AAA | J11: S&P מעלות | K11: USD | L11: 55.249 | M11: 2.978 | N11: 0 | O11: 164.53 | P11: 0.24688076 | Q11: 0.0069782506
A12: 161 | B12: 1434 | C12: בנק לאומי לישראל בע"מ | D12: 10-800 | E12: סימול בנק | F12: מזומן ועו"ש נקוב במט"ח | G12: ישראל | H12: לא | I12: AAA | J12: S&P מעלות | K12: EUR | L12: 12.358 | M12: 3.3945 | N12: 0 | O12: 41.949 | P12: 0.062944992 | Q12: 0.0017791825
A13: 161 | B13: 1434 | C13: בנק לאומי לישראל בע"מ | D13: 10-800 | E13: סימול בנק | F13: מזומן ועו"ש בש"ח | G13: ישראל | H13: לא | I13: AAA | J13: S&P מעלות | K13: ILS | L13: 459.957 | M13: 1 | N13: 0.0305 | O13: 459.957 | P13: 0.69017425 | Q13: 0.019508239
... A56: 161 | B56: 15391 | C56: בנק לאומי לישראל בע"מ | D56: 10-800 | E56: סימול בנק | F56: מזומן ועו"ש בש"ח | G56: ישראל | H56: לא | I56: AAA | J56: S&P מעלות | K56: ILS | L56: 0 | M56: 1 | N56: 0 | O56: 0 | P56: 1.9477884e-07 | Q56: 7.6523491e-10

Sheet איגרות חוב ממשלתיות
A1: מספר קופה/קרן/ח.פ. עבור חברת ביטוח | B1: מספר מסלול | C1: שם מנפיק | D1: שם נייר ערך | E1: מספר נייר ערך | F1: מאפיין עיקרי | G1: ישראל/חו"ל | H1: מדינה לפי חשיפה כלכלית | I1: זירת מסחר | J1: דירוג | K1: שם מדרג | L1: מטבע פעילות | M1: מח"מ | N1: מועד פדיון | O1: שיעור ריבית | P1: תשואה לפדיון | Q1: סכום לקבל (במטבע הפעילות) | R1: ערך נקוב (יחידות) | S1: שער חליפין | T1: שער נייר הערך | U1: שווי הוגן (באלפי ש"ח) | V1: עלות מופחתת (באלפי ש"ח) | W1: השיטה שיושמה בדוח הכספי | X1: שיעור מערך נקוב מונפק | Y1: שיעור מנכסי אפיק ההשקעה | Z1: שיעור מסך נכסי ההשקעה
A2: 14076 | B2: 14077 | C2: מדינת ישראל | D2: ממשל צמודה 1131 | E2: IL0011722209 | F2: צמוד למדד המחירים לצרכן בריבית קבועה | G2: ישראל | H2: ישראל | I2: TASE | J2: RF | K2: פנימי | L2: ILS | M2: 5.401 | N2: 30/11/2031 | O2: 0.001 | P2: 0.01653 | R2: 1468803 | S2: 1 | T2: 109.97 | U2: 1615.243 | W2: שווי הוגן | X2: 4.3e-05 | Y2: 0.22430154 | Z2: 0.047625093
A3: 14076 | B3: 14077 | C3: מדינת ישראל | D3: ממשל שקלית 0335 | E3: IL0012023326 | F3: לא צמוד למדד המחירים לצרכן ריבית קבועה | G3: ישראל | H3: ישראל | I3: TASE | J3: RF | K3: פנימי | L3: ILS | M3: 7.499 | N3: 30/03/2035 | O3: 0.04 | P3: 0.0365 | R3: 300000 | S3: 1 | T3: 103.59 | U3: 310.77 | W3: שווי הוגן | X3: 8e-06 | Y3: 0.043155243 | Z3: 0.0091629887
A4: 14076 | B4: 14077 | C4: מדינת ישראל | D4: ממשל שקלית 0347 | E4: IL0011401937 | F4: לא צמוד למדד המחירים לצרכן ריבית קבועה | G4: ישראל | H4: ישראל | I4: TASE | J4: RF | K4: פנימי | L4: ILS | M4: 14.459 | N4: 31/03/2047 | O4: 0.0375 | P4: 0.04131 | R4: 645000 | S4: 1 | T4: 95.7 | U4: 617.265 | W4: שווי הוגן | X4: 2.3e-05 | Y4: 0.085716837 | Z4: 0.01819993
A5: 14076 | B5: 14077 | C5: מדינת ישראל | D5: ממשלתי שקלית 0142 | E5: IL0011254005 | F5: לא צמוד למדד המחירים לצרכן ריבית קבועה | G5: ישראל | H5: ישראל | I5: TASE | J5: RF | K5: פנימי | L5: ILS | M5: 11.060 | N5: 31/01/2042 | O5: 0.055 | P5: 0.03945 | R5: 822000 | S5: 1 | T5: 120.13 | U5: 987.469 | W5: שווי הוגן | X5: 2.2e-05 | Y5: 0.13712536 | Z5: 0.029115306
A6: 14076 | B6: 14077 | C6: מדינת ישראל | D6: ממשלתית צמודה 0.5% 0529 | E6: IL0011570236 | F6: צמוד למדד המחירים לצרכן בריבית קבועה | G6: ישראל | H6: ישראל | I6: TASE | J6: RF | K6: פנימי | L6: ILS | M6: 2.900 | N6: 31/05/2029 | O6: 0.005 | P6: 0.01631 | R6: 1307155 | S6: 1 | T6: 115.67 | U6: 1511.986 | W6: שווי הוגן | X6: 3.9e-05 | Y6: 0.20996278 | Z6: 0.044580598
A7: 14076 | B7: 14077 | C7: מדינת ישראל | D7: ממשלתית צמודה 1.10% 1028 | E7: IL0011973265 | F7: צמוד למדד המחירים לצרכן בריבית קבועה | G7: ישראל | H7: ישראל | I7: TASE | J7: RF | K7: פנימי | L7: ILS | M7: 2.301 | N7: 31/10/2028 | O7: 0.011 | P7: 0.01683 | R7: 580000 | S7: 1 | T7: 107.38 | U7: 622.804 | W7: שווי הוגן | X7: 1.7e-05 | Y7: 0.086486013 | Z7: 0.018363246
A8: 14076 | B8: 14077 | C8: מדינת ישראל | D8: ממשלתית שקלית 1.00% 03/30 | E8: IL0011609851 | F8: לא צמוד למדד המחירים לצרכן ריבית קבועה | G8: ישראל | H8: ישראל | I8: TASE | J8: RF | K8: פנימי | L8: ILS | M8: 3.686 | N8: 31/03/2030 | O8: 0.01 | P8: 0.0336 | R8: 170000 | S8: 1 | T8: 92.07 | U8: 156.519 | W8: שווי הוגן | X8: 5e-06 | Y8: 0.021735095 | Z8: 0.0046149301
A9: 14076 | B9: 14077 | C9: מדינת ישראל | D9: ממשלתית שקלית 1.3% 04/32 | E9: IL0011806606 | F9: לא צמוד למדד המחירים לצרכן ריבית קבועה | G9: ישראל | H9: ישראל | I9: TASE | J9: RF | K9: פנימי | L9: ILS | M9: 5.629 | N9: 30/04/2032 | O9: 0.013 | P9: 0.0347 | R9: 1550658 | S9: 1 | T9: 88.94 | U9: 1379.155 | W9: שווי הוגן | X9: 3.8e-05 | Y9: 0.19151713 | Z9: 0.040664104
A10: 14076 | B10: 14078 | C10: מדינת ישראל | D10: ממשל שקלית 0335 | E10: IL0012023326 | F10: לא צמוד למדד המחירים לצרכן ריבית קבועה | G10: ישראל | H10: ישראל | I10: TASE | J10: RF | K10: פנימי | L10: ILS | M10: 7.499 | N10: 30/03/2035 | O10: 0.04 | P10: 0.0365 | R10: 183161 | S10: 1 | T10: 103.59 | U10: 189.736 | W10: שווי הוגן | X10: 5e-06 | Y10: 0.14502629 | Z10: 0.04609717
A11: 14076 | B11: 14078 | C11: מדינת ישראל | D11: ממשלתית צמודה 0.5% 0529 | E11: IL0011570236 | F11: צמוד למדד המחירים לצרכן בריבית קבועה | G11: ישראל | H11: ישראל | I11: TASE | J11: RF | K11: פנימי | L11: ILS | M11: 2.900 | N11: 31/05/2029 | O11: 0.005 | P11: 0.01631 | R11: 248738 | S11: 1 | T11: 115.67 | U11: 287.715 | W11: שווי הוגן | X11: 8e-06 | Y11: 0.21991698 | Z11: 0.069901469
A12: 14076 | B12: 14078 | C12: מדינת ישראל | D12: ממשלתית צמודה 1.10% 1028 | E12: IL0011973265 | F12: צמוד למדד המחירים לצרכן בריבית קבועה | G12: ישראל | H12: ישראל | I12: TASE | J12: RF | K12: פנימי | L12: ILS | M12: 2.301 | N12: 31/10/2028 | O12: 0.011 | P12: 0.01683 | R12: 206329 | S12: 1 | T12: 107.38 | U12: 221.556 | W12: שווי הוגן | X12: 6e-06 | Y12: 0.1693478 | Z12: 0.053827858
A13: 14076 | B13: 14078 | C13: מדינת ישראל | D13: ממשלתית צמודה 1.6% 1033 | E13: IL0012043795 | F13: צמוד למדד המחירים לצרכן בריבית קבועה | G13: ישראל | H13: ישראל | I13: TASE | J13: RF | K13: פנימי | L13: ILS | M13: 6.905 | N13: 31/10/2033 | O13: 0.016 | P13: 0.01802 | R13: 229124 | S13: 1 | T13: 106.86 | U13: 244.842 | W13: שווי הוגן | X13: 7e-06 | Y13: 0.18714647 | Z13: 0.059485235
... A99: 161 | B99: 12468 | C99: US GOV | D99: B 06/10/2027 | E99: US912797VF19 | F99: נקוב במט"ח | G99: חו"ל | H99: ארה"ב | I99: FOREIGN_GOV_SEC | J99: Aa1 | K99: Moodys | L99: USD | M99: 0.944 | N99: 10/06/2027 | O99: 0 | P99: 0.03967 | R99: 360000 | S99: 2.978 | T99: 96.36 | U99: 1033.052 | W99: שווי הוגן | X99: 7e-06 | Y99: 0.12107157 | Z99: 0.02457635

Sheet ניירות ערך מסחריים
A1: מספר קופה/קרן/ח.פ. עבור חברת ביטוח | B1: מספר מסלול | C1: שם מנפיק | D1: מספר מנפיק | E1: סוג מספר מזהה מנפיק | F1: שם נייר ערך | G1: מספר נייר ערך | H1: סוג מספר נייר ערך | I1: מאפיין עיקרי | J1: ישראל/חו"ל | K1: מדינה לפי חשיפה כלכלית | L1: זירת מסחר | M1: ענף מסחר | N1: בעל עניין/צד קשור | O1: דירוג | P1: שם מדרג | Q1: דירוג נייר הערך/המנפיק | R1: מטבע פעילות | S1: מח"מ | T1: ריבית עוגן | U1: מועד פדיון | V1: שיעור ריבית | W1: תשואה לפדיון | X1: נחיתות חוזית | Y1: האם סווג כחוב בעייתי | Z1: ערך נקוב (יחידות) | AA1: שער חליפין | AB1: שער נייר הערך | AC1: סכום לקבל (במטבע הפעילות) | AD1: שווי הוגן (באלפי ש"ח) | AE1: עלות מופחתת (באלפי ש"ח) | AF1: עלות מופחתת (במטבע הפעילות) | AG1: השיטה שיושמה בדוח הכספי | AH1: שיעור מערך נקוב מונפק | AI1: שיעור מנכסי אפיק ההשקעה | AJ1: שיעור מסך נכסי ההשקעה

Sheet איגרות חוב
A1: מספר קופה/קרן/ח.פ. עבור חברת ביטוח | B1: מספר מסלול | C1: שם מנפיק | D1: מספר מנפיק | E1: סוג מספר מזהה מנפיק | F1: שם נייר ערך | G1: מספר נייר ערך | H1: סוג מספר נייר ערך | I1: מאפיין עיקרי | J1: ישראל/חו"ל | K1: מדינה לפי חשיפה כלכלית | L1: סטאטוס סחירות | M1: זירת מסחר | N1: ענף מסחר | O1: בעל עניין/צד קשור | P1: דירוג | Q1: שם מדרג | R1: דירוג נייר הערך/המנפיק | S1: מטבע פעילות | T1: מח"מ | U1: מועד פדיון | V1: שיעור ריבית | W1: תשואה לפדיון | X1: נחיתות חוזית | Y1: האם סווג כחוב בעייתי | Z1: ערך נקוב (יחידות) | AA1: שער חליפין | AB1: שער נייר הערך | AC1: סכום לקבל (במטבע הפעילות) | AD1: שווי הוגן (באלפי ש"ח) | AE1: עלות מופחתת (באלפי ש"ח) | AF1: עלות מופחתת (במטבע הפעילות) | AG1: השיטה שיושמה בדוח הכספי | AH1: שיעור מערך נקוב מונפק | AI1: שיעור מנכסי אפיק ההשקעה | AJ1: שיעור מסך נכסי ההשקעה
A2: 161 | B2: 1434 | C2: איי.די.איי. הנפקות (2010) בע"מ | D2: 514486042 | E2: ח.פ. | F2: איידיאיי הנ הת ז | G2: IL0012293507 | H2: ISIN | I2: לא צמוד למדד המחירים לצרכן | J2: ישראל | K2: ישראל | L2: סחיר | M2: TASE | N2: ביטוח | O2: לא | P2: A2 | Q2: מידרוג Moodys | R2: נייר ערך | S2: ILS | T2: 5.369 | U2: 22/09/2035 | V2: 0.0513 | W2: 0.04094 | X2: החוב לא נחות | Y2: לא | Z2: 60000 | AA2: 1 | AB2: 107.26 | AD2: 64.356 | AG2: שווי הוגן | AH2: 0.000176 | AI2: 0.0095715274 | AJ2: 0.002729544
A3: 161 | B3: 1434 | C3: איירפורט סיטי בע"מ | D3: 511659401 | E3: ח.פ. | F3: איירפורט אגח ה | G3: IL0011334872 | H3: ISIN | I3: צמוד למדד המחירים לצרכן | J3: ישראל | K3: ישראל | L3: סחיר | M3: TASE | N3: נדל"ן מניב בישראל | O3: לא | P3: AA | Q3: S&P מעלות | R3: נייר ערך | S3: ILS | T3: 1.630 | U3: 28/02/2029 | V3: 0.0234 | W3: 0.02438 | X3: החוב לא נחות | Y3: לא | Z3: 54563.69 | AA3: 1 | AB3: 119.82 | AD3: 65.378 | AG3: שווי הוגן | AH3: 4.7e-05 | AI3: 0.009723559 | AJ3: 0.0027728994
A4: 161 | B4: 1434 | C4: איירפורט סיטי בע"מ | D4: 511659401 | E4: ח.פ. | F4: איירפורט אגח י | G4: IL0011959819 | H4: ISIN | I4: לא צמוד למדד המחירים לצרכן | J4: ישראל | K4: ישראל | L4: סחיר | M4: TASE | N4: נדל"ן מניב בישראל | O4: לא | P4: AA | Q4: S&P מעלות | R4: נייר ערך | S4: ILS | T4: 1.750 | U4: 30/04/2029 | V4: 0.05 | W4: 0.03822 | X4: החוב לא נחות | Y4: לא | Z4: 68035.72 | AA4: 1 | AB4: 102.96 | AD4: 70.05 | AG4: שווי הוגן | AH4: 0.000161 | AI4: 0.010418321 | AJ4: 0.0029710269
A5: 161 | B5: 1434 | C5: אלבר שירותי מימונית בע"מ | D5: 512025891 | E5: ח.פ. | F5: אלבר אגח כ | G5: IL0011918328 | H5: ISIN | I5: לא צמוד למדד המחירים לצרכן | J5: ישראל | K5: ישראל | L5: סחיר | M5: TASE | N5: שרותים | O5: לא | P5: A+ | Q5: S&P מעלות | R5: נייר ערך | S5: ILS | T5: 1.063 | U5: 20/06/2028 | V5: 0.057 | W5: 0.042 | X5: החוב לא נחות | Y5: לא | Z5: 9200 | AA5: 1 | AB5: 101.83 | AD5: 9.368 | AG5: שווי הוגן | AH5: 1.8e-05 | AI5: 0.0013933357 | AJ5: 0.00039734215
A6: 161 | B6: 1434 | C6: אלוני-חץ נכסים והשקעות בע"מ | D6: 520038506 | E6: ח.פ. | F6: אלוני חץ אגח טו | G6: IL0011894149 | H6: ISIN | I6: צמוד למדד המחירים לצרכן | J6: ישראל | K6: ישראל | L6: סחיר | M6: TASE | N6: נדל"ן מניב בישראל | O6: לא | P6: AA- | Q6: S&P מעלות | R6: נייר ערך | S6: ILS | T6: 5.634 | U6: 27/02/2037 | V6: 0.0256 | W6: 0.0269 | X6: החוב לא נחות | Y6: לא | Z6: 45000 | AA6: 1 | AB6: 111.44 | AD6: 50.148 | AG6: שווי הוגן | AH6: 4.3e-05 | AI6: 0.0074584026 | AJ6: 0.0021269373
A7: 161 | B7: 1434 | C7: אלוני-חץ נכסים והשקעות בע"מ | D7: 520038506 | E7: ח.פ. | F7: אלוני חץ אגח יב | G7: IL0039004952 | H7: ISIN | I7: לא צמוד למדד המחירים לצרכן | J7: ישראל | K7: ישראל | L7: סחיר | M7: TASE | N7: נדל"ן מניב בישראל | O7: לא | P7: AA- | Q7: S&P מעלות | R7: נייר ערך | S7: ILS | T7: 2.795 | U7: 28/02/2031 | V7: 0.0241 | W7: 0.03944 | X7: החוב לא נחות | Y7: לא | Z7: 80000 | AA7: 1 | AB7: 96.69 | AD7: 77.352 | AG7: שווי הוגן | AH7: 3.9e-05 | AI7: 0.011504394 | AJ7: 0.003280746
A8: 161 | B8: 1434 | C8: אלקטרה בע"מ | D8: 520028911 | E8: ח.פ. | F8: אלקטרה אגח ה | G8: IL0073902228 | H8: ISIN | I8: לא צמוד למדד המחירים לצרכן | J8: ישראל | K8: ישראל | L8: סחיר | M8: TASE | N8: השקעה ואחזקות | O8: לא | P8: A+ | Q8: S&P מעלות | R8: נייר ערך | S8: ILS | T8: 2.349 | U8: 10/01/2031 | V8: 0.04 | W8: 0.04014 | X8: החוב לא נחות | Y8: לא | Z8: 35714.3 | AA8: 1 | AB8: 101.95 | AD8: 36.411 | AG8: שווי הוגן | AH8: 7.4e-05 | AI8: 0.0054152882 | AJ8: 0.0015442956
A9: 161 | B9: 1434 | C9: אמות השקעות בע"מ | D9: 520026683 | E9: ח.פ. | F9: אמות אגח ו | G9: IL0011586091 | H9: ISIN | I9: צמוד למדד המחירים לצרכן | J9: ישראל | K9: ישראל | L9: סחיר | M9: TASE | N9: נדל"ן מניב בישראל | O9: לא | P9: AA | Q9: S&P מעלות | R9: נייר ערך | S9: ILS | T9: 1.883 | U9: 03/10/2029 | V9: 0.0114 | W9: 0.02376 | X9: החוב לא נחות | Y9: לא | Z9: 98100 | AA9: 1 | AB9: 115.86 | AD9: 113.659 | AG9: שווי הוגן | AH9: 4.6e-05 | AI9: 0.016904204 | AJ9: 0.0048206277
A10: 161 | B10: 1434 | C10: אמות השקעות בע"מ | D10: 520026683 | E10: ח.פ. | F10: אמות אגח ז | G10: IL0011628661 | H10: ISIN | I10: לא צמוד למדד המחירים לצרכן | J10: ישראל | K10: ישראל | L10: סחיר | M10: TASE | N10: נדל"ן מניב בישראל | O10: לא | P10: AA | Q10: S&P מעלות | R10: נייר ערך | S10: ILS | T10: 3.795 | U10: 05/01/2032 | V10: 0.0244 | W10: 0.03931 | X10: החוב לא נחות | Y10: לא | Z10: 160000 | AA10: 1 | AB10: 95.76 | AD10: 153.216 | AG10: שווי הוגן | AH10: 0.000132 | AI10: 0.022787481 | AJ10: 0.0064983812
A11: 161 | B11: 1434 | C11: אמות השקעות בע"מ | D11: 520026683 | E11: ח.פ. | F11: אמות אגח ח | G11: IL0011727828 | H11: ISIN | I11: צמוד למדד המחירים לצרכן | J11: ישראל | K11: ישראל | L11: סחיר | M11: TASE | N11: נדל"ן מניב בישראל | O11: לא | P11: AA | Q11: S&P מעלות | R11: נייר ערך | S11: ILS | T11: 3.919 | U11: 05/01/2032 | V11: 0.0092 | W11: 0.02402 | X11: החוב לא נחות | Y11: לא | Z11: 70000 | AA11: 1 | AB11: 113.4 | AD11: 79.38 | AG11: שווי הוגן | AH11: 2.7e-05 | AI11: 0.011806014 | AJ11: 0.00336676
A12: 161 | B12: 1434 | C12: אנלייט אנרגיה מתחדשת בע"מ | D12: 520041146 | E12: ח.פ. | F12: אנלייט אנר אגח ו | G12: IL0072001733 | H12: ISIN | I12: לא צמוד למדד המחירים לצרכן | J12: ישראל | K12: ארה"ב | L12: סחיר | M12: TASE | N12: אנרגיה מתחדשת | O12: לא | P12: A | Q12: S&P מעלות | R12: נייר ערך | S12: ILS | T12: 0.167 | U12: 01/09/2026 | V12: 0.0345 | W12: 0.0518 | X12: החוב לא נחות | Y12: לא | Z12: 77490.19 | AA12: 1 | AB12: 100.87 | AD12: 78.164 | AG12: שווי הוגן | AH12: 0.000139 | AI12: 0.011625214 | AJ12: 0.0033152006
A13: 161 | B13: 1434 | C13: אנלייט אנרגיה מתחדשת בע"מ | D13: 520041146 | E13: ח.פ. | F13: אנלייט אנרגיה אגח ד | G13: IL0072002566 | H13: ISIN | I13: לא צמוד למדד המחירים לצרכן | J13: ישראל | K13: ארה"ב | L13: סחיר | M13: TASE | N13: אנרגיה מתחדשת | O13: לא | P13: A | Q13: S&P מעלות | R13: נייר ערך | S13: ILS | T13: 2.100 | U13: 02/09/2029 | V13: 0.015 | W13: 0.04078 | X13: החוב לא נחות | Y13: לא | Z13: 26000 | AA13: 1 | AB13: 95.32 | AD13: 24.783 | AG13: שווי הוגן | AH13: 2.2e-05 | AI13: 0.0036859512 | AJ13: 0.0010511349
... A56: 161 | B56: 1434 | C56: מזרחי טפחות חברה להנפקות בע"מ | D56: 520032046 | E56: ח.פ. | F56: מז טפ הנפ אגח61 | G56: IL0023104644 | H56: ISIN | I56: צמוד למדד המחירים לצרכן | J56: ישראל | K56: ישראל | L56: סחיר | M56: TASE | N56: בנקים | O56: לא | P56: Aaa | Q56: מידרוג Moodys | R56: נייר ערך | S56: ILS | T56: 0.425 | U56: 04/12/2026 | V56: 0.005 | W56: 0.0295 | X56: החוב לא נחות | Y56: לא | Z56: 39000 | AA56: 1 | AB56: 117.27 | AD56: 45.735 | AG56: שווי הוגן | AH56: 5.1e-05 | AI56: 0.0068021114 | AJ56: 0.0019397805
A57: 161 | B57: 1434 | C57: מזרחי טפחות חברה להנפקות בע"מ | D57: 520032046 | E57: ח.פ. | F57: מז טפ הנפק 52 | G57: IL0023103810 | H57: ISIN | I57: צמוד למדד המחירים לצרכן | J57: ישראל | K57: ישראל | L57: סחיר | M57: TASE | N57: בנקים | O57: לא | P57: AAA | Q57: S&P מעלות | R57: נייר ערך | S57: ILS | T57: 3.987 | U57: 01/07/2030 | V57: 0.002 | W57: 0.02224 | X57: החוב לא נחות | Y57: לא | Z57: 356000 | AA57: 1 | AB57: 110.28 | AC57: 0.85 | AD57: 393.447 | AG57: שווי הוגן | AH57: 0.000103 | AI57: 0.058516539 | AJ57: 0.016687354
A58: 161 | B58: 1434 | C58: מזרחי טפחות חברה להנפקות בע"מ | D58: 520032046 | E58: ח.פ. | F58: מזרחי טפ הנפק התח 73 | G58: IL0012430968 | H58: ISIN | I58: צמוד למדד המחירים לצרכן | J58: ישראל | K58: ישראל | L58: סחיר | M58: TASE | N58: בנקים | O58: לא | P58: AA- | Q58: S&P מעלות | R58: נייר ערך | S58: ILS | T58: 5.131 | U58: 08/12/2031 | V58: 0.0261 | W58: 0.0243 | X58: החוב לא נחות | Y58: לא | Z58: 60000 | AA58: 1 | AB58: 100.79 | AD58: 60.474 | AG58: שווי הוגן | AH58: 0.00012 | AI58: 0.008994166 | AJ58: 0.002564896
A59: 161 | B59: 1434 | C59: מזרחי טפחות חברה להנפקות בע"מ | D59: 520032046 | E59: ח.פ. | F59: מזרחי טפחות הנ אגח 72 | G59: IL0012430885 | H59: ISIN | I59: לא צמוד למדד המחירים לצרכן | J59: ישראל | K59: ישראל | L59: סחיר | M59: TASE | N59: בנקים | O59: לא | P59: AAA | Q59: S&P מעלות | R59: נייר ערך | S59: ILS | T59: 3.700 | U59: 08/06/2033 | V59: 0.0396 | W59: 0.03896 | X59: החוב לא נחות | Y59: לא | Z59: 60000 | AA59: 1 | AB59: 100.47 | AD59: 60.282 | AG59: שווי הוגן | AH59: 2e-05 | AI59: 0.0089656103 | AJ59: 0.0025567527
A60: 161 | B60: 1434 | C60: מזרחי טפחות חברה להנפקות בע"מ | D60: 520032046 | E60: ח.פ. | F60: מזרחי טפחות הנפק אגח 64 | G60: IL0023105559 | H60: ISIN | I60: צמוד למדד המחירים לצרכן | J60: ישראל | K60: ישראל | L60: סחיר | M60: TASE | N60: בנקים | O60: לא | P60: AAA | Q60: S&P מעלות | R60: נייר ערך | S60: ILS | T60: 2.737 | U60: 13/04/2031 | V60: 0.001 | W60: 0.02143 | X60: החוב לא נחות | Y60: לא | Z60: 81432.76 | AA60: 1 | AB60: 108.95 | AD60: 88.721 | AG60: שווי הוגן | AH60: 4.4e-05 | AI60: 0.01319528 | AJ60: 0.0037629414
A61: 161 | B61: 1434 | C61: מימון ישיר מקבוצת ישיר 2006 בע"מ | D61: 513893123 | E61: ח.פ. | F61: מימון ישיר אגח ה | G61: IL0011828311 | H61: ISIN | I61: צמוד למדד המחירים לצרכן | J61: ישראל | K61: ישראל | L61: סחיר | M61: TASE | N61: אשראי חוץ בנקאי | O61: לא | P61: A1 | Q61: מידרוג Moodys | R61: נייר ערך | S61: ILS | T61: 2.332 | U61: 31/07/2031 | V61: 0.01 | W61: 0.02606 | X61: החוב לא נחות | Y61: לא | Z61: 62095.82 | AA61: 1 | AB61: 112.64 | AD61: 69.945 | AG61: שווי הוגן | AH61: 3.7e-05 | AI61: 0.010402727 | AJ61: 0.0029665801
A62: 161 | B62: 1434 | C62: מימון ישיר מקבוצת ישיר 2006 בע"מ | D62: 513893123 | E62: ח.פ. | F62: מימון ישיר אגח ו | G62: IL0011916595 | H62: ISIN | I62: צמוד למדד המחירים לצרכן | J62: ישראל | K62: ישראל | L62: סחיר | M62: TASE | N62: אשראי חוץ בנקאי | O62: לא | P62: A1 | Q62: מידרוג Moodys | R62: נייר ערך | S62: ILS | T62: 0.491 | U62: 31/03/2027 | V62: 0.0354 | W62: 0.03702 | X62: החוב לא נחות | Y62: לא | Z62: 24000 | AA62: 1 | AB62: 111.7 | AD62: 26.808 | AG62: שווי הוגן | AH62: 4.3e-05 | AI62: 0.0039870953 | AJ62: 0.0011370131
A63: 161 | B63: 1434 | C63: מליסרון בע"מ | D63: 520037789 | E63: ח.פ. | F63: מליסרון אגח יט | G63: IL0032303989 | H63: ISIN | I63: צמוד למדד המחירים לצרכן | J63: ישראל | K63: ישראל | L63: סחיר | M63: TASE | N63: נדל"ן מניב בישראל | O63: לא | P63: AA | Q63: S&P מעלות | R63: נייר ערך | S63: ILS | T63: 2.862 | U63: 01/07/2029 | V63: 0.0143 | W63: 0.02272 | X63: החוב לא נחות | Y63: לא | Z63: 98079.47 | AA63: 1 | AB63: 116.54 | AC63: 2.176 | AD63: 116.478 | AG63: שווי הוגן | AH63: 5.2e-05 | AI63: 0.017323499 | AJ63: 0.0049401992
A64: 161 | B64: 1434 | C64: מליסרון בע"מ | D64: 520037789 | E64: ח.פ. | F64: מליסרון אגח כא | G64: IL0011946386 | H64: ISIN | I64: צמוד למדד המחירים לצרכן | J64: ישראל | K64: ישראל | L64: סחיר | M64: TASE | N64: נדל"ן מניב בישראל | O64: לא | P64: AA | Q64: S&P מעלות | R64: נייר ערך | S64: ILS | T64: 5.010 | U64: 01/01/2037 | V64: 0.0361 | W64: 0.02533 | X64: החוב לא נחות | Y64: לא | Z64: 135461.41 | AA64: 1 | AB64: 115.48 | AC64: 5.907 | AD64: 162.338 | AG64: שווי הוגן | AH64: 4.4e-05 | AI64: 0.024144137 | AJ64: 0.0068852633
A65: 161 | B65: 1434 | C65: מליסרון בע"מ | D65: 520037789 | E65: ח.פ. | F65: מליסרון אגח יז | G65: IL0032302734 | H65: ISIN | I65: צמוד למדד המחירים לצרכן | J65: ישראל | K65: ישראל | L65: סחיר | M65: TASE | N65: נדל"ן מניב בישראל | O65: לא | P65: AA | Q65: S&P מעלות | R65: נייר ערך | S65: ILS | T65: 2.890 | U65: 01/01/2032 | V65: 0.0225 | W65: 0.02399 | X65: החוב לא נחות | Y65: לא | Z65: 77916.66 | AA65: 1 | AB65: 120.4 | AC65: 9.717 | AD65: 103.529 | AG65: שווי הוגן | AH65: 5.3e-05 | AI65: 0.015397657 | AJ65: 0.0043910006
A66: 161 | B66: 1434 | C66: מליסרון בע"מ | D66: 520037789 | E66: ח.פ. | F66: מליסרון אגח כ | G66: IL0032304227 | H66: ISIN | I66: צמוד למדד המחירים לצרכן | J66: ישראל | K66: ישראל | L66: סחיר | M66: TASE | N66: נדל"ן מניב בישראל | O66: לא | P66: AA | Q66: S&P מעלות | R66: נייר ערך | S66: ILS | T66: 3.808 | U66: 01/07/2030 | V66: 0.0025 | W66: 0.0239 | X66: החוב לא נחות | Y66: לא | Z66: 79108.24 | AA66: 1 | AB66: 108.03 | AC66: 1.22 | AD66: 86.68 | AG66: שווי הוגן | AH66: 6.1e-05 | AI66: 0.0128918 | AJ66: 0.0036763972
A67: 161 | B67: 1434 | C67: מליסרון בע"מ | D67: 520037789 | E67: ח.פ. | F67: מליסרון אגח כב | G67: IL0012332388 | H67: ISIN | I67: צמוד למדד המחירים לצרכן | J67: ישראל | K67: ישראל | L67: סחיר | M67: TASE | N67: נדל"ן מניב בישראל | O67: לא | P67: AA | Q67: S&P מעלות | R67: נייר ערך | S67: ILS | T67: 7.021 | U67: 10/07/2040 | V67: 0.0295 | W67: 0.02627 | X67: החוב לא נחות | Y67: לא | Z67: 35000 | AA67: 1 | AB67: 104.73 | AD67: 36.656 | AG67: שווי הוגן | AH67: 7.9e-05 | AI67: 0.0054516925 | AJ67: 0.0015546771
A68: 161 | B68: 1434 | C68: מנורה מבטחים גיוס הון בע"מ | D68: 513937714 | E68: ח.פ. | F68: מנורה הון אגח ז | G68: IL0011841918 | H68: ISIN | I68: לא צמוד למדד המחירים לצרכן | J68: ישראל | K68: ישראל | L68: סחיר | M68: TASE | N68: ביטוח | O68: לא | P68: Aa3 | Q68: מידרוג Moodys | R68: נייר ערך | S68: ILS | T68: 4.240 | U68: 31/12/2030 | V68: 0.0298 | W68: 0.03875 | X68: החוב לא נחות | Y68: לא | Z68: 110000 | AA68: 1 | AB68: 96.48 | AD68: 106.128 | AG68: שווי הוגן | AH68: 0.00028 | AI68: 0.015784186 | AJ68: 0.0045012283
A69: 161 | B69: 1434 | C69: מנורה מבטחים גיוס הון בע"מ | D69: 513937714 | E69: ח.פ. | F69: מנורה הון התח סד' י | G69: IL0012290040 | H69: ISIN | I69: לא צמוד למדד המחירים לצרכן | J69: ישראל | K69: ישראל | L69: סחיר | M69: TASE | N69: ביטוח | O69: לא | P69: A1 | Q69: מידרוג Moodys | R69: נייר ערך | S69: ILS | T69: 7.605 | U69: 30/11/2035 | V69: 0.0518 | W69: 0.04427 | X69: החוב לא נחות | Y69: לא | Z69: 70000 | AA69: 1 | AB69: 106.55 | AD69: 74.585 | AG69: שווי הוגן | AH69: 8.7e-05 | AI69: 0.011092864 | AJ69: 0.0031633887
A70: 161 | B70: 1434 | C70: קבוצת עזריאלי בע"מ (לשעבר קנית מימון) | D70: 510960719 | E70: ח.פ. | F70: עזריאלי אגח ד | G70: IL0011386500 | H70: ISIN | I70: צמוד למדד המחירים לצרכן | J70: ישראל | K70: ישראל | L70: סחיר | M70: TASE | N70: נדל"ן מניב בישראל | O70: לא | P70: AA+ | Q70: S&P מעלות | R70: נייר ערך | S70: ILS | T70: 2.215 | U70: 05/07/2030 | V70: 0.0134 | W70: 0.02307 | X70: החוב לא נחות | Y70: לא | Z70: 77500 | AA70: 1 | AB70: 118.34 | AC70: 12.415 | AD70: 104.129 | AG70: שווי הוגן | AH70: 4.4e-05 | AI70: 0.015486877 | AJ70: 0.0044164439
A71: 161 | B71: 1434 | C71: קבוצת עזריאלי בע"מ (לשעבר קנית מימון) | D71: 510960719 | E71: ח.פ. | F71: עזריאלי אגח ז | G71: IL0011786725 | H71: ISIN | I71: צמוד למדד המחירים לצרכן | J71: ישראל | K71: ישראל | L71: סחיר | M71: TASE | N71: נדל"ן מניב בישראל | O71: לא | P71: AA+ | Q71: S&P מעלות | R71: נייר ערך | S71: ILS | T71: 5.628 | U71: 02/07/2036 | V71: 0.009 | W71: 0.02355 | X71: החוב לא נחות | Y71: לא | Z71: 237036.67 | AA71: 1 | AB71: 108.4 | AC71: 7.209 | AD71: 264.157 | AG71: שווי הוגן | AH71: 9e-05 | AI71: 0.039287455 | AJ71: 0.011203733
A72: 161 | B72: 1434 | C72: בנק הפועלים בע"מ | D72: 520000118 | E72: ח.פ. | F72: פועלים אגח 100 | G72: IL0066204889 | H72: ISIN | I72: לא צמוד למדד המחירים לצרכן | J72: ישראל | K72: ישראל | L72: סחיר | M72: TASE | N72: בנקים | O72: לא | P72: AAA | Q72: S&P מעלות | R72: נייר ערך | S72: ILS | T72: 2.767 | U72: 09/12/2031 | V72: 0.025 | W72: 0.03722 | X72: החוב לא נחות | Y72: לא | Z72: 127500.01 | AA72: 1 | AB72: 98.1 | AD72: 125.078 | AG72: שווי הוגן | AH72: 7.3e-05 | AI72: 0.018602505 | AJ72: 0.0053049377
A73: 161 | B73: 1434 | C73: בנק הפועלים בע"מ | D73: 520000118 | E73: ח.פ. | F73: פועלים אגח 200 | G73: IL0066204962 | H73: ISIN | I73: צמוד למדד המחירים לצרכן | J73: ישראל | K73: ישראל | L73: סחיר | M73: TASE | N73: בנקים | O73: לא | P73: AAA | Q73: S&P מעלות | R73: נייר ערך | S73: ILS | T73: 2.877 | U73: 09/12/2031 | V73: 0.001 | W73: 0.02107 | X73: החוב לא נחות | Y73: לא | Z73: 88377 | AA73: 1 | AB73: 109.94 | AD73: 97.162 | AG73: שווי הוגן | AH73: 0.000105 | AI73: 0.014450644 | AJ73: 0.0041209377
A74: 161 | B74: 1434 | C74: בנק הפועלים בע"מ | D74: 520000118 | E74: ח.פ. | F74: פועלים אגח 201 | G74: IL0011913451 | H74: ISIN | I74: צמוד למדד המחירים לצרכן | J74: ישראל | K74: ישראל | L74: סחיר | M74: TASE | N74: בנקים | O74: לא | P74: AAA | Q74: S&P מעלות | R74: נייר ערך | S74: ILS | T74: 3.275 | U74: 29/11/2032 | V74: 0.0139 | W74: 0.02169 | X74: החוב לא נחות | Y74: לא | Z74: 111377.78 | AA74: 1 | AB74: 108.9 | AD74: 121.29 | AG74: שווי הוגן | AH74: 3.6e-05 | AI74: 0.018039257 | AJ74: 0.0051443144
A75: 161 | B75: 1434 | C75: בנק הפועלים בע"מ | D75: 520000118 | E75: ח.פ. | F75: פועלים אגח 202 | G75: IL0011998502 | H75: ISIN | I75: צמוד למדד המחירים לצרכן | J75: ישראל | K75: ישראל | L75: סחיר | M75: TASE | N75: בנקים | O75: לא | P75: AAA | Q75: S&P מעלות | R75: נייר ערך | S75: ILS | T75: 1.320 | U75: 30/04/2028 | V75: 0.006 | W75: 0.02216 | X75: החוב לא נחות | Y75: לא | Z75: 36109.75 | AA75: 1 | AB75: 118 | AD75: 42.61 | AG75: שווי הוגן | AH75: 8.1e-05 | AI75: 0.0063372187 | AJ75: 0.0018072056
A76: 161 | B76: 1434 | C76: בנק הפועלים בע"מ | D76: 520000118 | E76: ח.פ. | F76: פועלים אגח 203 | G76: IL0011998684 | H76: ISIN | I76: צמוד למדד המחירים לצרכן | J76: ישראל | K76: ישראל | L76: סחיר | M76: TASE | N76: בנקים | O76: לא | P76: AAA | Q76: S&P מעלות | R76: נייר ערך | S76: ILS | T76: 2.347 | U76: 02/12/2030 | V76: 0.0175 | W76: 0.02183 | X76: החוב לא נחות | Y76: לא | Z76: 104491.31 | AA76: 1 | AB76: 118.62 | AD76: 123.948 | AG76: שווי הוגן | AH76: 5.6e-05 | AI76: 0.018434455 | AJ76: 0.0052570143
A77: 161 | B77: 1434 | C77: בנק הפועלים בע"מ | D77: 520000118 | E77: ח.פ. | F77: פועלים אגח 204 | G77: IL0012274531 | H77: ISIN | I77: צמוד למדד המחירים לצרכן | J77: ישראל | K77: ישראל | L77: סחיר | M77: TASE | N77: בנקים | O77: לא | P77: AAA | Q77: S&P מעלות | R77: נייר ערך | S77: ILS | T77: 4.271 | U77: 21/08/2035 | V77: 0.0261 | W77: 0.02233 | X77: החוב לא נחות | Y77: לא | Z77: 70000 | AA77: 1 | AB77: 105.16 | AD77: 73.612 | AG77: שווי הוגן | AH77: 2e-05 | AI77: 0.010948152 | AJ77: 0.0031221206
A78: 161 | B78: 1434 | C78: בנק הפועלים בע"מ | D78: 520000118 | E78: ח.פ. | F78: פועלים התח נד יב | G78: IL0012141219 | H78: ISIN | I78: צמוד למדד המחירים לצרכן | J78: ישראל | K78: ישראל | L78: סחיר | M78: TASE | N78: בנקים | O78: לא | P78: AA- | Q78: S&P מעלות | R78: נייר ערך | S78: ILS | T78: 5.775 | U78: 28/11/2032 | V78: 0.0345 | W78: 0.02407 | X78: החוב לא נחות | Y78: לא | Z78: 50000 | AA78: 1 | AB78: 111.57 | AD78: 55.785 | AG78: שווי הוגן | AH78: 3.4e-05 | AI78: 0.0082967813 | AJ78: 0.0023660205
A79: 161 | B79: 1434 | C79: פורמולה מערכות (1985)בע"מ | D79: 520036690 | E79: ח.פ. | F79: פורמולה אג"ח ג | G79: IL0025602090 | H79: ISIN | I79: לא צמוד למדד המחירים לצרכן | J79: ישראל | K79: ישראל | L79: סחיר | M79: TASE | N79: שרותי מידע | O79: לא | P79: AA- | Q79: S&P מעלות | R79: נייר ערך | S79: ILS | T79: 0.416 | U79: 01/12/2026 | V79: 0.0229 | W79: 0.04394 | X79: החוב לא נחות | Y79: לא | Z79: 10961.54 | AA79: 1 | AB79: 99.35 | AD79: 10.89 | AG79: שווי הוגן | AH79: 6.6e-05 | AI79: 0.0016196891 | AJ79: 0.00046189207
A80: 161 | B80: 1434 | C80: פז קמעונאות ואנרגיה בע"מ | D80: 510216054 | E80: ח.פ. | F80: פז נפט ו | G80: IL0011395428 | H80: ISIN | I80: צמוד למדד המחירים לצרכן | J80: ישראל | K80: ישראל | L80: סחיר | M80: TASE | N80: אנרגיה | O80: לא | P80: AA- | Q80: S&P מעלות | R80: נייר ערך | S80: ILS | T80: 1.394 | U80: 30/11/2028 | V80: 0.0194 | W80: 0.02194 | X80: החוב לא נחות | Y80: לא | Z80: 24015.36 | AA80: 1 | AB80: 120.06 | AD80: 28.833 | AG80: שווי הוגן | AH80: 0.000133 | AI80: 0.0042882455 | AJ80: 0.0012228931
A81: 161 | B81: 1434 | C81: קרסו מוטורס בע"מ | D81: 514065283 | E81: ח.פ. | F81: קרסו מוטורס אגח ד | G81: IL0011735664 | H81: ISIN | I81: לא צמוד למדד המחירים לצרכן | J81: ישראל | K81: ישראל | L81: סחיר | M81: TASE | N81: מסחר | O81: לא | P81: AA- | Q81: S&P מעלות | R81: נייר ערך | S81: ILS | T81: 1.229 | U81: 01/10/2028 | V81: 0.0215 | W81: 0.04009 | X81: החוב לא נחות | Y81: לא | Z81: 72095.89 | AA81: 1 | AB81: 97.82 | AC81: 8.414 | AD81: 78.939 | AG81: שווי הוגן | AH81: 0.000147 | AI81: 0.011740373 | AJ81: 0.0033480409
A82: 161 | B82: 1434 | C82: ריט 1 בע"מ | D82: 513821488 | E82: ח.פ. | F82: ריט 1 ח | G82: IL0012240961 | H82: ISIN | I82: צמוד למדד המחירים לצרכן | J82: ישראל | K82: ישראל | L82: סחיר | M82: TASE | N82: נדל"ן מניב בישראל | O82: לא | P82: AA | Q82: S&P מעלות | R82: נייר ערך | S82: ILS | T82: 7.599 | U82: 20/09/2038 | V82: 0.04 | W82: 0.02693 | X82: החוב לא נחות | Y82: לא | Z82: 30000 | AA82: 1 | AB82: 113.67 | AD82: 34.101 | AG82: שווי הוגן | AH82: 4.5e-05 | AI82: 0.0050717673 | AJ82: 0.0014463326
A83: 161 | B83: 1434 | C83: ריט 1 בע"מ | D83: 513821488 | E83: ח.פ. | F83: ריט 1 אגח ז | G83: IL0011712713 | H83: ISIN | I83: צמוד למדד המחירים לצרכן | J83: ישראל | K83: ישראל | L83: סחיר | M83: TASE | N83: נדל"ן מניב בישראל | O83: לא | P83: AA | Q83: S&P מעלות | R83: נייר ערך | S83: ILS | T83: 5.164 | U83: 20/09/2034 | V83: 0.025 | W83: 0.02416 | X83: החוב לא נחות | Y83: לא | Z83: 19950 | AA83: 1 | AB83: 120.75 | AD83: 24.09 | AG83: שווי הוגן | AH83: 1.5e-05 | AI83: 0.0035827974 | AJ83: 0.0010217181
A84: 161 | B84: 1434 | C84: שיכון ובינוי אנרגיה בע"מ | D84: 510459928 | E84: ח.פ. | F84: שיכון ובינוי אנרגיה אגח א' | G84: IL0011985715 | H84: ISIN | I84: לא צמוד למדד המחירים לצרכן | J84: ישראל | K84: ישראל | L84: סחיר | M84: TASE | N84: אנרגיה | O84: לא | P84: A3 | Q84: מידרוג Moodys | R84: נייר ערך | S84: ILS | T84: 3.940 | U84: 30/06/2034 | V84: 0.0677 | W84: 0.04416 | X84: החוב לא נחות | Y84: לא | Z84: 98666.67 | AA84: 1 | AB84: 109.5 | AD84: 108.04 | AG84: שווי הוגן | AH84: 0.000164 | AI84: 0.016068554 | AJ84: 0.0045823225
A85: 161 | B85: 1434 | C85: ש.שלמה החזקות בע"מ | D85: 520034372 | E85: ח.פ. | F85: שלמה החז אגח כ | G85: IL0011927493 | H85: ISIN | I85: צמוד למדד המחירים לצרכן | J85: ישראל | K85: ישראל | L85: סחיר | M85: TASE | N85: שרותים | O85: לא | P85: AA | Q85: S&P מעלות | R85: נייר ערך | S85: ILS | T85: 2.733 | U85: 21/12/2031 | V85: 0.022 | W85: 0.02415 | X85: החוב לא נחות | Y85: לא | Z85: 68200.05 | AA85: 1 | AB85: 109.86 | AD85: 74.925 | AG85: שווי הוגן | AH85: 7e-05 | AI85: 0.011143369 | AJ85: 0.0031777912
A86: 161 | B86: 9938 | C86: איי.די.איי. הנפקות (2010) בע"מ | D86: 514486042 | E86: ח.פ. | F86: איידיאיי הנ הת ז | G86: IL0012293507 | H86: ISIN | I86: לא צמוד למדד המחירים לצרכן | J86: ישראל | K86: ישראל | L86: סחיר | M86: TASE | N86: ביטוח | O86: לא | P86: A2 | Q86: מידרוג Moodys | R86: נייר ערך | S86: ILS | T86: 5.369 | U86: 22/09/2035 | V86: 0.0513 | W86: 0.04094 | X86: החוב לא נחות | Y86: לא | Z86: 80000 | AA86: 1 | AB86: 107.26 | AD86: 85.808 | AG86: שווי הוגן | AH86: 0.000235 | AI86: 0.0062337429 | AJ86: 0.00092119881
A87: 161 | B87: 9938 | C87: איירפורט סיטי בע"מ | D87: 511659401 | E87: ח.פ. | F87: איירפורט אגח ה | G87: IL0011334872 | H87: ISIN | I87: צמוד למדד המחירים לצרכן | J87: ישראל | K87: ישראל | L87: סחיר | M87: TASE | N87: נדל"ן מניב בישראל | O87: לא | P87: AA | Q87: S&P מעלות | R87: נייר ערך | S87: ILS | T87: 1.630 | U87: 28/02/2029 | V87: 0.0234 | W87: 0.02438 | X87: החוב לא נחות | Y87: לא | Z87: 136322.12 | AA87: 1 | AB87: 119.82 | AD87: 163.341 | AG87: שווי הוגן | AH87: 0.000118 | AI87: 0.011866339 | AJ87: 0.0017535625
A88: 161 | B88: 9938 | C88: איירפורט סיטי בע"מ | D88: 511659401 | E88: ח.פ. | F88: איירפורט אגח י | G88: IL0011959819 | H88: ISIN | I88: לא צמוד למדד המחירים לצרכן | J88: ישראל | K88: ישראל | L88: סחיר | M88: TASE | N88: נדל"ן מניב בישראל | O88: לא | P88: AA | Q88: S&P מעלות | R88: נייר ערך | S88: ILS | T88: 1.750 | U88: 30/04/2029 | V88: 0.05 | W88: 0.03822 | X88: החוב לא נחות | Y88: לא | Z88: 218571.44 | AA88: 1 | AB88: 102.96 | AD88: 225.041 | AG88: שווי הוגן | AH88: 0.000517 | AI88: 0.016348694 | AJ88: 0.0024159478
A89: 161 | B89: 9938 | C89: אלבר שירותי מימונית בע"מ | D89: 512025891 | E89: ח.פ. | F89: אלבר אגח יט | G89: IL0011918245 | H89: ISIN | I89: צמוד למדד המחירים לצרכן | J89: ישראל | K89: ישראל | L89: סחיר | M89: TASE | N89: שרותים | O89: לא | P89: A+ | Q89: S&P מעלות | R89: נייר ערך | S89: ILS | T89: 0.978 | U89: 15/05/2028 | V89: 0.032 | W89: 0.02952 | X89: החוב לא נחות | Y89: לא | Z89: 22000 | AA89: 1 | AB89: 111.53 | AD89: 24.537 | AG89: שווי הוגן | AH89: 5e-05 | AI89: 0.0017825244 | AJ89: 0.00026341468
A90: 161 | B90: 9938 | C90: אלבר שירותי מימונית בע"מ | D90: 512025891 | E90: ח.פ. | F90: אלבר אגח כ | G90: IL0011918328 | H90: ISIN | I90: לא צמוד למדד המחירים לצרכן | J90: ישראל | K90: ישראל | L90: סחיר | M90: TASE | N90: שרותים | O90: לא | P90: A+ | Q90: S&P מעלות | R90: נייר ערך | S90: ILS | T90: 1.063 | U90: 20/06/2028 | V90: 0.057 | W90: 0.042 | X90: החוב לא נחות | Y90: לא | Z90: 21600 | AA90: 1 | AB90: 101.83 | AD90: 21.995 | AG90: שווי הוגן | AH90: 4.1e-05 | AI90: 0.0015979037 | AJ90: 0.00023613213
A91: 161 | B91: 9938 | C91: אלדן תחבורה בע"מ | D91: 510454333 | E91: ח.פ. | F91: אלדן תחבורה אגח ח | G91: IL0011924425 | H91: ISIN | I91: צמוד למדד המחירים לצרכן | J91: ישראל | K91: ישראל | L91: סחיר | M91: TASE | N91: שרותים | O91: לא | P91: A+ | Q91: S&P מעלות | R91: נייר ערך | S91: ILS | T91: 1.691 | U91: 30/09/2029 | V91: 0.0323 | W91: 0.02548 | X91: החוב לא נחות | Y91: לא | Z91: 36040 | AA91: 1 | AB91: 112.85 | AD91: 40.671 | AG91: שווי הוגן | AH91: 8.6e-05 | AI91: 0.0029546596 | AJ91: 0.00043662836
A92: 161 | B92: 9938 | C92: אלוני-חץ נכסים והשקעות בע"מ | D92: 520038506 | E92: ח.פ. | F92: אלוני חץ אגח טו | G92: IL0011894149 | H92: ISIN | I92: צמוד למדד המחירים לצרכן | J92: ישראל | K92: ישראל | L92: סחיר | M92: TASE | N92: נדל"ן מניב בישראל | O92: לא | P92: AA- | Q92: S&P מעלות | R92: נייר ערך | S92: ILS | T92: 5.634 | U92: 27/02/2037 | V92: 0.0256 | W92: 0.0269 | X92: החוב לא נחות | Y92: לא | Z92: 130000 | AA92: 1 | AB92: 111.44 | AD92: 144.872 | AG92: שווי הוגן | AH92: 0.000124 | AI92: 0.010524599 | AJ92: 0.0015552852
A93: 161 | B93: 9938 | C93: אלוני-חץ נכסים והשקעות בע"מ | D93: 520038506 | E93: ח.פ. | F93: אלוני חץ אגח יב | G93: IL0039004952 | H93: ISIN | I93: לא צמוד למדד המחירים לצרכן | J93: ישראל | K93: ישראל | L93: סחיר | M93: TASE | N93: נדל"ן מניב בישראל | O93: לא | P93: AA- | Q93: S&P מעלות | R93: נייר ערך | S93: ILS | T93: 2.795 | U93: 28/02/2031 | V93: 0.0241 | W93: 0.03944 | X93: החוב לא נחות | Y93: לא | Z93: 150000 | AA93: 1 | AB93: 96.69 | AD93: 145.035 | AG93: שווי הוגן | AH93: 7.3e-05 | AI93: 0.010536441 | AJ93: 0.0015570351
... A155: 161 | B155: 9938 | C155: מימון ישיר מקבוצת ישיר 2006 בע"מ | D155: 513893123 | E155: ח.פ. | F155: מימון ישיר אגח ו | G155: IL0011916595 | H155: ISIN | I155: צמוד למדד המחירים לצרכן | J155: ישראל | K155: ישראל | L155: סחיר | M155: TASE | N155: אשראי חוץ בנקאי | O155: לא | P155: A1 | Q155: מידרוג Moodys | R155: נייר ערך | S155: ILS | T155: 0.491 | U155: 31/03/2027 | V155: 0.0354 | W155: 0.03702 | X155: החוב לא נחות | Y155: לא | Z155: 53500 | AA155: 1 | AB155: 111.7 | AD155: 59.76 | AG155: שווי הוגן | AH155: 9.6e-05 | AI155: 0.0043413826 | AJ155: 0.00064155301
A156: 161 | B156: 9938 | C156: מליסרון בע"מ | D156: 520037789 | E156: ח.פ. | F156: מליסרון אגח יט | G156: IL0032303989 | H156: ISIN | I156: צמוד למדד המחירים לצרכן | J156: ישראל | K156: ישראל | L156: סחיר | M156: TASE | N156: נדל"ן מניב בישראל | O156: לא | P156: AA | Q156: S&P מעלות | R156: נייר ערך | S156: ILS | T156: 2.862 | U156: 01/07/2029 | V156: 0.0143 | W156: 0.02272 | X156: החוב לא נחות | Y156: לא | Z156: 198709.67 | AA156: 1 | AB156: 116.54 | AC156: 4.409 | AD156: 235.985 | AG156: שווי הוגן | AH156: 0.000105 | AI156: 0.017143732 | AJ156: 0.0025334355
A157: 161 | B157: 9938 | C157: מליסרון בע"מ | D157: 520037789 | E157: ח.פ. | F157: מליסרון אגח כא | G157: IL0011946386 | H157: ISIN | I157: צמוד למדד המחירים לצרכן | J157: ישראל | K157: ישראל | L157: סחיר | M157: TASE | N157: נדל"ן מניב בישראל | O157: לא | P157: AA | Q157: S&P מעלות | R157: נייר ערך | S157: ILS | T157: 5.010 | U157: 01/01/2037 | V157: 0.0361 | W157: 0.02533 | X157: החוב לא נחות | Y157: לא | Z157: 134256.42 | AA157: 1 | AB157: 115.48 | AC157: 5.854 | AD157: 160.894 | AG157: שווי הוגן | AH157: 4.4e-05 | AI157: 0.011688534 | AJ157: 0.0017272871
A158: 161 | B158: 9938 | C158: מליסרון בע"מ | D158: 520037789 | E158: ח.פ. | F158: מליסרון אגח כ | G158: IL0032304227 | H158: ISIN | I158: צמוד למדד המחירים לצרכן | J158: ישראל | K158: ישראל | L158: סחיר | M158: TASE | N158: נדל"ן מניב בישראל | O158: לא | P158: AA | Q158: S&P מעלות | R158: נייר ערך | S158: ILS | T158: 3.808 | U158: 01/07/2030 | V158: 0.0025 | W158: 0.0239 | X158: החוב לא נחות | Y158: לא | Z158: 166418.82 | AA158: 1 | AB158: 108.03 | AC158: 2.566 | AD158: 182.348 | AG158: שווי הוגן | AH158: 0.000127 | AI158: 0.013247172 | AJ158: 0.0019576167
A159: 161 | B159: 9938 | C159: מליסרון בע"מ | D159: 520037789 | E159: ח.פ. | F159: מליסרון אגח כב | G159: IL0012332388 | H159: ISIN | I159: צמוד למדד המחירים לצרכן | J159: ישראל | K159: ישראל | L159: סחיר | M159: TASE | N159: נדל"ן מניב בישראל | O159: לא | P159: AA | Q159: S&P מעלות | R159: נייר ערך | S159: ILS | T159: 7.021 | U159: 10/07/2040 | V159: 0.0295 | W159: 0.02627 | X159: החוב לא נחות | Y159: לא | Z159: 130000 | AA159: 1 | AB159: 104.73 | AD159: 136.149 | AG159: שווי הוגן | AH159: 0.000293 | AI159: 0.0098908944 | AJ159: 0.0014616387
A160: 161 | B160: 9938 | C160: מנורה מבטחים גיוס הון בע"מ | D160: 513937714 | E160: ח.פ. | F160: מנורה הון אגח ז | G160: IL0011841918 | H160: ISIN | I160: לא צמוד למדד המחירים לצרכן | J160: ישראל | K160: ישראל | L160: סחיר | M160: TASE | N160: ביטוח | O160: לא | P160: Aa3 | Q160: מידרוג Moodys | R160: נייר ערך | S160: ILS | T160: 4.240 | U160: 31/12/2030 | V160: 0.0298 | W160: 0.03875 | X160: החוב לא נחות | Y160: לא | Z160: 150000 | AA160: 1 | AB160: 96.48 | AD160: 144.72 | AG160: שווי הוגן | AH160: 0.000382 | AI160: 0.010513557 | AJ160: 0.0015536534
A161: 161 | B161: 9938 | C161: מנורה מבטחים גיוס הון בע"מ | D161: 513937714 | E161: ח.פ. | F161: מנורה הון התח סד' י | G161: IL0012290040 | H161: ISIN | I161: לא צמוד למדד המחירים לצרכן | J161: ישראל | K161: ישראל | L161: סחיר | M161: TASE | N161: ביטוח | O161: לא | P161: A1 | Q161: מידרוג Moodys | R161: נייר ערך | S161: ILS | T161: 7.605 | U161: 30/11/2035 | V161: 0.0518 | W161: 0.04427 | X161: החוב לא נחות | Y161: לא | Z161: 120000 | AA161: 1 | AB161: 106.55 | AD161: 127.86 | AG161: שווי הוגן | AH161: 0.00015 | AI161: 0.0092887187 | AJ161: 0.0013726515
A162: 161 | B162: 9938 | C162: קבוצת עזריאלי בע"מ (לשעבר קנית מימון) | D162: 510960719 | E162: ח.פ. | F162: עזריאלי אגח ד | G162: IL0011386500 | H162: ISIN | I162: צמוד למדד המחירים לצרכן | J162: ישראל | K162: ישראל | L162: סחיר | M162: TASE | N162: נדל"ן מניב בישראל | O162: לא | P162: AA+ | Q162: S&P מעלות | R162: נייר ערך | S162: ILS | T162: 2.215 | U162: 05/07/2030 | V162: 0.0134 | W162: 0.02307 | X162: החוב לא נחות | Y162: לא | Z162: 118355.53 | AA162: 1 | AB162: 118.34 | AC162: 18.961 | AD162: 159.022 | AG162: שווי הוגן | AH162: 6.7e-05 | AI162: 0.011552596 | AJ162: 0.0017071987
A163: 161 | B163: 9938 | C163: קבוצת עזריאלי בע"מ (לשעבר קנית מימון) | D163: 510960719 | E163: ח.פ. | F163: עזריאלי אגח ז | G163: IL0011786725 | H163: ISIN | I163: צמוד למדד המחירים לצרכן | J163: ישראל | K163: ישראל | L163: סחיר | M163: TASE | N163: נדל"ן מניב בישראל | O163: לא | P163: AA+ | Q163: S&P מעלות | R163: נייר ערך | S163: ILS | T163: 5.628 | U163: 02/07/2036 | V163: 0.009 | W163: 0.02355 | X163: החוב לא נחות | Y163: לא | Z163: 398168.35 | AA163: 1 | AB163: 108.4 | AC163: 12.109 | AD163: 443.724 | AG163: שווי הוגן | AH163: 0.000151 | AI163: 0.03223547 | AJ163: 0.004763635
A164: 161 | B164: 9938 | C164: בנק הפועלים בע"מ | D164: 520000118 | E164: ח.פ. | F164: פועלים אגח 200 | G164: IL0066204962 | H164: ISIN | I164: צמוד למדד המחירים לצרכן | J164: ישראל | K164: ישראל | L164: סחיר | M164: TASE | N164: בנקים | O164: לא | P164: AAA | Q164: S&P מעלות | R164: נייר ערך | S164: ILS | T164: 2.877 | U164: 09/12/2031 | V164: 0.001 | W164: 0.02107 | X164: החוב לא נחות | Y164: לא | Z164: 237361.21 | AA164: 1 | AB164: 109.94 | AD164: 260.955 | AG164: שווי הוגן | AH164: 0.000281 | AI164: 0.018957741 | AJ164: 0.0028015029
A165: 161 | B165: 9938 | C165: בנק הפועלים בע"מ | D165: 520000118 | E165: ח.פ. | F165: פועלים אגח 201 | G165: IL0011913451 | H165: ISIN | I165: צמוד למדד המחירים לצרכן | J165: ישראל | K165: ישראל | L165: סחיר | M165: TASE | N165: בנקים | O165: לא | P165: AAA | Q165: S&P מעלות | R165: נייר ערך | S165: ILS | T165: 3.275 | U165: 29/11/2032 | V165: 0.0139 | W165: 0.02169 | X165: החוב לא נחות | Y165: לא | Z165: 270744.45 | AA165: 1 | AB165: 108.9 | AD165: 294.841 | AG165: שווי הוגן | AH165: 8.7e-05 | AI165: 0.021419462 | AJ165: 0.0031652866
A166: 161 | B166: 9938 | C166: בנק הפועלים בע"מ | D166: 520000118 | E166: ח.פ. | F166: פועלים אגח 202 | G166: IL0011998502 | H166: ISIN | I166: צמוד למדד המחירים לצרכן | J166: ישראל | K166: ישראל | L166: סחיר | M166: TASE | N166: בנקים | O166: לא | P166: AAA | Q166: S&P מעלות | R166: נייר ערך | S166: ILS | T166: 1.320 | U166: 30/04/2028 | V166: 0.006 | W166: 0.02216 | X166: החוב לא נחות | Y166: לא | Z166: 11111.11 | AA166: 1 | AB166: 118 | AD166: 13.111 | AG166: שווי הוגן | AH166: 2.5e-05 | AI166: 0.00095249031 | AJ166: 0.00014075539
A167: 161 | B167: 9938 | C167: בנק הפועלים בע"מ | D167: 520000118 | E167: ח.פ. | F167: פועלים אגח 203 | G167: IL0011998684 | H167: ISIN | I167: צמוד למדד המחירים לצרכן | J167: ישראל | K167: ישראל | L167: סחיר | M167: TASE | N167: בנקים | O167: לא | P167: AAA | Q167: S&P מעלות | R167: נייר ערך | S167: ILS | T167: 2.347 | U167: 02/12/2030 | V167: 0.0175 | W167: 0.02183 | X167: החוב לא נחות | Y167: לא | Z167: 211616.54 | AA167: 1 | AB167: 118.62 | AD167: 251.02 | AG167: שווי הוגן | AH167: 0.000114 | AI167: 0.01823596 | AJ167: 0.0026948408
A168: 161 | B168: 9938 | C168: בנק הפועלים בע"מ | D168: 520000118 | E168: ח.פ. | F168: פועלים אגח 204 | G168: IL0012274531 | H168: ISIN | I168: צמוד למדד המחירים לצרכן | J168: ישראל | K168: ישראל | L168: סחיר | M168: TASE | N168: בנקים | O168: לא | P168: AAA | Q168: S&P מעלות | R168: נייר ערך | S168: ILS | T168: 4.271 | U168: 21/08/2035 | V168: 0.0261 | W168: 0.02233 | X168: החוב לא נחות | Y168: לא | Z168: 250000 | AA168: 1 | AB168: 105.16 | AD168: 262.9 | AG168: שווי הוגן | AH168: 7.3e-05 | AI168: 0.019099047 | AJ168: 0.0028223845
A169: 161 | B169: 9938 | C169: בנק הפועלים בע"מ | D169: 520000118 | E169: ח.פ. | F169: פועלים התח נד יב | G169: IL0012141219 | H169: ISIN | I169: צמוד למדד המחירים לצרכן | J169: ישראל | K169: ישראל | L169: סחיר | M169: TASE | N169: בנקים | O169: לא | P169: AA- | Q169: S&P מעלות | R169: נייר ערך | S169: ILS | T169: 5.775 | U169: 28/11/2032 | V169: 0.0345 | W169: 0.02407 | X169: החוב לא נחות | Y169: לא | Z169: 140000 | AA169: 1 | AB169: 111.57 | AD169: 156.198 | AG169: שווי הוגן | AH169: 9.5e-05 | AI169: 0.011347406 | AJ169: 0.0016768764
A170: 161 | B170: 9938 | C170: בנק הפועלים בע"מ | D170: 520000118 | E170: ח.פ. | F170: פועלים התחייבות נדחים ה' | G170: IL0066204624 | H170: ISIN | I170: צמוד למדד המחירים לצרכן | J170: ישראל | K170: ישראל | L170: סחיר | M170: TASE | N170: בנקים | O170: לא | P170: AA- | Q170: S&P מעלות | R170: נייר ערך | S170: ILS | T170: 0.126 | U170: 17/08/2026 | V170: 0.0297 | W170: 0.04833 | X170: החוב לא נחות | Y170: לא | Z170: 50000 | AA170: 1 | AB170: 122.13 | AD170: 61.065 | AG170: שווי הוגן | AH170: 7.1e-05 | AI170: 0.004436224 | AJ170: 0.00065556831
A171: 161 | B171: 9938 | C171: פורמולה מערכות (1985)בע"מ | D171: 520036690 | E171: ח.פ. | F171: פורמולה אג"ח ג | G171: IL0025602090 | H171: ISIN | I171: לא צמוד למדד המחירים לצרכן | J171: ישראל | K171: ישראל | L171: סחיר | M171: TASE | N171: שרותי מידע | O171: לא | P171: AA- | Q171: S&P מעלות | R171: נייר ערך | S171: ILS | T171: 0.416 | U171: 01/12/2026 | V171: 0.0229 | W171: 0.04394 | X171: החוב לא נחות | Y171: לא | Z171: 26826.92 | AA171: 1 | AB171: 99.35 | AD171: 26.653 | AG171: שווי הוגן | AH171: 0.000162 | AI171: 0.0019362427 | AJ171: 0.00028613058
A172: 161 | B172: 9938 | C172: פז קמעונאות ואנרגיה בע"מ | D172: 510216054 | E172: ח.פ. | F172: פז נפט ו | G172: IL0011395428 | H172: ISIN | I172: צמוד למדד המחירים לצרכן | J172: ישראל | K172: ישראל | L172: סחיר | M172: TASE | N172: אנרגיה | O172: לא | P172: AA- | Q172: S&P מעלות | R172: נייר ערך | S172: ILS | T172: 1.394 | U172: 30/11/2028 | V172: 0.0194 | W172: 0.02194 | X172: החוב לא נחות | Y172: לא | Z172: 66042.22 | AA172: 1 | AB172: 120.06 | AD172: 79.29 | AG172: שווי הוגן | AH172: 0.000365 | AI172: 0.0057602471 | AJ172: 0.0008512274
A173: 161 | B173: 9938 | C173: הפניקס גיוסי הון (2009) בע"מ | D173: 514290345 | E173: ח.פ. | F173: פניקס הון אגח ה | G173: IL0011354177 | H173: ISIN | I173: צמוד למדד המחירים לצרכן | J173: ישראל | K173: ישראל | L173: סחיר | M173: TASE | N173: ביטוח | O173: לא | P173: AA | Q173: S&P מעלות | R173: נייר ערך | S173: ILS | T173: 0.334 | U173: 01/11/2026 | V173: 0.0225 | W173: 0.04024 | X173: החוב לא נחות | Y173: לא | Z173: 56700 | AA173: 1 | AB173: 120.63 | AD173: 68.397 | AG173: שווי הוגן | AH173: 0.000139 | AI173: 0.0049688913 | AJ173: 0.00073428385
A174: 161 | B174: 9938 | C174: ריט 1 בע"מ | D174: 513821488 | E174: ח.פ. | F174: ריט 1 ח | G174: IL0012240961 | H174: ISIN | I174: צמוד למדד המחירים לצרכן | J174: ישראל | K174: ישראל | L174: סחיר | M174: TASE | N174: נדל"ן מניב בישראל | O174: לא | P174: AA | Q174: S&P מעלות | R174: נייר ערך | S174: ILS | T174: 7.599 | U174: 20/09/2038 | V174: 0.04 | W174: 0.02693 | X174: החוב לא נחות | Y174: לא | Z174: 120000 | AA174: 1 | AB174: 113.67 | AD174: 136.404 | AG174: שווי הוגן | AH174: 0.00018 | AI174: 0.0099094195 | AJ174: 0.0014643763
A175: 161 | B175: 9938 | C175: ריט 1 בע"מ | D175: 513821488 | E175: ח.פ. | F175: ריט 1 אגח ז | G175: IL0011712713 | H175: ISIN | I175: צמוד למדד המחירים לצרכן | J175: ישראל | K175: ישראל | L175: סחיר | M175: TASE | N175: נדל"ן מניב בישראל | O175: לא | P175: AA | Q175: S&P מעלות | R175: נייר ערך | S175: ILS | T175: 5.164 | U175: 20/09/2034 | V175: 0.025 | W175: 0.02416 | X175: החוב לא נחות | Y175: לא | Z175: 55100 | AA175: 1 | AB175: 120.75 | AD175: 66.533 | AG175: שווי הוגן | AH175: 4.1e-05 | AI175: 0.0048334791 | AJ175: 0.00071427316
... A234: 161 | B234: 9942 | C234: מזרחי טפחות חברה להנפקות בע"מ | D234: 520032046 | E234: ח.פ. | F234: מז טפ הנפ אגח61 | G234: IL0023104644 | H234: ISIN | I234: צמוד למדד המחירים לצרכן | J234: ישראל | K234: ישראל | L234: סחיר | M234: TASE | N234: בנקים | O234: לא | P234: Aaa | Q234: מידרוג Moodys | R234: נייר ערך | S234: ILS | T234: 0.425 | U234: 04/12/2026 | V234: 0.005 | W234: 0.0295 | X234: החוב לא נחות | Y234: לא | Z234: 89000 | AA234: 1 | AB234: 117.27 | AD234: 104.37 | AG234: שווי הוגן | AH234: 0.000117 | AI234: 0.0058644333 | AJ234: 0.00095358936
A235: 161 | B235: 9942 | C235: מזרחי טפחות חברה להנפקות בע"מ | D235: 520032046 | E235: ח.פ. | F235: מז טפ הנפק 52 | G235: IL0023103810 | H235: ISIN | I235: צמוד למדד המחירים לצרכן | J235: ישראל | K235: ישראל | L235: סחיר | M235: TASE | N235: בנקים | O235: לא | P235: AAA | Q235: S&P מעלות | R235: נייר ערך | S235: ILS | T235: 3.987 | U235: 01/07/2030 | V235: 0.002 | W235: 0.02224 | X235: החוב לא נחות | Y235: לא | Z235: 180000 | AA235: 1 | AB235: 110.28 | AC235: 0.43 | AD235: 198.934 | AG235: שווי הוגן | AH235: 5.2e-05 | AI235: 0.011177844 | AJ235: 0.0018175794
A236: 161 | B236: 9942 | C236: מזרחי טפחות חברה להנפקות בע"מ | D236: 520032046 | E236: ח.פ. | F236: מזרחי טפ הנפק התח 73 | G236: IL0012430968 | H236: ISIN | I236: צמוד למדד המחירים לצרכן | J236: ישראל | K236: ישראל | L236: סחיר | M236: TASE | N236: בנקים | O236: לא | P236: AA- | Q236: S&P מעלות | R236: נייר ערך | S236: ILS | T236: 5.131 | U236: 08/12/2031 | V236: 0.0261 | W236: 0.0243 | X236: החוב לא נחות | Y236: לא | Z236: 270000 | AA236: 1 | AB236: 100.79 | AD236: 272.133 | AG236: שווי הוגן | AH236: 0.00054 | AI236: 0.015290804 | AJ236: 0.0024863695
A237: 161 | B237: 9942 | C237: מזרחי טפחות חברה להנפקות בע"מ | D237: 520032046 | E237: ח.פ. | F237: מזרחי טפחות הנ אגח 72 | G237: IL0012430885 | H237: ISIN | I237: לא צמוד למדד המחירים לצרכן | J237: ישראל | K237: ישראל | L237: סחיר | M237: TASE | N237: בנקים | O237: לא | P237: AAA | Q237: S&P מעלות | R237: נייר ערך | S237: ILS | T237: 3.700 | U237: 08/06/2033 | V237: 0.0396 | W237: 0.03896 | X237: החוב לא נחות | Y237: לא | Z237: 270000 | AA237: 1 | AB237: 100.47 | AD237: 271.269 | AG237: שווי הוגן | AH237: 9e-05 | AI237: 0.015242257 | AJ237: 0.0024784755
A238: 161 | B238: 9942 | C238: מימון ישיר מקבוצת ישיר 2006 בע"מ | D238: 513893123 | E238: ח.פ. | F238: מימון ישיר אגח ה | G238: IL0011828311 | H238: ISIN | I238: צמוד למדד המחירים לצרכן | J238: ישראל | K238: ישראל | L238: סחיר | M238: TASE | N238: אשראי חוץ בנקאי | O238: לא | P238: A1 | Q238: מידרוג Moodys | R238: נייר ערך | S238: ILS | T238: 2.332 | U238: 31/07/2031 | V238: 0.01 | W238: 0.02606 | X238: החוב לא נחות | Y238: לא | Z238: 245420.7 | AA238: 1 | AB238: 112.64 | AD238: 276.442 | AG238: שווי הוגן | AH238: 0.000145 | AI238: 0.015532915 | AJ238: 0.002525738
A239: 161 | B239: 9942 | C239: מימון ישיר מקבוצת ישיר 2006 בע"מ | D239: 513893123 | E239: ח.פ. | F239: מימון ישיר אגח ו | G239: IL0011916595 | H239: ISIN | I239: צמוד למדד המחירים לצרכן | J239: ישראל | K239: ישראל | L239: סחיר | M239: TASE | N239: אשראי חוץ בנקאי | O239: לא | P239: A1 | Q239: מידרוג Moodys | R239: נייר ערך | S239: ILS | T239: 0.491 | U239: 31/03/2027 | V239: 0.0354 | W239: 0.03702 | X239: החוב לא נחות | Y239: לא | Z239: 87500 | AA239: 1 | AB239: 111.7 | AD239: 97.737 | AG239: שווי הוגן | AH239: 0.000157 | AI239: 0.0054917448 | AJ239: 0.00089298814
A240: 161 | B240: 9942 | C240: מליסרון בע"מ | D240: 520037789 | E240: ח.פ. | F240: מליסרון אגח יט | G240: IL0032303989 | H240: ISIN | I240: צמוד למדד המחירים לצרכן | J240: ישראל | K240: ישראל | L240: סחיר | M240: TASE | N240: נדל"ן מניב בישראל | O240: לא | P240: AA | Q240: S&P מעלות | R240: נייר ערך | S240: ILS | T240: 2.862 | U240: 01/07/2029 | V240: 0.0143 | W240: 0.02272 | X240: החוב לא נחות | Y240: לא | Z240: 153290.32 | AA240: 1 | AB240: 116.54 | AC240: 3.401 | AD240: 182.046 | AG240: שווי הוגן | AH240: 8.1e-05 | AI240: 0.010228904 | AJ240: 0.0016632765
A241: 161 | B241: 9942 | C241: מליסרון בע"מ | D241: 520037789 | E241: ח.פ. | F241: מליסרון אגח כא | G241: IL0011946386 | H241: ISIN | I241: צמוד למדד המחירים לצרכן | J241: ישראל | K241: ישראל | L241: סחיר | M241: TASE | N241: נדל"ן מניב בישראל | O241: לא | P241: AA | Q241: S&P מעלות | R241: נייר ערך | S241: ILS | T241: 5.010 | U241: 01/01/2037 | V241: 0.0361 | W241: 0.02533 | X241: החוב לא נחות | Y241: לא | Z241: 163025.64 | AA241: 1 | AB241: 115.48 | AC241: 7.109 | AD241: 195.371 | AG241: שווי הוגן | AH241: 5.3e-05 | AI241: 0.010977639 | AJ241: 0.0017850249
A242: 161 | B242: 9942 | C242: מליסרון בע"מ | D242: 520037789 | E242: ח.פ. | F242: מליסרון אגח יז | G242: IL0032302734 | H242: ISIN | I242: צמוד למדד המחירים לצרכן | J242: ישראל | K242: ישראל | L242: סחיר | M242: TASE | N242: נדל"ן מניב בישראל | O242: לא | P242: AA | Q242: S&P מעלות | R242: נייר ערך | S242: ILS | T242: 2.890 | U242: 01/01/2032 | V242: 0.0225 | W242: 0.02399 | X242: החוב לא נחות | Y242: לא | Z242: 30246.37 | AA242: 1 | AB242: 120.4 | AC242: 3.772 | AD242: 40.189 | AG242: שווי הוגן | AH242: 2.1e-05 | AI242: 0.0022581588 | AJ242: 0.00036718914
A243: 161 | B243: 9942 | C243: מליסרון בע"מ | D243: 520037789 | E243: ח.פ. | F243: מליסרון אגח כ | G243: IL0032304227 | H243: ISIN | I243: צמוד למדד המחירים לצרכן | J243: ישראל | K243: ישראל | L243: סחיר | M243: TASE | N243: נדל"ן מניב בישראל | O243: לא | P243: AA | Q243: S&P מעלות | R243: נייר ערך | S243: ILS | T243: 3.808 | U243: 01/07/2030 | V243: 0.0025 | W243: 0.0239 | X243: החוב לא נחות | Y243: לא | Z243: 282437.63 | AA243: 1 | AB243: 108.03 | AC243: 4.355 | AD243: 309.473 | AG243: שווי הוגן | AH243: 0.000216 | AI243: 0.017388868 | AJ243: 0.0028275263
A244: 161 | B244: 9942 | C244: מליסרון בע"מ | D244: 520037789 | E244: ח.פ. | F244: מליסרון אגח כב | G244: IL0012332388 | H244: ISIN | I244: צמוד למדד המחירים לצרכן | J244: ישראל | K244: ישראל | L244: סחיר | M244: TASE | N244: נדל"ן מניב בישראל | O244: לא | P244: AA | Q244: S&P מעלות | R244: נייר ערך | S244: ILS | T244: 7.021 | U244: 10/07/2040 | V244: 0.0295 | W244: 0.02627 | X244: החוב לא נחות | Y244: לא | Z244: 150000 | AA244: 1 | AB244: 104.73 | AD244: 157.095 | AG244: שווי הוגן | AH244: 0.000338 | AI244: 0.0088269666 | AJ244: 0.0014353137
A245: 161 | B245: 9942 | C245: מנורה מבטחים גיוס הון בע"מ | D245: 513937714 | E245: ח.פ. | F245: מנורה הון אגח ז | G245: IL0011841918 | H245: ISIN | I245: לא צמוד למדד המחירים לצרכן | J245: ישראל | K245: ישראל | L245: סחיר | M245: TASE | N245: ביטוח | O245: לא | P245: Aa3 | Q245: מידרוג Moodys | R245: נייר ערך | S245: ILS | T245: 4.240 | U245: 31/12/2030 | V245: 0.0298 | W245: 0.03875 | X245: החוב לא נחות | Y245: לא | Z245: 200000 | AA245: 1 | AB245: 96.48 | AD245: 192.96 | AG245: שווי הוגן | AH245: 0.000509 | AI245: 0.010842175 | AJ245: 0.0017629977
A246: 161 | B246: 9942 | C246: מנורה מבטחים גיוס הון בע"מ | D246: 513937714 | E246: ח.פ. | F246: מנורה הון התח סד' י | G246: IL0012290040 | H246: ISIN | I246: לא צמוד למדד המחירים לצרכן | J246: ישראל | K246: ישראל | L246: סחיר | M246: TASE | N246: ביטוח | O246: לא | P246: A1 | Q246: מידרוג Moodys | R246: נייר ערך | S246: ILS | T246: 7.605 | U246: 30/11/2035 | V246: 0.0518 | W246: 0.04427 | X246: החוב לא נחות | Y246: לא | Z246: 150000 | AA246: 1 | AB246: 106.55 | AD246: 159.825 | AG246: שווי הוגן | AH246: 0.000188 | AI246: 0.0089803618 | AJ246: 0.0014602566
A247: 161 | B247: 9942 | C247: קבוצת עזריאלי בע"מ (לשעבר קנית מימון) | D247: 510960719 | E247: ח.פ. | F247: עזריאלי אגח ד | G247: IL0011386500 | H247: ISIN | I247: צמוד למדד המחירים לצרכן | J247: ישראל | K247: ישראל | L247: סחיר | M247: TASE | N247: נדל"ן מניב בישראל | O247: לא | P247: AA+ | Q247: S&P מעלות | R247: נייר ערך | S247: ILS | T247: 2.215 | U247: 05/07/2030 | V247: 0.0134 | W247: 0.02307 | X247: החוב לא נחות | Y247: לא | Z247: 180729.8 | AA247: 1 | AB247: 118.34 | AC247: 28.953 | AD247: 242.829 | AG247: שווי הוגן | AH247: 0.000102 | AI247: 0.013644223 | AJ247: 0.0022186263
A248: 161 | B248: 9942 | C248: קבוצת עזריאלי בע"מ (לשעבר קנית מימון) | D248: 510960719 | E248: ח.פ. | F248: עזריאלי אגח ז | G248: IL0011786725 | H248: ISIN | I248: צמוד למדד המחירים לצרכן | J248: ישראל | K248: ישראל | L248: סחיר | M248: TASE | N248: נדל"ן מניב בישראל | O248: לא | P248: AA+ | Q248: S&P מעלות | R248: נייר ערך | S248: ILS | T248: 5.628 | U248: 02/07/2036 | V248: 0.009 | W248: 0.02355 | X248: החוב לא נחות | Y248: לא | Z248: 327511.68 | AA248: 1 | AB248: 108.4 | AC248: 9.961 | AD248: 364.983 | AG248: שווי הוגן | AH248: 0.000124 | AI248: 0.020507941 | AJ248: 0.0033347049
A249: 161 | B249: 9942 | C249: בנק הפועלים בע"מ | D249: 520000118 | E249: ח.פ. | F249: פועלים אגח 100 | G249: IL0066204889 | H249: ISIN | I249: לא צמוד למדד המחירים לצרכן | J249: ישראל | K249: ישראל | L249: סחיר | M249: TASE | N249: בנקים | O249: לא | P249: AAA | Q249: S&P מעלות | R249: נייר ערך | S249: ILS | T249: 2.767 | U249: 09/12/2031 | V249: 0.025 | W249: 0.03722 | X249: החוב לא נחות | Y249: לא | Z249: 427500.02 | AA249: 1 | AB249: 98.1 | AD249: 419.378 | AG249: שווי הוגן | AH249: 0.000246 | AI249: 0.023564285 | AJ249: 0.0038316834
A250: 161 | B250: 9942 | C250: בנק הפועלים בע"מ | D250: 520000118 | E250: ח.פ. | F250: פועלים אגח 200 | G250: IL0066204962 | H250: ISIN | I250: צמוד למדד המחירים לצרכן | J250: ישראל | K250: ישראל | L250: סחיר | M250: TASE | N250: בנקים | O250: לא | P250: AAA | Q250: S&P מעלות | R250: נייר ערך | S250: ILS | T250: 2.877 | U250: 09/12/2031 | V250: 0.001 | W250: 0.02107 | X250: החוב לא נחות | Y250: לא | Z250: 340707.02 | AA250: 1 | AB250: 109.94 | AD250: 374.573 | AG250: שווי הוגן | AH250: 0.000404 | AI250: 0.021046793 | AJ250: 0.0034223252
A251: 161 | B251: 9942 | C251: בנק הפועלים בע"מ | D251: 520000118 | E251: ח.פ. | F251: פועלים אגח 201 | G251: IL0011913451 | H251: ISIN | I251: צמוד למדד המחירים לצרכן | J251: ישראל | K251: ישראל | L251: סחיר | M251: TASE | N251: בנקים | O251: לא | P251: AAA | Q251: S&P מעלות | R251: נייר ערך | S251: ILS | T251: 3.275 | U251: 29/11/2032 | V251: 0.0139 | W251: 0.02169 | X251: החוב לא נחות | Y251: לא | Z251: 576722.23 | AA251: 1 | AB251: 108.9 | AD251: 628.051 | AG251: שווי הוגן | AH251: 0.000186 | AI251: 0.035289353 | AJ251: 0.0057382444
A252: 161 | B252: 9942 | C252: בנק הפועלים בע"מ | D252: 520000118 | E252: ח.פ. | F252: פועלים אגח 203 | G252: IL0011998684 | H252: ISIN | I252: צמוד למדד המחירים לצרכן | J252: ישראל | K252: ישראל | L252: סחיר | M252: TASE | N252: בנקים | O252: לא | P252: AAA | Q252: S&P מעלות | R252: נייר ערך | S252: ILS | T252: 2.347 | U252: 02/12/2030 | V252: 0.0175 | W252: 0.02183 | X252: החוב לא נחות | Y252: לא | Z252: 312003.13 | AA252: 1 | AB252: 118.62 | AD252: 370.098 | AG252: שווי הוגן | AH252: 0.000168 | AI252: 0.020795338 | AJ252: 0.0033814373
A253: 161 | B253: 9942 | C253: בנק הפועלים בע"מ | D253: 520000118 | E253: ח.פ. | F253: פועלים אגח 204 | G253: IL0012274531 | H253: ISIN | I253: צמוד למדד המחירים לצרכן | J253: ישראל | K253: ישראל | L253: סחיר | M253: TASE | N253: בנקים | O253: לא | P253: AAA | Q253: S&P מעלות | R253: נייר ערך | S253: ILS | T253: 4.271 | U253: 21/08/2035 | V253: 0.0261 | W253: 0.02233 | X253: החוב לא נחות | Y253: לא | Z253: 290000 | AA253: 1 | AB253: 105.16 | AD253: 304.964 | AG253: שווי הוגן | AH253: 8.5e-05 | AI253: 0.017135536 | AJ253: 0.0027863331
A254: 161 | B254: 9942 | C254: בנק הפועלים בע"מ | D254: 520000118 | E254: ח.פ. | F254: פועלים התח נד יב | G254: IL0012141219 | H254: ISIN | I254: צמוד למדד המחירים לצרכן | J254: ישראל | K254: ישראל | L254: סחיר | M254: TASE | N254: בנקים | O254: לא | P254: AA- | Q254: S&P מעלות | R254: נייר ערך | S254: ILS | T254: 5.775 | U254: 28/11/2032 | V254: 0.0345 | W254: 0.02407 | X254: החוב לא נחות | Y254: לא | Z254: 220000 | AA254: 1 | AB254: 111.57 | AD254: 245.454 | AG254: שווי הוגן | AH254: 0.000149 | AI254: 0.013791746 | AJ254: 0.0022426143
A255: 161 | B255: 9942 | C255: פורמולה מערכות (1985)בע"מ | D255: 520036690 | E255: ח.פ. | F255: פורמולה אג"ח ג | G255: IL0025602090 | H255: ISIN | I255: לא צמוד למדד המחירים לצרכן | J255: ישראל | K255: ישראל | L255: סחיר | M255: TASE | N255: שרותי מידע | O255: לא | P255: AA- | Q255: S&P מעלות | R255: נייר ערך | S255: ILS | T255: 0.416 | U255: 01/12/2026 | V255: 0.0229 | W255: 0.04394 | X255: החוב לא נחות | Y255: לא | Z255: 41538.46 | AA255: 1 | AB255: 99.35 | AD255: 41.268 | AG255: שווי הוגן | AH255: 0.000251 | AI255: 0.0023188219 | AJ255: 0.00037705329
A256: 161 | B256: 9942 | C256: פז קמעונאות ואנרגיה בע"מ | D256: 510216054 | E256: ח.פ. | F256: פז נפט ו | G256: IL0011395428 | H256: ISIN | I256: צמוד למדד המחירים לצרכן | J256: ישראל | K256: ישראל | L256: סחיר | M256: TASE | N256: אנרגיה | O256: לא | P256: AA- | Q256: S&P מעלות | R256: נייר ערך | S256: ILS | T256: 1.394 | U256: 30/11/2028 | V256: 0.0194 | W256: 0.02194 | X256: החוב לא נחות | Y256: לא | Z256: 96061.41 | AA256: 1 | AB256: 120.06 | AD256: 115.331 | AG256: שווי הוגן | AH256: 0.000531 | AI256: 0.0064803195 | AJ256: 0.0010537359
A257: 161 | B257: 9942 | C257: הפניקס גיוסי הון (2009) בע"מ | D257: 514290345 | E257: ח.פ. | F257: פניקס הון אגח ה | G257: IL0011354177 | H257: ISIN | I257: צמוד למדד המחירים לצרכן | J257: ישראל | K257: ישראל | L257: סחיר | M257: TASE | N257: ביטוח | O257: לא | P257: AA | Q257: S&P מעלות | R257: נייר ערך | S257: ILS | T257: 0.334 | U257: 01/11/2026 | V257: 0.0225 | W257: 0.04024 | X257: החוב לא נחות | Y257: לא | Z257: 100000 | AA257: 1 | AB257: 120.63 | AD257: 120.63 | AG257: שווי הוגן | AH257: 0.000244 | AI257: 0.006778045 | AJ257: 0.0011021477
A258: 161 | B258: 9942 | C258: ריט 1 בע"מ | D258: 513821488 | E258: ח.פ. | F258: ריט 1 ח | G258: IL0012240961 | H258: ISIN | I258: צמוד למדד המחירים לצרכן | J258: ישראל | K258: ישראל | L258: סחיר | M258: TASE | N258: נדל"ן מניב בישראל | O258: לא | P258: AA | Q258: S&P מעלות | R258: נייר ערך | S258: ILS | T258: 7.599 | U258: 20/09/2038 | V258: 0.04 | W258: 0.02693 | X258: החוב לא נחות | Y258: לא | Z258: 150000 | AA258: 1 | AB258: 113.67 | AD258: 170.505 | AG258: שווי הוגן | AH258: 0.000225 | AI258: 0.0095804573 | AJ258: 0.0015578355
A259: 161 | B259: 9942 | C259: ריט 1 בע"מ | D259: 513821488 | E259: ח.פ. | F259: ריט 1 אגח ז | G259: IL0011712713 | H259: ISIN | I259: צמוד למדד המחירים לצרכן | J259: ישראל | K259: ישראל | L259: סחיר | M259: TASE | N259: נדל"ן מניב בישראל | O259: לא | P259: AA | Q259: S&P מעלות | R259: נייר ערך | S259: ILS | T259: 5.164 | U259: 20/09/2034 | V259: 0.025 | W259: 0.02416 | X259: החוב לא נחות | Y259: לא | Z259: 80750 | AA259: 1 | AB259: 120.75 | AD259: 97.506 | AG259: שווי הוגן | AH259: 6e-05 | AI259: 0.005478716 | AJ259: 0.00089086959
A260: 161 | B260: 9942 | C260: שיכון ובינוי אנרגיה בע"מ | D260: 510459928 | E260: ח.פ. | F260: שיכון ובינוי אנרגיה אגח א' | G260: IL0011985715 | H260: ISIN | I260: לא צמוד למדד המחירים לצרכן | J260: ישראל | K260: ישראל | L260: סחיר | M260: TASE | N260: אנרגיה | O260: לא | P260: A3 | Q260: מידרוג Moodys | R260: נייר ערך | S260: ILS | T260: 3.940 | U260: 30/06/2034 | V260: 0.0677 | W260: 0.04416 | X260: החוב לא נחות | Y260: לא | Z260: 429333.34 | AA260: 1 | AB260: 109.5 | AD260: 470.12 | AG260: שווי הוגן | AH260: 0.000716 | AI260: 0.02641544 | AJ260: 0.004295297
... A270: 161 | B270: 9943 | C270: אלקטרה בע"מ | D270: 520028911 | E270: ח.פ. | F270: אלקטרה אגח ה | G270: IL0073902228 | H270: ISIN | I270: לא צמוד למדד המחירים לצרכן | J270: ישראל | K270: ישראל | L270: סחיר | M270: TASE | N270: השקעה ואחזקות | O270: לא | P270: A+ | Q270: S&P מעלות | R270: נייר ערך | S270: ILS | T270: 2.349 | U270: 10/01/2031 | V270: 0.04 | W270: 0.04014 | X270: החוב לא נחות | Y270: לא | Z270: 822929.69 | AA270: 1 | AB270: 101.95 | AD270: 838.977 | AG270: שווי הוגן | AH270: 0.001701 | AI270: 0.0022647418 | AJ270: 0.00041563751
...

Sheet מניות מבכ ויהש
A1: מספר קופה/קרן/ח.פ. עבור חברת ביטוח | B1: מספר מסלול | C1: שם מנפיק | D1: מספר מנפיק | E1: סוג מספר מזהה מנפיק | F1: שם נייר ערך | G1: מספר נייר ערך | H1: סוג מספר נייר ערך | I1: מאפיין עיקרי | J1: ישראל/חו"ל | K1: מדינה לפי חשיפה כלכלית | L1: סטאטוס סחירות | M1: זירת מסחר | N1: ענף מסחר | O1: בעל עניין/צד קשור | P1: מטבע פעילות | Q1: ערך נקוב (יחידות) | R1: שער חליפין | S1: שער נייר הערך | T1: סכום לקבל (במטבע הפעילות) | U1: שווי הוגן (באלפי ש"ח) | V1: שיעור מערך נקוב מונפק | W1: שיעור מנכסי אפיק ההשקעה | X1: שיעור מסך נכסי ההשקעה
A2: 14076 | B2: 14077 | C2: אלביט מערכות בע"מ | D2: 520043027 | E2: ח.פ. | F2: אלביט מערכות | G2: IL0010811243 | H2: ISIN | I2: מניות | J2: ישראל | K2: ישראל | L2: סחיר | M2: TASE | N2: ביטחוניות | O2: לא | P2: ILS | Q2: 74 | R2: 1 | S2: 226000 | T2: 0.221 | U2: 167.461 | V2: 2e-06 | W2: 0.054124626 | X2: 0.0049375624
A3: 14076 | B3: 14077 | C3: אלוני-חץ נכסים והשקעות בע"מ | D3: 520038506 | E3: ח.פ. | F3: אלוני חץ | G3: IL0003900136 | H3: ISIN | I3: מניות | J3: ישראל | K3: ישראל | L3: סחיר | M3: TASE | N3: נדל"ן מניב בישראל | O3: לא | P3: ILS | Q3: 1100 | R3: 1 | S3: 3316 | U3: 36.476 | V3: 5e-06 | W3: 0.011789288 | X3: 0.0010754873
A4: 14076 | B4: 14077 | C4: אנלייט אנרגיה מתחדשת בע"מ | D4: 520041146 | E4: ח.פ. | F4: אנלייט אנרגיה | G4: IL0007200111 | H4: ISIN | I4: מניות | J4: ישראל | K4: ארה"ב | L4: סחיר | M4: TASE | N4: אנרגיה מתחדשת | O4: לא | P4: ILS | Q4: 530 | R4: 1 | S4: 26300 | U4: 139.39 | V4: 4e-06 | W4: 0.045051784 | X4: 0.0041098851
A5: 14076 | B5: 14077 | C5: בזק החברה הישראלית לתקשורת בע"מ | D5: 520031931 | E5: ח.פ. | F5: בזק | G5: IL0002300114 | H5: ISIN | I5: מניות | J5: ישראל | K5: ישראל | L5: סחיר | M5: TASE | N5: תקשורת ומדיה | O5: לא | P5: ILS | Q5: 7000 | R5: 1 | S5: 702.7 | U5: 49.189 | V5: 3e-06 | W5: 0.015898215 | X5: 0.0014503274
A6: 14076 | B6: 14077 | C6: ביג מרכזי קניות (2004) בע"מ | D6: 513623314 | E6: ח.פ. | F6: ביג | G6: IL0010972607 | H6: ISIN | I6: מניות | J6: ישראל | K6: ישראל | L6: סחיר | M6: TASE | N6: נדל"ן מניב בישראל | O6: לא | P6: ILS | Q6: 75 | R6: 1 | S6: 67510 | U6: 50.633 | V6: 3e-06 | W6: 0.016364764 | X6: 0.0014928887
A7: 14076 | B7: 14077 | C7: ג'נריישן ניהול בע"מ | D7: 515785012 | E7: ח.פ. | F7: ג'נריישן קפיטל | G7: IL0011569261 | H7: ISIN | I7: מניות | J7: ישראל | K7: ישראל | L7: סחיר | M7: TASE | N7: השקעה ואחזקות | O7: לא | P7: ILS | Q7: 17000 | R7: 1 | S7: 277 | U7: 47.09 | V7: 8e-06 | W7: 0.015219804 | X7: 0.0013884388
A8: 14076 | B8: 14077 | C8: הפניקס אחזקות בע"מ | D8: 520017450 | E8: ח.פ. | F8: הפניקס | G8: IL0007670123 | H8: ISIN | I8: מניות | J8: ישראל | K8: ישראל | L8: סחיר | M8: TASE | N8: ביטוח | O8: לא | P8: ILS | Q8: 550 | R8: 1 | S8: 16460 | U8: 90.53 | V8: 2e-06 | W8: 0.029259904 | X8: 0.0026692582
A9: 14076 | B9: 14077 | C9: הראל השקעות בביטוח ושרותים פיננסים בע"מ | D9: 520033986 | E9: ח.פ. | F9: הראל השקעות | G9: IL0005850180 | H9: ISIN | I9: מניות | J9: ישראל | K9: ישראל | L9: סחיר | M9: TASE | N9: ביטוח | O9: לא | P9: ILS | Q9: 340 | R9: 1 | S9: 15660 | T9: 0.826 | U9: 54.07 | V9: 1e-06 | W9: 0.017475852 | X9: 0.0015942486
A10: 14076 | B10: 14077 | C10: טאואר סמיקונדקטור בע"מ | D10: 520041997 | E10: ח.פ. | F10: טאואר | G10: IL0010823792 | H10: ISIN | I10: מניות | J10: ישראל | K10: גלובלי | L10: סחיר | M10: TASE | N10: מוליכים למחצה | O10: לא | P10: ILS | Q10: 270 | R10: 1 | S10: 76440 | U10: 206.388 | V10: 2e-06 | W10: 0.066705987 | X10: 0.0060853071
A11: 14076 | B11: 14077 | C11: טבע תעשיות פרמצבטיות בע"מ | D11: 520013954 | E11: ח.פ. | F11: טבע | G11: IL0006290147 | H11: ISIN | I11: מניות | J11: ישראל | K11: ארה"ב | L11: סחיר | M11: TASE | N11: פארמה | O11: לא | P11: ILS | Q11: 1765 | R11: 1 | S11: 9837 | U11: 173.623 | V11: 1e-06 | W11: 0.056116135 | X11: 0.0051192394
A12: 14076 | B12: 14077 | C12: ישראל קנדה (ט.ר) בעמ | D12: 520039298 | E12: ח.פ. | F12: ישראל קנדה | G12: IL0004340191 | H12: ISIN | I12: מניות | J12: ישראל | K12: ישראל | L12: סחיר | M12: TASE | N12: בנייה | O12: לא | P12: ILS | Q12: 1700 | R12: 1 | S12: 1759 | U12: 29.903 | V12: 5e-06 | W12: 0.0096648503 | X12: 0.00088168372
A13: 14076 | B13: 14077 | C13: בנק לאומי לישראל בע"מ | D13: 520018078 | E13: ח.פ. | F13: לאומי | G13: IL0006046119 | H13: ISIN | I13: מניות | J13: ישראל | K13: ישראל | L13: סחיר | M13: TASE | N13: בנקים | O13: לא | P13: ILS | Q13: 2150 | R13: 1 | S13: 6653 | U13: 143.04 | V13: 1e-06 | W13: 0.046231326 | X13: 0.0042174898
A14: 14076 | B14: 14077 | C14: מגה אור החזקות בע"מ | D14: 513257873 | E14: ח.פ. | F14: מגה אור | G14: IL0011044885 | H14: ISIN | I14: מניות | J14: ישראל | K14: ישראל | L14: סחיר | M14: TASE | N14: נדל"ן מניב בישראל | O14: לא | P14: ILS | Q14: 120 | R14: 1 | S14: 60000 | U14: 72 | V14: 3e-06 | W14: 0.023270883 | X14: 0.002122905
A15: 14076 | B15: 14077 | C15: מטריקס אי.טי בע"מ | D15: 520039413 | E15: ח.פ. | F15: מטריקס | G15: IL0004450156 | H15: ISIN | I15: מניות | J15: ישראל | K15: ישראל | L15: סחיר | M15: TASE | N15: שרותי מידע | O15: לא | P15: ILS | Q15: 280 | R15: 1 | S15: 7558 | T15: 0.272 | U15: 21.434 | V15: 3e-06 | W15: 0.0069276127 | X15: 0.00063197702
A16: 14076 | B16: 14077 | C16: מליסרון בע"מ | D16: 520037789 | E16: ח.פ. | F16: מליסרון | G16: IL0003230146 | H16: ISIN | I16: מניות | J16: ישראל | K16: ישראל | L16: סחיר | M16: TASE | N16: נדל"ן מניב בישראל | O16: לא | P16: ILS | Q16: 252 | R16: 1 | S16: 41770 | U16: 105.26 | V16: 5e-06 | W16: 0.034020868 | X16: 0.0031035809
A17: 14076 | B17: 14077 | C17: מנורה מבטחים החזקות בע"מ | D17: 520007469 | E17: ח.פ. | F17: מנורה מבטחים החזקות | G17: IL0005660183 | H17: ISIN | I17: מניות | J17: ישראל | K17: ישראל | L17: סחיר | M17: TASE | N17: ביטוח | O17: לא | P17: ILS | Q17: 90 | R17: 1 | S17: 44680 | U17: 40.212 | V17: 1e-06 | W17: 0.012996788 | X17: 0.0011856424
A18: 14076 | B18: 14077 | C18: נאוויטס פטרוליום, שותפות מוגבלת | D18: 550263107 | E18: מספר שותפות | F18: נאוויטס פט יהש | G18: IL0011419699 | H18: ISIN | I18: מניות | J18: ישראל | K18: ארה"ב | L18: סחיר | M18: TASE | N18: חיפושי נפט וגז | O18: לא | P18: ILS | Q18: 900 | R18: 1 | S18: 11950 | U18: 107.55 | V18: 8e-06 | W18: 0.034760882 | X18: 0.0031710893
A19: 14076 | B19: 14077 | C19: ניו-מד אנרג'י- שותפות מוגבלת | D19: 550013098 | E19: מספר שותפות | F19: ניו-מד אנרג'י יהש | G19: IL0004750209 | H19: ISIN | I19: מניות | J19: ישראל | K19: ישראל | L19: סחיר | M19: TASE | N19: חיפושי נפט וגז | O19: לא | P19: ILS | Q19: 3550 | R19: 1 | S19: 1560 | U19: 55.38 | V19: 3e-06 | W19: 0.017899188 | X19: 0.0016328678
A20: 14076 | B20: 14077 | C20: נייס מערכות בע"מ | D20: 520036872 | E20: ח.פ. | F20: נייס | G20: IL0002730112 | H20: ISIN | I20: מניות | J20: ישראל | K20: ארה"ב | L20: סחיר | M20: TASE | N20: תוכנה ואינטרנט | O20: לא | P20: ILS | Q20: 200 | R20: 1 | S20: 26760 | U20: 53.52 | V20: 3e-06 | W20: 0.017298023 | X20: 0.001578026
A21: 14076 | B21: 14077 | C21: נקסט ויז'ן | D21: 514259019 | E21: ח.פ. | F21: נקסט ויז'ן | G21: IL0011765935 | H21: ISIN | I21: מניות | J21: ישראל | K21: ישראל | L21: סחיר | M21: TASE | N21: אלקטרוניקה ואופטיקה | O21: לא | P21: ILS | Q21: 450 | R21: 1 | S21: 24060 | U21: 108.27 | V21: 5e-06 | W21: 0.034993591 | X21: 0.0031923184
A22: 14076 | B22: 14077 | C22: קבוצת עזריאלי בע"מ (לשעבר קנית מימון) | D22: 510960719 | E22: ח.פ. | F22: עזריאלי קבוצה | G22: IL0011194789 | H22: ISIN | I22: מניות | J22: ישראל | K22: ישראל | L22: סחיר | M22: TASE | N22: נדל"ן מניב בישראל | O22: לא | P22: ILS | Q22: 210 | R22: 1 | S22: 40430 | U22: 84.903 | V22: 2e-06 | W22: 0.027441219 | X22: 0.0025033473
A23: 14076 | B23: 14077 | C23: בנק הפועלים בע"מ | D23: 520000118 | E23: ח.פ. | F23: פועלים | G23: IL0006625771 | H23: ISIN | I23: מניות | J23: ישראל | K23: ישראל | L23: סחיר | M23: TASE | N23: בנקים | O23: לא | P23: ILS | Q23: 1100 | R23: 1 | S23: 6859 | U23: 75.449 | V23: 1e-06 | W23: 0.024385623 | X23: 0.002224598
A24: 14076 | B24: 14077 | C24: מפעלי פ.מ.ס. מיגון בע"מ | D24: 520037284 | E24: ח.פ. | F24: פמס | G24: IL0003150104 | H24: ISIN | I24: מניות | J24: ישראל | K24: ישראל | L24: סחיר | M24: TASE | N24: אופנה והלבשה | O24: לא | P24: ILS | Q24: 160 | R24: 1 | S24: 22480 | U24: 35.968 | V24: 1.7e-05 | W24: 0.011625099 | X24: 0.001060509
A25: 14076 | B25: 14077 | C25: חברת פרטנר תקשורת בע"מ | D25: 520044314 | E25: ח.פ. | F25: פרטנר | G25: IL0010834849 | H25: ISIN | I25: מניות | J25: ישראל | K25: ישראל | L25: סחיר | M25: TASE | N25: תקשורת ומדיה | O25: לא | P25: ILS | Q25: 1820 | R25: 1 | S25: 3636 | U25: 66.175 | V25: 9e-06 | W25: 0.021388269 | X25: 0.001951162
A26: 14076 | B26: 14077 | C26: קבוצת אקרשטיין בע"מ | D26: 512714494 | E26: ח.פ. | F26: קבוצת אקרשטיין | G26: IL0011762056 | H26: ISIN | I26: מניות | J26: ישראל | K26: ישראל | L26: סחיר | M26: TASE | N26: מתכת ומוצרי בניה | O26: לא | P26: ILS | Q26: 4000 | R26: 1 | S26: 832.6 | U26: 33.304 | V26: 1.4e-05 | W26: 0.010764076 | X26: 0.0009819615
A27: 14076 | B27: 14077 | C27: ALPHABET INC | D27: 5493006MHB84DD0ZWV18 | E27: LEI | F27: ALPHABET INC CL C | G27: US02079K1079 | H27: ISIN | I27: מניות | J27: חו"ל | K27: ארה"ב | L27: סחיר | M27: NASDAQ | N27: Diversified Telecommunication Services | O27: לא | P27: USD | Q27: 150 | R27: 2.978 | S27: 35333 | U27: 157.833 | V27: 0 | W27: 0.051012527 | X27: 0.0046536587
... A31: 14076 | B31: 14077 | C31: קמטק בע"מ | D31: 511235434 | E31: ח.פ. | F31: Camtek Ltd | G31: IL0010952641 | H31: ISIN | I31: מניות | J31: חו"ל | K31: גלובלי | L31: סחיר | M31: NASDAQ | N31: Semiconductors & Semiconductor Equipment | O31: לא | P31: USD | Q31: 140 | R31: 2.978 | S31: 16312 | U31: 68.008 | V31: 3e-06 | W31: 0.021980639 | X31: 0.0020052014
A32: 14076 | B32: 14077 | C32: GLOBALFOUNDRIES ORD | D32: 549300BA76VK784VMX48 | E32: LEI | F32: GLOBALFOUNDRIES INC | G32: KYG393871085 | H32: ISIN | I32: מניות | J32: חו"ל | K32: ארה"ב | L32: סחיר | M32: NASDAQ | N32: Semiconductors & Semiconductor Equipment | O32: לא | P32: USD | Q32: 360 | R32: 2.978 | S32: 8241 | T32: 0.043 | U32: 88.479 | V32: 0 | W32: 0.02859693 | X32: 0.0026087779
A33: 14076 | B33: 14077 | C33: Meta Platforms Inc | D33: BQ4BKCS1HXDV9HN80Z93 | E33: LEI | F33: Meta Platforms, Inc | G33: US30303M1027 | H33: ISIN | I33: מניות | J33: חו"ל | K33: ארה"ב | L33: סחיר | M33: NASDAQ | N33: Diversified Telecommunication Services | O33: לא | P33: USD | Q33: 25 | R33: 2.978 | S33: 56329 | U33: 41.937 | V33: 0 | W33: 0.013554301 | X33: 0.0012365019
A34: 14076 | B34: 14077 | C34: MICROSOFT CORP | D34: INR2EJN1ERAN0W5ZP974 | E34: LEI | F34: Microsoft corp | G34: US5949181045 | H34: ISIN | I34: מניות | J34: חו"ל | K34: ארה"ב | L34: סחיר | M34: NASDAQ | N34: Software | O34: לא | P34: USD | Q34: 95 | R34: 2.978 | S34: 37302 | U34: 105.531 | V34: 0 | W34: 0.034108356 | X34: 0.0031115621
A35: 14076 | B35: 14077 | C35: נובה בע"מ | D35: 511812463 | E35: ח.פ. | F35: Nova measuring inst | G35: IL0010845571 | H35: ISIN | I35: מניות | J35: חו"ל | K35: גלובלי | L35: סחיר | M35: NASDAQ | N35: Semiconductors & Semiconductor Equipment | O35: לא | P35: USD | Q35: 100 | R35: 2.978 | S35: 54294 | U35: 161.688 | V35: 3e-06 | W35: 0.052258496 | X35: 0.0047673232
A36: 14076 | B36: 14077 | C36: NVIDIA CORP | D36: 549300S4KLFTLO7GSQ80 | E36: LEI | F36: Nvidia crop | G36: US67066G1040 | H36: ISIN | I36: מניות | J36: חו"ל | K36: ארה"ב | L36: סחיר | M36: NASDAQ | N36: Semiconductors & Semiconductor Equipment | O36: לא | P36: USD | Q36: 190 | R36: 2.978 | S36: 20009 | U36: 113.215 | V36: 0 | W36: 0.036591823 | X36: 0.0033381184
A37: 14076 | B37: 14079 | C37: אלביט מערכות בע"מ | D37: 520043027 | E37: ח.פ. | F37: אלביט מערכות | G37: IL0010811243 | H37: ISIN | I37: מניות | J37: ישראל | K37: ישראל | L37: סחיר | M37: TASE | N37: ביטחוניות | O37: לא | P37: ILS | Q37: 64 | R37: 1 | S37: 226000 | T37: 0.191 | U37: 144.831 | V37: 1e-06 | W37: 0.043310828 | X37: 0.008058925
A38: 14076 | B38: 14079 | C38: אלוני-חץ נכסים והשקעות בע"מ | D38: 520038506 | E38: ח.פ. | F38: אלוני חץ | G38: IL0003900136 | H38: ISIN | I38: מניות | J38: ישראל | K38: ישראל | L38: סחיר | M38: TASE | N38: נדל"ן מניב בישראל | O38: לא | P38: ILS | Q38: 1000 | R38: 1 | S38: 3316 | U38: 33.16 | V38: 4e-06 | W38: 0.0099162673 | X38: 0.001845138
A39: 14076 | B39: 14079 | C39: אנלייט אנרגיה מתחדשת בע"מ | D39: 520041146 | E39: ח.פ. | F39: אנלייט אנרגיה | G39: IL0007200111 | H39: ISIN | I39: מניות | J39: ישראל | K39: ארה"ב | L39: סחיר | M39: TASE | N39: אנרגיה מתחדשת | O39: לא | P39: ILS | Q39: 580 | R39: 1 | S39: 26300 | U39: 152.54 | V39: 4e-06 | W39: 0.045616026 | X39: 0.0084878572
A40: 14076 | B40: 14079 | C40: אנרג'יקס אנרגיות מתחדשות בע"מ | D40: 513901371 | E40: ח.פ. | F40: אנרג'יקס | G40: IL0011233553 | H40: ISIN | I40: מניות | J40: ישראל | K40: ישראל | L40: סחיר | M40: TASE | N40: אנרגיה מתחדשת | O40: לא | P40: ILS | Q40: 1590 | R40: 1 | S40: 2613 | U40: 41.547 | V40: 3e-06 | W40: 0.012424252 | X40: 0.0023118032
A41: 14076 | B41: 14079 | C41: בזק החברה הישראלית לתקשורת בע"מ | D41: 520031931 | E41: ח.פ. | F41: בזק | G41: IL0002300114 | H41: ISIN | I41: מניות | J41: ישראל | K41: ישראל | L41: סחיר | M41: TASE | N41: תקשורת ומדיה | O41: לא | P41: ILS | Q41: 11200 | R41: 1 | S41: 702.7 | U41: 78.702 | V41: 4e-06 | W41: 0.023535405 | X41: 0.0043792758
A42: 14076 | B42: 14079 | C42: ביג מרכזי קניות (2004) בע"מ | D42: 513623314 | E42: ח.פ. | F42: ביג | G42: IL0010972607 | H42: ISIN | I42: מניות | J42: ישראל | K42: ישראל | L42: סחיר | M42: TASE | N42: נדל"ן מניב בישראל | O42: לא | P42: ILS | Q42: 85 | R42: 1 | S42: 67510 | U42: 57.383 | V42: 3e-06 | W42: 0.017160136 | X42: 0.0031930179
A43: 14076 | B43: 14079 | C43: חברת גב-ים לקרקעות בע"מ | D43: 520001736 | E43: ח.פ. | F43: גב ים | G43: IL0007590198 | H43: ISIN | I43: מניות | J43: ישראל | K43: ישראל | L43: סחיר | M43: TASE | N43: נדל"ן מניב בישראל | O43: לא | P43: ILS | Q43: 700 | R43: 1 | S43: 3662 | U43: 25.634 | V43: 3e-06 | W43: 0.0076656693 | X43: 0.0014263651
A44: 14076 | B44: 14079 | C44: ג'נריישן ניהול בע"מ | D44: 515785012 | E44: ח.פ. | F44: ג'נריישן קפיטל | G44: IL0011569261 | H44: ISIN | I44: מניות | J44: ישראל | K44: ישראל | L44: סחיר | M44: TASE | N44: השקעה ואחזקות | O44: לא | P44: ILS | Q44: 17000 | R44: 1 | S44: 277 | U44: 47.09 | V44: 8e-06 | W44: 0.014081937 | X44: 0.0026202517
A45: 14076 | B45: 14079 | C45: בנק דיסקונט לישראל בע"מ | D45: 520007030 | E45: ח.פ. | F45: דיסקונט | G45: IL0006912120 | H45: ISIN | I45: מניות | J45: ישראל | K45: ישראל | L45: סחיר | M45: TASE | N45: בנקים | O45: לא | P45: ILS | Q45: 1900 | R45: 1 | S45: 2950 | U45: 56.05 | V45: 2e-06 | W45: 0.016761363 | X45: 0.0031188173
A46: 14076 | B46: 14079 | C46: י.ח.דמרי בניה ופיתוח בע"מ | D46: 511399388 | E46: ח.פ. | F46: דמרי | G46: IL0010903156 | H46: ISIN | I46: מניות | J46: ישראל | K46: ישראל | L46: סחיר | M46: TASE | N46: בנייה | O46: לא | P46: ILS | Q46: 100 | R46: 1 | S46: 35870 | U46: 35.87 | V46: 4e-06 | W46: 0.010726674 | X46: 0.0019959318
A47: 14076 | B47: 14079 | C47: הפניקס אחזקות בע"מ | D47: 520017450 | E47: ח.פ. | F47: הפניקס | G47: IL0007670123 | H47: ISIN | I47: מניות | J47: ישראל | K47: ישראל | L47: סחיר | M47: TASE | N47: ביטוח | O47: לא | P47: ILS | Q47: 700 | R47: 1 | S47: 16460 | U47: 115.22 | V47: 3e-06 | W47: 0.034455739 | X47: 0.0064112424
A48: 14076 | B48: 14079 | C48: הראל השקעות בביטוח ושרותים פיננסים בע"מ | D48: 520033986 | E48: ח.פ. | F48: הראל השקעות | G48: IL0005850180 | H48: ISIN | I48: מניות | J48: ישראל | K48: ישראל | L48: סחיר | M48: TASE | N48: ביטוח | O48: לא | P48: ILS | Q48: 360 | R48: 1 | S48: 15660 | T48: 0.875 | U48: 57.251 | V48: 2e-06 | W48: 0.017120453 | X48: 0.003185634
A49: 14076 | B49: 14079 | C49: טאואר סמיקונדקטור בע"מ | D49: 520041997 | E49: ח.פ. | F49: טאואר | G49: IL0010823792 | H49: ISIN | I49: מניות | J49: ישראל | K49: גלובלי | L49: סחיר | M49: TASE | N49: מוליכים למחצה | O49: לא | P49: ILS | Q49: 280 | R49: 1 | S49: 76440 | U49: 214.032 | V49: 2e-06 | W49: 0.06400478 | X49: 0.011909486
A50: 14076 | B50: 14079 | C50: טבע תעשיות פרמצבטיות בע"מ | D50: 520013954 | E50: ח.פ. | F50: טבע | G50: IL0006290147 | H50: ISIN | I50: מניות | J50: ישראל | K50: ארה"ב | L50: סחיר | M50: TASE | N50: פארמה | O50: לא | P50: ILS | Q50: 1805 | R50: 1 | S50: 9837 | U50: 177.558 | V50: 1e-06 | W50: 0.05309744 | X50: 0.0098799376
A51: 14076 | B51: 14079 | C51: ישראל קנדה (ט.ר) בעמ | D51: 520039298 | E51: ח.פ. | F51: ישראל קנדה | G51: IL0004340191 | H51: ISIN | I51: מניות | J51: ישראל | K51: ישראל | L51: סחיר | M51: TASE | N51: בנייה | O51: לא | P51: ILS | Q51: 1460 | R51: 1 | S51: 1759 | U51: 25.681 | V51: 4e-06 | W51: 0.007679844 | X51: 0.0014290026
A52: 14076 | B52: 14079 | C52: בנק לאומי לישראל בע"מ | D52: 520018078 | E52: ח.פ. | F52: לאומי | G52: IL0006046119 | H52: ISIN | I52: מניות | J52: ישראל | K52: ישראל | L52: סחיר | M52: TASE | N52: בנקים | O52: לא | P52: ILS | Q52: 3549 | R52: 1 | S52: 6653 | U52: 236.115 | V52: 2e-06 | W52: 0.070608539 | X52: 0.01313826
A53: 14076 | B53: 14079 | C53: מגה אור החזקות בע"מ | D53: 513257873 | E53: ח.פ. | F53: מגה אור | G53: IL0011044885 | H53: ISIN | I53: מניות | J53: ישראל | K53: ישראל | L53: סחיר | M53: TASE | N53: נדל"ן מניב בישראל | O53: לא | P53: ILS | Q53: 120 | R53: 1 | S53: 60000 | U53: 72 | V53: 3e-06 | W53: 0.021531099 | X53: 0.0040063309
A54: 14076 | B54: 14079 | C54: בנק מזרחי טפחות בע"מ | D54: 520000522 | E54: ח.פ. | F54: מזרחי טפחות | G54: IL0006954379 | H54: ISIN | I54: מניות | J54: ישראל | K54: ישראל | L54: סחיר | M54: TASE | N54: בנקים | O54: לא | P54: ILS | Q54: 200 | R54: 1 | S54: 19700 | U54: 39.4 | V54: 1e-06 | W54: 0.011782296 | X54: 0.0021923533
A55: 14076 | B55: 14079 | C55: מטריקס אי.טי בע"מ | D55: 520039413 | E55: ח.פ. | F55: מטריקס | G55: IL0004450156 | H55: ISIN | I55: מניות | J55: ישראל | K55: ישראל | L55: סחיר | M55: TASE | N55: שרותי מידע | O55: לא | P55: ILS | Q55: 280 | R55: 1 | S55: 7558 | T55: 0.272 | U55: 21.434 | V55: 3e-06 | W55: 0.0064096886 | X55: 0.0011926625
A56: 14076 | B56: 14079 | C56: מליסרון בע"מ | D56: 520037789 | E56: ח.פ. | F56: מליסרון | G56: IL0003230146 | H56: ISIN | I56: מניות | J56: ישראל | K56: ישראל | L56: סחיר | M56: TASE | N56: נדל"ן מניב בישראל | O56: לא | P56: ILS | Q56: 90 | R56: 1 | S56: 41770 | U56: 37.593 | V56: 2e-06 | W56: 0.011241925 | X56: 0.0020918055
A57: 14076 | B57: 14079 | C57: מנורה מבטחים החזקות בע"מ | D57: 520007469 | E57: ח.פ. | F57: מנורה מבטחים החזקות | G57: IL0005660183 | H57: ISIN | I57: מניות | J57: ישראל | K57: ישראל | L57: סחיר | M57: TASE | N57: ביטוח | O57: לא | P57: ILS | Q57: 80 | R57: 1 | S57: 44680 | U57: 35.744 | V57: 1e-06 | W57: 0.010688994 | X57: 0.0019889207
A58: 14076 | B58: 14079 | C58: נאוויטס פטרוליום, שותפות מוגבלת | D58: 550263107 | E58: מספר שותפות | F58: נאוויטס פט יהש | G58: IL0011419699 | H58: ISIN | I58: מניות | J58: ישראל | K58: ארה"ב | L58: סחיר | M58: TASE | N58: חיפושי נפט וגז | O58: לא | P58: ILS | Q58: 760 | R58: 1 | S58: 11950 | U58: 90.82 | V58: 6e-06 | W58: 0.027159089 | X58: 0.0050535413
A59: 14076 | B59: 14079 | C59: ניו-מד אנרג'י- שותפות מוגבלת | D59: 550013098 | E59: מספר שותפות | F59: ניו-מד אנרג'י יהש | G59: IL0004750209 | H59: ISIN | I59: מניות | J59: ישראל | K59: ישראל | L59: סחיר | M59: TASE | N59: חיפושי נפט וגז | O59: לא | P59: ILS | Q59: 3400 | R59: 1 | S59: 1560 | U59: 53.04 | V59: 3e-06 | W59: 0.015861243 | X59: 0.0029513305
A60: 14076 | B60: 14079 | C60: נייס מערכות בע"מ | D60: 520036872 | E60: ח.פ. | F60: נייס | G60: IL0002730112 | H60: ISIN | I60: מניות | J60: ישראל | K60: ארה"ב | L60: סחיר | M60: TASE | N60: תוכנה ואינטרנט | O60: לא | P60: ILS | Q60: 170 | R60: 1 | S60: 26760 | U60: 45.492 | V60: 2e-06 | W60: 0.013604066 | X60: 0.0025313334
A61: 14076 | B61: 14079 | C61: נקסט ויז'ן | D61: 514259019 | E61: ח.פ. | F61: נקסט ויז'ן | G61: IL0011765935 | H61: ISIN | I61: מניות | J61: ישראל | K61: ישראל | L61: סחיר | M61: TASE | N61: אלקטרוניקה ואופטיקה | O61: לא | P61: ILS | Q61: 530 | R61: 1 | S61: 24060 | U61: 127.518 | V61: 6e-06 | W61: 0.038133371 | X61: 0.0070955459
A62: 14076 | B62: 14079 | C62: קבוצת עזריאלי בע"מ (לשעבר קנית מימון) | D62: 510960719 | E62: ח.פ. | F62: עזריאלי קבוצה | G62: IL0011194789 | H62: ISIN | I62: מניות | J62: ישראל | K62: ישראל | L62: סחיר | M62: TASE | N62: נדל"ן מניב בישראל | O62: לא | P62: ILS | Q62: 220 | R62: 1 | S62: 40430 | U62: 88.946 | V62: 2e-06 | W62: 0.026598682 | X62: 0.0049492654
A63: 14076 | B63: 14079 | C63: בנק הפועלים בע"מ | D63: 520000118 | E63: ח.פ. | F63: פועלים | G63: IL0006625771 | H63: ISIN | I63: מניות | J63: ישראל | K63: ישראל | L63: סחיר | M63: TASE | N63: בנקים | O63: לא | P63: ILS | Q63: 3175 | R63: 1 | S63: 6859 | U63: 217.773 | V63: 2e-06 | W63: 0.065123575 | X63: 0.012117663
A64: 14076 | B64: 14079 | C64: מפעלי פ.מ.ס. מיגון בע"מ | D64: 520037284 | E64: ח.פ. | F64: פמס | G64: IL0003150104 | H64: ISIN | I64: מניות | J64: ישראל | K64: ישראל | L64: סחיר | M64: TASE | N64: אופנה והלבשה | O64: לא | P64: ILS | Q64: 280 | R64: 1 | S64: 22480 | U64: 62.944 | V64: 3e-05 | W64: 0.018822965 | X64: 0.0035024235
A65: 14076 | B65: 14079 | C65: חברת פרטנר תקשורת בע"מ | D65: 520044314 | E65: ח.פ. | F65: פרטנר | G65: IL0010834849 | H65: ISIN | I65: מניות | J65: ישראל | K65: ישראל | L65: סחיר | M65: TASE | N65: תקשורת ומדיה | O65: לא | P65: ILS | Q65: 1590 | R65: 1 | S65: 3636 | U65: 57.812 | V65: 8e-06 | W65: 0.017288396 | X65: 0.0032168834
A66: 14076 | B66: 14079 | C66: קבוצת אקרשטיין בע"מ | D66: 512714494 | E66: ח.פ. | F66: קבוצת אקרשטיין | G66: IL0011762056 | H66: ISIN | I66: מניות | J66: ישראל | K66: ישראל | L66: סחיר | M66: TASE | N66: מתכת ומוצרי בניה | O66: לא | P66: ILS | Q66: 1900 | R66: 1 | S66: 832.6 | U66: 15.819 | V66: 7e-06 | W66: 0.0047306815 | X66: 0.00088024655
A67: 14076 | B67: 14079 | C67: ALPHABET INC | D67: 5493006MHB84DD0ZWV18 | E67: LEI | F67: ALPHABET INC CL C | G67: US02079K1079 | H67: ISIN | I67: מניות | J67: חו"ל | K67: ארה"ב | L67: סחיר | M67: NASDAQ | N67: Diversified Telecommunication Services | O67: לא | P67: USD | Q67: 35 | R67: 2.978 | S67: 35333 | U67: 36.828 | V67: 0 | W67: 0.011013033 | X67: 0.0020492152
... A71: 14076 | B71: 14079 | C71: קמטק בע"מ | D71: 511235434 | E71: ח.פ. | F71: Camtek Ltd | G71: IL0010952641 | H71: ISIN | I71: מניות | J71: חו"ל | K71: גלובלי | L71: סחיר | M71: NASDAQ | N71: Semiconductors & Semiconductor Equipment | O71: לא | P71: USD | Q71: 145 | R71: 2.978 | S71: 16312 | U71: 70.437 | V71: 3e-06 | W71: 0.021063649 | X71: 0.0039193517
A72: 14076 | B72: 14079 | C72: GLOBALFOUNDRIES ORD | D72: 549300BA76VK784VMX48 | E72: LEI | F72: GLOBALFOUNDRIES INC | G72: KYG393871085 | H72: ISIN | I72: מניות | J72: חו"ל | K72: ארה"ב | L72: סחיר | M72: NASDAQ | N72: Semiconductors & Semiconductor Equipment | O72: לא | P72: USD | Q72: 380 | R72: 2.978 | S72: 8241 | T72: 0.046 | U72: 93.394 | V72: 0 | W72: 0.0279289 | X72: 0.0051967815
A73: 14076 | B73: 14079 | C73: Meta Platforms Inc | D73: BQ4BKCS1HXDV9HN80Z93 | E73: LEI | F73: Meta Platforms, Inc | G73: US30303M1027 | H73: ISIN | I73: מניות | J73: חו"ל | K73: ארה"ב | L73: סחיר | M73: NASDAQ | N73: Diversified Telecommunication Services | O73: לא | P73: USD | Q73: 25 | R73: 2.978 | S73: 56329 | U73: 41.937 | V73: 0 | W73: 0.01254095 | X73: 0.0023335175
A74: 14076 | B74: 14079 | C74: MICROSOFT CORP | D74: INR2EJN1ERAN0W5ZP974 | E74: LEI | F74: Microsoft corp | G74: US5949181045 | H74: ISIN | I74: מניות | J74: חו"ל | K74: ארה"ב | L74: סחיר | M74: NASDAQ | N74: Software | O74: לא | P74: USD | Q74: 95 | R74: 2.978 | S74: 37302 | U74: 105.531 | V74: 0 | W74: 0.031558338 | X74: 0.0058721175
A75: 14076 | B75: 14079 | C75: נובה בע"מ | D75: 511812463 | E75: ח.פ. | F75: Nova measuring inst | G75: IL0010845571 | H75: ISIN | I75: מניות | J75: חו"ל | K75: גלובלי | L75: סחיר | M75: NASDAQ | N75: Semiconductors & Semiconductor Equipment | O75: לא | P75: USD | Q75: 50 | R75: 2.978 | S75: 54294 | U75: 80.844 | V75: 2e-06 | W75: 0.024175766 | X75: 0.0044984289
A76: 14076 | B76: 14079 | C76: NVIDIA CORP | D76: 549300S4KLFTLO7GSQ80 | E76: LEI | F76: Nvidia crop | G76: US67066G1040 | H76: ISIN | I76: מניות | J76: חו"ל | K76: ארה"ב | L76: סחיר | M76: NASDAQ | N76: Semiconductors & Semiconductor Equipment | O76: לא | P76: USD | Q76: 155 | R76: 2.978 | S76: 20009 | U76: 92.36 | V76: 0 | W76: 0.027619479 | X76: 0.0051392069
A77: 14076 | B77: 14079 | C77: Palo alto networks inc | D77: 549300QXR2YVZV231H43 | E77: LEI | F77: Palo alto networks | G77: US6974351057 | H77: ISIN | I77: מניות | J77: חו"ל | K77: ארה"ב | L77: סחיר | M77: NASDAQ | N77: Software | O77: לא | P77: USD | Q77: 90 | R77: 2.978 | S77: 34102 | U77: 91.4 | V77: 0 | W77: 0.027332588 | X77: 0.0050858246
A78: 161 | B78: 9938 | C78: אורמת טכנולגיות אינק | D78: 5493000TSHHWY24VHM09 | E78: LEI | F78: אורמת טכנולוגיות | G78: US6866881021 | H78: ISIN | I78: מניות | J78: ישראל | K78: ארה"ב | L78: סחיר | M78: TASE | N78: אנרגיה מתחדשת | O78: לא | P78: ILS | Q78: 100 | R78: 1 | S78: 32500 | U78: 32.5 | V78: 2e-06 | W78: 0.0017353987 | X78: 0.00034890641
A79: 161 | B79: 9938 | C79: אלביט מערכות בע"מ | D79: 520043027 | E79: ח.פ. | F79: אלביט מערכות | G79: IL0010811243 | H79: ISIN | I79: מניות | J79: ישראל | K79: ישראל | L79: סחיר | M79: TASE | N79: ביטחוניות | O79: לא | P79: ILS | Q79: 331 | R79: 1 | S79: 226000 | T79: 0.99 | U79: 749.05 | V79: 7e-06 | W79: 0.039996937 | X79: 0.0080414879
A80: 161 | B80: 9938 | C80: אלוני-חץ נכסים והשקעות בע"מ | D80: 520038506 | E80: ח.פ. | F80: אלוני חץ | G80: IL0003900136 | H80: ISIN | I80: מניות | J80: ישראל | K80: ישראל | L80: סחיר | M80: TASE | N80: נדל"ן מניב בישראל | O80: לא | P80: ILS | Q80: 5500 | R80: 1 | S80: 3316 | U80: 182.38 | V80: 2.4e-05 | W80: 0.0097385236 | X80: 0.0019579554
A81: 161 | B81: 9938 | C81: אנלייט אנרגיה מתחדשת בע"מ | D81: 520041146 | E81: ח.פ. | F81: אנלייט אנרגיה | G81: IL0007200111 | H81: ISIN | I81: מניות | J81: ישראל | K81: ארה"ב | L81: סחיר | M81: TASE | N81: אנרגיה מתחדשת | O81: לא | P81: ILS | Q81: 4002.2 | R81: 1 | S81: 26300 | U81: 1052.579 | V81: 2.9e-05 | W81: 0.056204417 | X81: 0.011300044
A82: 161 | B82: 9938 | C82: אנרג'יקס אנרגיות מתחדשות בע"מ | D82: 513901371 | E82: ח.פ. | F82: אנרג'יקס | G82: IL0011233553 | H82: ISIN | I82: מניות | J82: ישראל | K82: ישראל | L82: סחיר | M82: TASE | N82: אנרגיה מתחדשת | O82: לא | P82: ILS | Q82: 12080 | R82: 1 | S82: 2613 | U82: 315.65 | V82: 2.1e-05 | W82: 0.016854748 | X82: 0.0033886907
A83: 161 | B83: 9938 | C83: בזק החברה הישראלית לתקשורת בע"מ | D83: 520031931 | E83: ח.פ. | F83: בזק | G83: IL0002300114 | H83: ISIN | I83: מניות | J83: ישראל | K83: ישראל | L83: סחיר | M83: TASE | N83: תקשורת ומדיה | O83: לא | P83: ILS | Q83: 58545 | R83: 1 | S83: 702.7 | U83: 411.396 | V83: 2.1e-05 | W83: 0.021967249 | X83: 0.0044165724
A84: 161 | B84: 9938 | C84: ביג מרכזי קניות (2004) בע"מ | D84: 513623314 | E84: ח.פ. | F84: ביג | G84: IL0010972607 | H84: ISIN | I84: מניות | J84: ישראל | K84: ישראל | L84: סחיר | M84: TASE | N84: נדל"ן מניב בישראל | O84: לא | P84: ILS | Q84: 410 | R84: 1 | S84: 67510 | U84: 276.791 | V84: 1.6e-05 | W84: 0.014779777 | X84: 0.0029715125
A85: 161 | B85: 9938 | C85: חברת גב-ים לקרקעות בע"מ | D85: 520001736 | E85: ח.פ. | F85: גב ים | G85: IL0007590198 | H85: ISIN | I85: מניות | J85: ישראל | K85: ישראל | L85: סחיר | M85: TASE | N85: נדל"ן מניב בישראל | O85: לא | P85: ILS | Q85: 3500 | R85: 1 | S85: 3662 | U85: 128.17 | V85: 1.6e-05 | W85: 0.0068438786 | X85: 0.0013759795
A86: 161 | B86: 9938 | C86: ג'נריישן ניהול בע"מ | D86: 515785012 | E86: ח.פ. | F86: ג'נריישן קפיטל | G86: IL0011569261 | H86: ISIN | I86: מניות | J86: ישראל | K86: ישראל | L86: סחיר | M86: TASE | N86: השקעה ואחזקות | O86: לא | P86: ILS | Q86: 56000 | R86: 1 | S86: 277 | U86: 155.12 | V86: 2.6e-05 | W86: 0.0082829246 | X86: 0.0016653035
A87: 161 | B87: 9938 | C87: בנק דיסקונט לישראל בע"מ | D87: 520007030 | E87: ח.פ. | F87: דיסקונט | G87: IL0006912120 | H87: ISIN | I87: מניות | J87: ישראל | K87: ישראל | L87: סחיר | M87: TASE | N87: בנקים | O87: לא | P87: ILS | Q87: 11345 | R87: 1 | S87: 2950 | U87: 334.678 | V87: 9e-06 | W87: 0.017870735 | X87: 0.0035929577
A88: 161 | B88: 9938 | C88: י.ח.דמרי בניה ופיתוח בע"מ | D88: 511399388 | E88: ח.פ. | F88: דמרי | G88: IL0010903156 | H88: ISIN | I88: מניות | J88: ישראל | K88: ישראל | L88: סחיר | M88: TASE | N88: בנייה | O88: לא | P88: ILS | Q88: 420 | R88: 1 | S88: 35870 | U88: 150.654 | V88: 1.8e-05 | W88: 0.0080444541 | X88: 0.0016173584
A89: 161 | B89: 9938 | C89: הפניקס אחזקות בע"מ | D89: 520017450 | E89: ח.פ. | F89: הפניקס | G89: IL0007670123 | H89: ISIN | I89: מניות | J89: ישראל | K89: ישראל | L89: סחיר | M89: TASE | N89: ביטוח | O89: לא | P89: ILS | Q89: 4643 | R89: 1 | S89: 16460 | U89: 764.238 | V89: 1.8e-05 | W89: 0.040807917 | X89: 0.0082045375
A90: 161 | B90: 9938 | C90: הראל השקעות בביטוח ושרותים פיננסים בע"מ | D90: 520033986 | E90: ח.פ. | F90: הראל השקעות | G90: IL0005850180 | H90: ISIN | I90: מניות | J90: ישראל | K90: ישראל | L90: סחיר | M90: TASE | N90: ביטוח | O90: לא | P90: ILS | Q90: 1500 | R90: 1 | S90: 15660 | T90: 3.645 | U90: 238.545 | V90: 7e-06 | W90: 0.01273756 | X90: 0.0025609194
A91: 161 | B91: 9938 | C91: טאואר סמיקונדקטור בע"מ | D91: 520041997 | E91: ח.פ. | F91: טאואר | G91: IL0010823792 | H91: ISIN | I91: מניות | J91: ישראל | K91: גלובלי | L91: סחיר | M91: TASE | N91: מוליכים למחצה | O91: לא | P91: ILS | Q91: 1010 | R91: 1 | S91: 76440 | U91: 772.044 | V91: 9e-06 | W91: 0.041224744 | X91: 0.0082883416
A92: 161 | B92: 9938 | C92: טבע תעשיות פרמצבטיות בע"מ | D92: 520013954 | E92: ח.פ. | F92: טבע | G92: IL0006290147 | H92: ISIN | I92: מניות | J92: ישראל | K92: ארה"ב | L92: סחיר | M92: TASE | N92: פארמה | O92: לא | P92: ILS | Q92: 10107 | R92: 1 | S92: 9837 | U92: 994.226 | V92: 8e-06 | W92: 0.053088548 | X92: 0.01067359
A93: 161 | B93: 9938 | C93: ישראל קנדה (ט.ר) בעמ | D93: 520039298 | E93: ח.פ. | F93: ישראל קנדה | G93: IL0004340191 | H93: ISIN | I93: מניות | J93: ישראל | K93: ישראל | L93: סחיר | M93: TASE | N93: בנייה | O93: לא | P93: ILS | Q93: 6119 | R93: 1 | S93: 1759 | U93: 107.633 | V93: 1.8e-05 | W93: 0.005747278 | X93: 0.0011555051
A94: 161 | B94: 9938 | C94: כלל החזקות עסקי ביטוח בע"מ | D94: 520036120 | E94: ח.פ. | F94: כלל ביטוח | G94: IL0002240146 | H94: ISIN | I94: מניות | J94: ישראל | K94: ישראל | L94: סחיר | M94: TASE | N94: ביטוח | O94: לא | P94: ILS | Q94: 970 | R94: 1 | S94: 22840 | U94: 221.548 | V94: 1.2e-05 | W94: 0.011829973 | X94: 0.0023784467
A95: 161 | B95: 9938 | C95: בנק לאומי לישראל בע"מ | D95: 520018078 | E95: ח.פ. | F95: לאומי | G95: IL0006046119 | H95: ISIN | I95: מניות | J95: ישראל | K95: ישראל | L95: סחיר | M95: TASE | N95: בנקים | O95: לא | P95: ILS | Q95: 18111 | R95: 1 | S95: 6653 | U95: 1204.925 | V95: 1.1e-05 | W95: 0.064339231 | X95: 0.012935569
A96: 161 | B96: 9938 | C96: מגה אור החזקות בע"מ | D96: 513257873 | E96: ח.פ. | F96: מגה אור | G96: IL0011044885 | H96: ISIN | I96: מניות | J96: ישראל | K96: ישראל | L96: סחיר | M96: TASE | N96: נדל"ן מניב בישראל | O96: לא | P96: ILS | Q96: 520 | R96: 1 | S96: 60000 | U96: 312 | V96: 1.4e-05 | W96: 0.016659828 | X96: 0.0033495016
A97: 161 | B97: 9938 | C97: בנק מזרחי טפחות בע"מ | D97: 520000522 | E97: ח.פ. | F97: מזרחי טפחות | G97: IL0006954379 | H97: ISIN | I97: מניות | J97: ישראל | K97: ישראל | L97: סחיר | M97: TASE | N97: בנקים | O97: לא | P97: ILS | Q97: 1565 | R97: 1 | S97: 19700 | U97: 308.305 | V97: 6e-06 | W97: 0.016462526 | X97: 0.0033098336
A98: 161 | B98: 9938 | C98: מטריקס אי.טי בע"מ | D98: 520039413 | E98: ח.פ. | F98: מטריקס | G98: IL0004450156 | H98: ISIN | I98: מניות | J98: ישראל | K98: ישראל | L98: סחיר | M98: TASE | N98: שרותי מידע | O98: לא | P98: ILS | Q98: 1200 | R98: 1 | S98: 7558 | T98: 1.164 | U98: 91.86 | V98: 1.3e-05 | W98: 0.0049050377 | X98: 0.00098617056
A99: 161 | B99: 9938 | C99: מליסרון בע"מ | D99: 520037789 | E99: ח.פ. | F99: מליסרון | G99: IL0003230146 | H99: ISIN | I99: מניות | J99: ישראל | K99: ישראל | L99: סחיר | M99: TASE | N99: נדל"ן מניב בישראל | O99: לא | P99: ILS | Q99: 954 | R99: 1 | S99: 41770 | U99: 398.486 | V99: 2e-05 | W99: 0.0212779 | X99: 0.004277977
A100: 161 | B100: 9938 | C100: מנורה מבטחים החזקות בע"מ | D100: 520007469 | E100: ח.פ. | F100: מנורה מבטחים החזקות | G100: IL0005660183 | H100: ISIN | I100: מניות | J100: ישראל | K100: ישראל | L100: סחיר | M100: TASE | N100: ביטוח | O100: לא | P100: ILS | Q100: 400 | R100: 1 | S100: 44680 | U100: 178.72 | V100: 6e-06 | W100: 0.009543091 | X100: 0.0019186632
A101: 161 | B101: 9938 | C101: נאוויטס פטרוליום, שותפות מוגבלת | D101: 550263107 | E101: מספר שותפות | F101: נאוויטס פט יהש | G101: IL0011419699 | H101: ISIN | I101: מניות | J101: ישראל | K101: ארה"ב | L101: סחיר | M101: TASE | N101: חיפושי נפט וגז | O101: לא | P101: ILS | Q101: 5230 | R101: 1 | S101: 11950 | U101: 624.985 | V101: 4.4e-05 | W101: 0.033372251 | X101: 0.0067095777
A102: 161 | B102: 9938 | C102: נובה בע"מ | D102: 511812463 | E102: ח.פ. | F102: נובה | G102: IL0010845571 | H102: ISIN | I102: מניות | J102: ישראל | K102: גלובלי | L102: סחיר | M102: TASE | N102: מוליכים למחצה | O102: לא | P102: ILS | Q102: 340 | R102: 1 | S102: 157500 | U102: 535.5 | V102: 1.1e-05 | W102: 0.028594031 | X102: 0.0057489041
A103: 161 | B103: 9938 | C103: ניו-מד אנרג'י- שותפות מוגבלת | D103: 550013098 | E103: מספר שותפות | F103: ניו-מד אנרג'י יהש | G103: IL0004750209 | H103: ISIN | I103: מניות | J103: ישראל | K103: ישראל | L103: סחיר | M103: TASE | N103: חיפושי נפט וגז | O103: לא | P103: ILS | Q103: 16825 | R103: 1 | S103: 1560 | U103: 262.47 | V103: 1.4e-05 | W103: 0.01401508 | X103: 0.0028177682
A104: 161 | B104: 9938 | C104: נייס מערכות בע"מ | D104: 520036872 | E104: ח.פ. | F104: נייס | G104: IL0002730112 | H104: ISIN | I104: מניות | J104: ישראל | K104: ארה"ב | L104: סחיר | M104: TASE | N104: תוכנה ואינטרנט | O104: לא | P104: ILS | Q104: 508 | R104: 1 | S104: 26760 | U104: 135.941 | V104: 7e-06 | W104: 0.0072588151 | X104: 0.0014594036
A105: 161 | B105: 9938 | C105: נקסט ויז'ן | D105: 514259019 | E105: ח.פ. | F105: נקסט ויז'ן | G105: IL0011765935 | H105: ISIN | I105: מניות | J105: ישראל | K105: ישראל | L105: סחיר | M105: TASE | N105: אלקטרוניקה ואופטיקה | O105: לא | P105: ILS | Q105: 2630 | R105: 1 | S105: 24060 | U105: 632.778 | V105: 2.8e-05 | W105: 0.033788373 | X105: 0.0067932401
A106: 161 | B106: 9938 | C106: קבוצת עזריאלי בע"מ (לשעבר קנית מימון) | D106: 510960719 | E106: ח.פ. | F106: עזריאלי קבוצה | G106: IL0011194789 | H106: ISIN | I106: מניות | J106: ישראל | K106: ישראל | L106: סחיר | M106: TASE | N106: נדל"ן מניב בישראל | O106: לא | P106: ILS | Q106: 699 | R106: 1 | S106: 40430 | U106: 282.606 | V106: 6e-06 | W106: 0.015090264 | X106: 0.0030339366
...

Sheet קרנות סל
A1: מספר קופה/קרן/ח.פ. עבור חברת ביטוח | B1: מספר מסלול | C1: שם מנפיק | D1: מספר מנפיק | E1: סוג מספר מזהה מנפיק | F1: שם נייר ערך | G1: מספר נייר ערך | H1: סוג מספר נייר ערך | I1: מאפיין עיקרי | J1: ישראל/חו"ל | K1: מדינה לפי חשיפה כלכלית | L1: זירת מסחר | M1: סיווג הקרן | N1: בעל עניין/צד קשור | O1: מטבע פעילות | P1: ערך נקוב (יחידות) | Q1: שער חליפין | R1: שער נייר הערך | S1: סכום לקבל (במטבע הפעילות) | T1: שווי הוגן (באלפי ש"ח) | U1: שיעור מערך נקוב מונפק | V1: שיעור מנכסי אפיק ההשקעה | W1: שיעור מסך נכסי ההשקעה
A2: 14076 | B2: 14077 | C2: מגדל קרנות נאמנות בע"מ | D2: 511303661 | E2: ח.פ. | F2: MTF סל תא 125 | G2: IL0011502833 | H2: ISIN | I2: עוקב אחר מדדי מניות בישראל | J2: ישראל | K2: ישראל | L2: TASE | M2: 125 מניות בארץ - מניות כללי-ת"א | N2: לא | O2: ILS | P2: 7379 | Q2: 1 | R2: 6154 | T2: 454.104 | U2: 7e-05 | V2: 0.020644805 | W2: 0.013389152
A3: 14076 | B3: 14077 | C3: מגדל קרנות נאמנות בע"מ | D3: 511303661 | E3: ח.פ. | F3: MTF סל תלבונד 60 | G3: IL0011499964 | H3: ISIN | I3: עוקב אחר מדדים אחרים בישראל | J3: ישראל | K3: ישראל | L3: TASE | M3: 60 אג"ח בארץ - חברות והמרה-תל בונד צמוד מדד-תל בונד | N3: לא | O3: ILS | P3: 141468 | Q3: 1 | R3: 519.03 | T3: 734.261 | U3: 0.000674 | V3: 0.033381547 | W3: 0.021649543
A4: 14076 | B4: 14077 | C4: מגדל קרנות נאמנות בע"מ | D4: 511303661 | E4: ח.פ. | F4: MTF500SP ממ | G4: IL0011505729 | H4: ISIN | I4: עוקב אחר מדדי מניות בחו"ל | J4: ישראל | K4: ארה"ב | L4: TASE | M4: S&P 500 - מניות בחו"ל - מניות גיאוגרפי - מנוטרלת מט"ח-ארה"ב | N4: לא | O4: ILS | P4: 28604 | Q4: 1 | R4: 9399 | T4: 2688.49 | U4: 0.001174 | V4: 0.12222617 | W4: 0.079269566
A5: 14076 | B5: 14077 | C5: הראל קרנות נאמנות בע"מ | D5: 511776783 | E5: ח.פ. | F5: הראל סל 4A S&P 500 מנוטרלת | G5: IL0011491375 | H5: ISIN | I5: עוקב אחר מדדי מניות בחו"ל | J5: ישראל | K5: ארה"ב | L5: TASE | M5: S&P 500 - מניות בחו"ל - מניות גיאוגרפי - מנוטרלת מט"ח-ארה"ב | N5: לא | O5: ILS | P5: 2300 | Q5: 1 | R5: 7085 | T5: 162.955 | U5: 1.9e-05 | V5: 0.0074083838 | W5: 0.0048046942
A6: 14076 | B6: 14077 | C6: הראל קרנות נאמנות בע"מ | D6: 511776783 | E6: ח.פ. | F6: הראל סל תא 90 | G6: IL0011489312 | H6: ISIN | I6: עוקב אחר מדדי מניות בישראל | J6: ישראל | K6: ישראל | L6: TASE | M6: 90 מניות בארץ - מניות כללי-ת"א | N6: לא | O6: ILS | P6: 5852 | Q6: 1 | R6: 3502 | T6: 204.937 | U6: 2.3e-05 | V6: 0.0093170032 | W6: 0.0060425259
A7: 14076 | B7: 14077 | C7: הראל קרנות נאמנות בע"מ | D7: 511776783 | E7: ח.פ. | F7: הראל סל תא נדלן | G7: IL0011489643 | H7: ISIN | I7: עוקב אחר מדדי מניות בישראל | J7: ישראל | K7: ישראל | L7: TASE | M7: מניות בארץ - מניות לפי ענפים-ת"א נדל"ן | N7: לא | O7: ILS | P7: 36080 | Q7: 1 | R7: 1343 | T7: 484.554 | U7: 0.000668 | V7: 0.02202918 | W7: 0.014286985
A8: 14076 | B8: 14077 | C8: הראל קרנות נאמנות בע"מ | D8: 511776783 | E8: ח.פ. | F8: הראל סל תל בונד שקלי | G8: IL0011505232 | H8: ISIN | I8: עוקב אחר מדדים אחרים בישראל | J8: ישראל | K8: ישראל | L8: TASE | M8: אג"ח בארץ - חברות והמרה-תל בונד שקלי-תל בונד שקלי- אחר | N8: לא | O8: ILS | P8: 282820 | Q8: 1 | R8: 440.02 | T8: 1244.465 | U8: 0.000855 | V8: 0.056576792 | W8: 0.036692778
A9: 14076 | B9: 14077 | C9: הראל קרנות נאמנות בע"מ | D9: 511776783 | E9: ח.פ. | F9: הראל סל.תא 35 | G9: IL0011489072 | H9: ISIN | I9: עוקב אחר מדדי מניות בישראל | J9: ישראל | K9: ישראל | L9: TASE | M9: 35 מניות בארץ - מניות כללי-ת"א | N9: לא | O9: ILS | P9: 5430 | Q9: 1 | R9: 3992 | T9: 216.766 | U9: 6.4e-05 | V9: 0.0098547621 | W9: 0.0063912885
A10: 14076 | B10: 14077 | C10: הראל קרנות נאמנות בע"מ | D10: 511776783 | E10: ח.פ. | F10: הראל קרן סל תא 125 | G10: IL0011488991 | H10: ISIN | I10: עוקב אחר מדדי מניות בישראל | J10: ישראל | K10: ישראל | L10: TASE | M10: 125 מניות בארץ - מניות כללי-ת"א | N10: לא | O10: ILS | P10: 19311 | Q10: 1 | R10: 3912 | T10: 755.446 | U10: 9.4e-05 | V10: 0.034344674 | W10: 0.022274177
A11: 14076 | B11: 14077 | C11: מור ניהול קרנות נאמנות בע"מ | D11: 514884485 | E11: ח.פ. | F11: מור סל (A4) ת"א -125 | G11: IL0011961534 | H11: ISIN | I11: עוקב אחר מדדי מניות בישראל | J11: ישראל | K11: ישראל | L11: TASE | M11: 125 מניות בארץ - מניות כללי-ת"א | N11: לא | O11: ILS | P11: 9411 | Q11: 1 | R11: 10840 | T11: 1020.152 | U11: 0.000509 | V11: 0.046378942 | W11: 0.030078981
A12: 14076 | B12: 14077 | C12: מור ניהול קרנות נאמנות בע"מ | D12: 514884485 | E12: ח.פ. | F12: מור סל )4A( ת"א35- | G12: IL0011943805 | H12: ISIN | I12: עוקב אחר מדדי מניות בישראל | J12: ישראל | K12: ישראל | L12: TASE | M12: 35 מניות בארץ - מניות כללי-ת"א | N12: לא | O12: ILS | P12: 2260 | Q12: 1 | R12: 11460 | T12: 258.996 | U12: 0.000251 | V12: 0.011774673 | W12: 0.0076364431
A13: 14076 | B13: 14077 | C13: מור ניהול קרנות נאמנות בע"מ | D13: 514884485 | E13: ח.פ. | F13: מור סל S&P 500 ממ | G13: IL0011658288 | H13: ISIN | I13: עוקב אחר מדדי מניות בחו"ל | J13: ישראל | K13: ארה"ב | L13: TASE | M13: S&P 500 - מניות בחו"ל - מניות גיאוגרפי - מנוטרלת מט"ח-ארה"ב | N13: לא | O13: ILS | P13: 12590 | Q13: 1 | R13: 11540 | T13: 1452.886 | U13: 0.000933 | V13: 0.066052206 | W13: 0.042838041
... A19: 14076 | B19: 14077 | C19: State Street Corp | D19: 07F5H7W3ET8ZLWNMFP29 | E19: LEI | F19: Amex tech sel indx | G19: US81369Y8030 | H19: ISIN | I19: עוקב אחר מדדי מניות בחו"ל | J19: חו"ל | K19: ארה"ב | L19: NYSE | M19: Technology מניות בחו"ל - מניות לפי ענפים בחו"ל - חשופת מט"ח-ארה"ב- מניות | N19: לא | O19: USD | P19: 1994 | Q19: 2.978 | R19: 19052 | T19: 1131.333 | U19: 7e-06 | V19: 0.051433515 | W19: 0.033357115
A20: 14076 | B20: 14077 | C20: First trust | D20: 549300ZLB3EUU3H8NE60 | E20: LEI | F20: FIRST TR NCESGII | G20: US33737A1088 | H20: ISIN | I20: עוקב אחר מדדי מניות בחו"ל | J20: חו"ל | K20: גלובלי | L20: NASDAQ | M20: מניות בחו"ל - מניות בחו"ל משולבת | N20: לא | O20: USD | P20: 190 | Q20: 2.978 | R20: 19175 | S20: 0.144 | T20: 108.923 | U20: 1.7e-05 | V20: 0.0049519617 | W20: 0.003211586
A21: 14076 | B21: 14077 | C21: BlackRock Asset Managment | D21: 549300LRIF3NWCU26A80 | E21: LEI | F21: ISH CORE ERSTX50 | G21: DE0005933956 | H21: ISIN | I21: עוקב אחר מדדי מניות בחו"ל | J21: חו"ל | K21: אירופה | L21: FWB | M21: Equity Funds | N21: לא | O21: EUR | P21: 2198 | Q21: 3.3945 | R21: 6442 | T21: 480.645 | U21: 1.5e-05 | V21: 0.021851437 | W21: 0.014171711
A22: 14076 | B22: 14077 | C22: BlackRock Asset Managment | D22: 549300LRIF3NWCU26A80 | E22: LEI | F22: ISH S&P US BANKS | G22: IE00BD3V0B10 | H22: ISIN | I22: עוקב אחר מדדי מניות בחו"ל | J22: חו"ל | K22: ארה"ב | L22: NYSE | M22: Regional Banks מניות בחו"ל - מניות לפי ענפים בחו"ל - חשופת מט"ח-ארה"ב- מניות | N22: לא | O22: USD | P22: 2160 | Q22: 2.978 | R22: 852.7 | T22: 54.85 | U22: 0 | V22: 0.0024936213 | W22: 0.0016172336
A23: 14076 | B23: 14077 | C23: BlackRock Asset Managment | D23: 549300LRIF3NWCU26A80 | E23: LEI | F23: Ishares core s&p 500 etf | G23: US4642872000 | H23: ISIN | I23: עוקב אחר מדדי מניות בחו"ל | J23: חו"ל | K23: ארה"ב | L23: NYSE | M23: S&P 500 - מניות בחו"ל - מניות גיאוגרפי - חשופת מט"ח-ארה"ב | N23: לא | O23: USD | P23: 298 | Q23: 2.978 | R23: 74889 | T23: 664.598 | U23: 0 | V23: 0.030214456 | W23: 0.019595532
A24: 14076 | B24: 14077 | C24: BlackRock Asset Managment | D24: 549300LRIF3NWCU26A80 | E24: LEI | F24: ISHARES EXPANDED | G24: US4642875151 | H24: ISIN | I24: עוקב אחר מדדי מניות בחו"ל | J24: חו"ל | K24: ארה"ב | L24: NYSE | M24: מניות בחו"ל - מניות בחו"ל משולבת | N24: לא | O24: USD | P24: 560 | Q24: 2.978 | R24: 9060 | T24: 151.092 | U24: 3.7e-05 | V24: 0.0068690504 | W24: 0.0044549105
A25: 14076 | B25: 14077 | C25: BlackRock Asset Managment | D25: 549300LRIF3NWCU26A80 | E25: LEI | F25: ISHARES GLOBAL | G25: US4642882249 | H25: ISIN | I25: עוקב אחר מדדי מניות בחו"ל | J25: חו"ל | K25: גלובלי | L25: NASDAQ | M25: מניות בחו"ל - מניות בחו"ל משולבת | N25: לא | O25: USD | P25: 1500 | Q25: 2.978 | R25: 2049 | T25: 91.529 | U25: 6e-06 | V25: 0.0041611531 | W25: 0.0026987085
A26: 14076 | B26: 14077 | C26: BlackRock Asset Managment | D26: 549300LRIF3NWCU26A80 | E26: LEI | F26: ISHARES U.S.BR | G26: US4642887941 | H26: ISIN | I26: עוקב אחר מדדי מניות בחו"ל | J26: חו"ל | K26: ארה"ב | L26: NYSE | M26: מניות בחו"ל - מניות בחו"ל משולבת | N26: לא | O26: USD | P26: 130 | Q26: 2.978 | R26: 17533 | T26: 67.877 | U26: 2.8e-05 | V26: 0.0030858873 | W26: 0.0020013467
A27: 14076 | B27: 14077 | C27: KRANESHARES | D27: 549300VLDRC0RUX0E553 | E27: LEI | F27: KraneShares Csi China Internet Etf | G27: US5007673065 | H27: ISIN | I27: עוקב אחר מדדי מניות בחו"ל | J27: חו"ל | K27: סין | L27: NYSE | M27: FTSE China 50 - מניות בחו"ל - מניות גיאוגרפי - חשופת מט"ח-אסיה סין | N27: לא | O27: USD | P27: 470 | Q27: 2.978 | R27: 2447 | T27: 34.25 | U27: 2e-06 | V27: 0.0015570849 | W27: 0.0010098447
A28: 14076 | B28: 14077 | C28: LYXOR ETF | D28: 213800VZW861M5FHMD50 | E28: LEI | F28: LYX EUR STX BNKS | G28: LU1829219390 | H28: ISIN | I28: עוקב אחר מדדי מניות בחו"ל | J28: חו"ל | K28: גלובלי | L28: אחר | M28: Equity Funds | N28: לא | O28: EUR | P28: 110 | Q28: 3.3945 | R28: 37005 | T28: 138.175 | U28: 1.8e-05 | V28: 0.0062818085 | W28: 0.0040740558
A29: 14076 | B29: 14077 | C29: SSGA SPOR ETFS | D29: 07F5H7W3ET8ZLWNMFP29 | E29: LEI | F29: SPDR MSCI EM | G29: IE00B469F816 | H29: ISIN | I29: עוקב אחר מדדי מניות בחו"ל | J29: חו"ל | K29: Emerging Markets - Europe, Middle East & Africa | L29: אחר | M29: Equity Funds | N29: לא | O29: USD | P29: 2085 | Q29: 2.978 | R29: 10670 | T29: 662.514 | U29: 0 | V29: 0.030119722 | W29: 0.019534092
A30: 14076 | B30: 14077 | C30: State Street Corp | D30: 07F5H7W3ET8ZLWNMFP29 | E30: LEI | F30: SPDR PORT SP 500 | G30: US78464A8541 | H30: ISIN | I30: עוקב אחר מדדי מניות בחו"ל | J30: חו"ל | K30: ארה"ב | L30: NYSE | M30: S&P 500 - מניות בחו"ל - מניות גיאוגרפי - חשופת מט"ח-ארה"ב | N30: לא | O30: USD | P30: 2758 | Q30: 2.978 | R30: 8788 | T30: 721.787 | U30: 9e-06 | V30: 0.032814424 | W30: 0.021281737
A31: 14076 | B31: 14077 | C31: State Street Corp | D31: 07F5H7W3ET8ZLWNMFP29 | E31: LEI | F31: SPDR US FINCLS | G31: IE00BWBXM500 | H31: ISIN | I31: עוקב אחר מדדי מניות בחו"ל | J31: חו"ל | K31: ארה"ב | L31: LSE | M31: מניות בחו"ל - מניות בחו"ל משולבת | N31: לא | O31: USD | P31: 1613 | Q31: 2.978 | R31: 6375 | T31: 306.224 | U31: 5e-06 | V31: 0.013921789 | W31: 0.0090289513
A32: 14076 | B32: 14077 | C32: Van Eck ETF | D32: 549300ZLFKNTXC51ZN76 | E32: LEI | F32: VANECK DFNS ETF | G32: IE000YYE6WK5 | H32: ISIN | I32: עוקב אחר מדדי מניות בחו"ל | J32: חו"ל | K32: גלובלי | L32: NYSE | M32: Equity Funds | N32: לא | O32: USD | P32: 440 | Q32: 2.978 | R32: 5716 | T32: 74.898 | U32: 1.5e-05 | V32: 0.0034050647 | W32: 0.0022083487
A33: 14076 | B33: 14077 | C33: Vanguard Group | D33: 549300Y88GQ3VLJIBX57 | E33: LEI | F33: Vanguard S&P 500 etf | G33: US9229083632 | H33: ISIN | I33: עוקב אחר מדדי מניות בחו"ל | J33: חו"ל | K33: ארה"ב | L33: NYSE | M33: S&P 500 - מניות בחו"ל - מניות גיאוגרפי - חשופת מט"ח-ארה"ב | N33: לא | O33: USD | P33: 235 | Q33: 2.978 | R33: 68681 | S33: 0.461 | T33: 482.023 | U33: 0 | V33: 0.021914116 | W33: 0.014212361
A34: 14076 | B34: 14077 | C34: WisdomTree Europe ltd | D34: 213800B789JS6Y4H8936 | E34: LEI | F34: Wisdomtree Japan | G34: US97717W8516 | H34: ISIN | I34: עוקב אחר מדדי מניות בחו"ל | J34: חו"ל | K34: יפן | L34: NYSE | M34: NIKKEI 225 - מניות בחו"ל - מניות גיאוגרפי - חשופת מט"ח-אסיה יפן | N34: לא | O34: USD | P34: 490 | Q34: 2.978 | R34: 17352 | T34: 253.204 | U34: 1.6e-05 | V34: 0.011511346 | W34: 0.0074656629
A35: 14076 | B35: 14078 | C35: מגדל קרנות נאמנות בע"מ | D35: 511303661 | E35: ח.פ. | F35: MTF סל תא 125 | G35: IL0011502833 | H35: ISIN | I35: עוקב אחר מדדי מניות בישראל | J35: ישראל | K35: ישראל | L35: TASE | M35: 125 מניות בארץ - מניות כללי-ת"א | N35: לא | O35: ILS | P35: 4643 | Q35: 1 | R35: 6154 | T35: 285.73 | U35: 4.4e-05 | V35: 0.10614325 | W35: 0.0694192
A36: 14076 | B36: 14078 | C36: מגדל קרנות נאמנות בע"מ | D36: 511303661 | E36: ח.פ. | F36: MTF.תלבונדשקלי | G36: IL0011500027 | H36: ISIN | I36: עוקב אחר מדדים אחרים בישראל | J36: ישראל | K36: ישראל | L36: TASE | M36: אג"ח בארץ - חברות והמרה-תל בונד שקלי-תל בונד שקלי- אחר | N36: לא | O36: ILS | P36: 48545 | Q36: 1 | R36: 511.44 | T36: 248.279 | U36: 0.000197 | V36: 0.09223068 | W36: 0.060320179
A37: 14076 | B37: 14078 | C37: מגדל קרנות נאמנות בע"מ | D37: 511303661 | E37: ח.פ. | F37: MTF500SP ממ | G37: IL0011505729 | H37: ISIN | I37: עוקב אחר מדדי מניות בחו"ל | J37: ישראל | K37: ארה"ב | L37: TASE | M37: S&P 500 - מניות בחו"ל - מניות גיאוגרפי - מנוטרלת מט"ח-ארה"ב | N37: לא | O37: ILS | P37: 270 | Q37: 1 | R37: 9399 | T37: 25.377 | U37: 1.1e-05 | V37: 0.0094271763 | W37: 0.0061655076
A38: 14076 | B38: 14078 | C38: BlackRock Asset Managment | D38: 549300LRIF3NWCU26A80 | E38: LEI | F38: איישרס חוץ S&P500 INDEX | G38: IE00B5BMR087 | H38: ISIN | I38: עוקב אחר מדדי מניות בחו"ל | J38: ישראל | K38: ארה"ב | L38: TASE | M38: S&P 500 - מניות בחו"ל - מניות גיאוגרפי - חשופת מט"ח-ארה"ב | N38: לא | O38: ILS | P38: 86 | Q38: 1 | R38: 238800 | T38: 205.368 | U38: 2.7e-05 | V38: 0.076290241 | W38: 0.049894905
A39: 14076 | B39: 14078 | C39: הראל קרנות נאמנות בע"מ | D39: 511776783 | E39: ח.פ. | F39: הראל סל תא 90 | G39: IL0011489312 | H39: ISIN | I39: עוקב אחר מדדי מניות בישראל | J39: ישראל | K39: ישראל | L39: TASE | M39: 90 מניות בארץ - מניות כללי-ת"א | N39: לא | O39: ILS | P39: 1762 | Q39: 1 | R39: 3502 | T39: 61.705 | U39: 7e-06 | V39: 0.022922304 | W39: 0.014991513
A40: 14076 | B40: 14078 | C40: הראל קרנות נאמנות בע"מ | D40: 511776783 | E40: ח.פ. | F40: הראל סל תל בונד 60 | G40: IL0011504730 | H40: ISIN | I40: עוקב אחר מדדים אחרים בישראל | J40: ישראל | K40: ישראל | L40: TASE | M40: 60 אג"ח בארץ - חברות והמרה-תל בונד צמוד מדד-תל בונד | N40: לא | O40: ILS | P40: 60891 | Q40: 1 | R40: 406.34 | T40: 247.424 | U40: 0.000197 | V40: 0.091913414 | W40: 0.060112683
A41: 14076 | B41: 14078 | C41: הראל קרנות נאמנות בע"מ | D41: 511776783 | E41: ח.פ. | F41: הראל סל תל בונד שקלי | G41: IL0011505232 | H41: ISIN | I41: עוקב אחר מדדים אחרים בישראל | J41: ישראל | K41: ישראל | L41: TASE | M41: אג"ח בארץ - חברות והמרה-תל בונד שקלי-תל בונד שקלי- אחר | N41: לא | O41: ILS | P41: 47031 | Q41: 1 | R41: 440.02 | T41: 206.946 | U41: 0.000142 | V41: 0.076876366 | W41: 0.050278239
A42: 14076 | B42: 14078 | C42: מור ניהול קרנות נאמנות בע"מ | D42: 514884485 | E42: ח.פ. | F42: מור סל )4D(י NASDAQ 100 | G42: IL0011658361 | H42: ISIN | I42: עוקב אחר מדדי מניות בחו"ל | J42: ישראל | K42: ארה"ב | L42: TASE | M42: NASDAQ 100 - מניות בחו"ל - מניות גיאוגרפי - חשופת מט"ח-ארה"ב | N42: לא | O42: ILS | P42: 891 | Q42: 1 | R42: 13550 | T42: 120.731 | U42: 9.4e-05 | V42: 0.044849046 | W42: 0.029331916
A43: 14076 | B43: 14078 | C43: קסם קרנות נאמנות בע"מ | D43: 510938608 | E43: ח.פ. | F43: קסם קרן סל תל בונד 60 | G43: IL0011462327 | H43: ISIN | I43: עוקב אחר מדדים אחרים בישראל | J43: ישראל | K43: ישראל | L43: TASE | M43: 60 אג"ח בארץ - חברות והמרה-תל בונד צמוד מדד-תל בונד | N43: לא | O43: ILS | P43: 6101 | Q43: 1 | R43: 4056.02 | T43: 247.458 | U43: 8.5e-05 | V43: 0.091925781 | W43: 0.060120771
A44: 14076 | B44: 14078 | C44: קסם קרנות נאמנות בע"מ | D44: 510938608 | E44: ח.פ. | F44: קסם תל בונד שקלי | G44: IL0011464141 | H44: ISIN | I44: עוקב אחר מדדים אחרים בישראל | J44: ישראל | K44: ישראל | L44: TASE | M44: אג"ח בארץ - חברות והמרה-תל בונד שקלי-תל בונד- שקלי | N44: לא | O44: ILS | P44: 5647 | Q44: 1 | R44: 4391.3 | T44: 247.977 | U44: 0.000105 | V44: 0.092118553 | W44: 0.060246847
A45: 14076 | B45: 14078 | C45: מיטב קרנות נאמנות בע"מ | D45: 513534974 | E45: ח.פ. | F45: תכלית קרן סל תא 125 | G45: IL0011437188 | H45: ISIN | I45: עוקב אחר מדדי מניות בישראל | J45: ישראל | K45: ישראל | L45: TASE | M45: 125 מניות בארץ - מניות כללי-ת"א | N45: לא | O45: ILS | P45: 1056 | Q45: 1 | R45: 3930 | T45: 41.501 | U45: 2e-06 | V45: 0.015416745 | W45: 0.010082771
... A66: 14076 | B66: 14079 | C66: BlackRock Asset Managment | D66: 549300LRIF3NWCU26A80 | E66: LEI | F66: CEF ishares russell | G66: US4642876555 | H66: ISIN | I66: עוקב אחר מדדי מניות בחו"ל | J66: חו"ל | K66: ארה"ב | L66: NYSE | M66: RUSSELL 2000 - מניות בחו"ל - מניות גיאוגרפי - חשופת מט"ח-ארה"ב | N66: לא | O66: USD | P66: 171 | Q66: 2.978 | R66: 30045 | T66: 153.001 | U66: 1e-06 | V66: 0.010891231 | W66: 0.0085134842
A67: 14076 | B67: 14079 | C67: First trust | D67: 549300ZLB3EUU3H8NE60 | E67: LEI | F67: FIRST TR NCESGII | G67: US33737A1088 | H67: ISIN | I67: עוקב אחר מדדי מניות בחו"ל | J67: חו"ל | K67: גלובלי | L67: NASDAQ | M67: מניות בחו"ל - מניות בחו"ל משולבת | N67: לא | O67: USD | P67: 200 | Q67: 2.978 | R67: 19175 | S67: 0.151 | T67: 114.656 | U67: 1.8e-05 | V67: 0.0081617222 | W67: 0.0063798748
A68: 14076 | B68: 14079 | C68: Invesco investment management limited | D68: 635400KZRKKKNVCJXD85 | E68: LEI | F68: Invesco QQQ trust NAS1 | G68: US46090E1038 | H68: ISIN | I68: עוקב אחר מדדי מניות בחו"ל | J68: חו"ל | K68: ארה"ב | L68: NASDAQ | M68: NASDAQ 100 - מניות בחו"ל - מניות גיאוגרפי - חשופת מט"ח-ארה"ב | N68: לא | O68: USD | P68: 211 | Q68: 2.978 | R68: 73640 | S68: 0.129 | T68: 463.106 | U68: 0 | V68: 0.032965874 | W68: 0.025768844
A69: 14076 | B69: 14079 | C69: Invesco investment management limited | D69: 635400KZRKKKNVCJXD85 | E69: LEI | F69: INVESCO S&P 500 EQUITY | G69: IE00B3YCGJ38 | H69: ISIN | I69: עוקב אחר מדדי מניות בחו"ל | J69: חו"ל | K69: ארה"ב | L69: LSE | M69: S&P 500 - מניות בחו"ל - מניות גיאוגרפי - חשופת מט"ח-ארה"ב | N69: לא | O69: USD | P69: 9980 | Q69: 2.978 | R69: 1500 | T69: 445.807 | U69: 5e-06 | V69: 0.031734413 | W69: 0.024806233
A70: 14076 | B70: 14079 | C70: BlackRock Asset Managment | D70: 549300LRIF3NWCU26A80 | E70: LEI | F70: ISH CORE ERSTX50 | G70: DE0005933956 | H70: ISIN | I70: עוקב אחר מדדי מניות בחו"ל | J70: חו"ל | K70: אירופה | L70: FWB | M70: Equity Funds | N70: לא | O70: EUR | P70: 809 | Q70: 3.3945 | R70: 6442 | T70: 176.907 | U70: 6e-06 | V70: 0.012592995 | W70: 0.0098437229
A71: 14076 | B71: 14079 | C71: BlackRock Asset Managment | D71: 549300LRIF3NWCU26A80 | E71: LEI | F71: ISH S&P US BANKS | G71: IE00BD3V0B10 | H71: ISIN | I71: עוקב אחר מדדי מניות בחו"ל | J71: חו"ל | K71: ארה"ב | L71: NYSE | M71: Regional Banks מניות בחו"ל - מניות לפי ענפים בחו"ל - חשופת מט"ח-ארה"ב- מניות | N71: לא | O71: USD | P71: 2170 | Q71: 2.978 | R71: 852.7 | T71: 55.104 | U71: 0 | V71: 0.0039225155 | W71: 0.0030661614
A72: 14076 | B72: 14079 | C72: BlackRock Asset Managment | D72: 549300LRIF3NWCU26A80 | E72: LEI | F72: ISHARES EXPANDED | G72: US4642875151 | H72: ISIN | I72: עוקב אחר מדדי מניות בחו"ל | J72: חו"ל | K72: ארה"ב | L72: NYSE | M72: מניות בחו"ל - מניות בחו"ל משולבת | N72: לא | O72: USD | P72: 440 | Q72: 2.978 | R72: 9060 | T72: 118.715 | U72: 2.9e-05 | V72: 0.0084506389 | W72: 0.0066057159
A73: 14076 | B73: 14079 | C73: BlackRock Asset Managment | D73: 549300LRIF3NWCU26A80 | E73: LEI | F73: ISHARES GLOBAL | G73: US4642882249 | H73: ISIN | I73: עוקב אחר מדדי מניות בחו"ל | J73: חו"ל | K73: גלובלי | L73: NASDAQ | M73: מניות בחו"ל - מניות בחו"ל משולבת | N73: לא | O73: USD | P73: 1600 | Q73: 2.978 | R73: 2049 | T73: 97.631 | U73: 6e-06 | V73: 0.0069497728 | W73: 0.0054325153
A74: 14076 | B74: 14079 | C74: BlackRock Asset Managment | D74: 549300LRIF3NWCU26A80 | E74: LEI | F74: ISHARES U.S.BR | G74: US4642887941 | H74: ISIN | I74: עוקב אחר מדדי מניות בחו"ל | J74: חו"ל | K74: ארה"ב | L74: NYSE | M74: מניות בחו"ל - מניות בחו"ל משולבת | N74: לא | O74: USD | P74: 135 | Q74: 2.978 | R74: 17533 | T74: 70.488 | U74: 2.9e-05 | V74: 0.0050176304 | W74: 0.0039221935
A75: 14076 | B75: 14079 | C75: KRANESHARES | D75: 549300VLDRC0RUX0E553 | E75: LEI | F75: KraneShares Csi China Internet Etf | G75: US5007673065 | H75: ISIN | I75: עוקב אחר מדדי מניות בחו"ל | J75: חו"ל | K75: סין | L75: NYSE | M75: FTSE China 50 - מניות בחו"ל - מניות גיאוגרפי - חשופת מט"ח-אסיה סין | N75: לא | O75: USD | P75: 470 | Q75: 2.978 | R75: 2447 | T75: 34.25 | U75: 2e-06 | V75: 0.0024380381 | W75: 0.0019057716
A76: 14076 | B76: 14079 | C76: LYXOR ETF | D76: 213800VZW861M5FHMD50 | E76: LEI | F76: LYX EUR STX BNKS | G76: LU1829219390 | H76: ISIN | I76: עוקב אחר מדדי מניות בחו"ל | J76: חו"ל | K76: גלובלי | L76: אחר | M76: Equity Funds | N76: לא | O76: EUR | P76: 110 | Q76: 3.3945 | R76: 37005 | T76: 138.175 | U76: 1.8e-05 | V76: 0.0098358723 | W76: 0.0076885285
A77: 14076 | B77: 14079 | C77: LYXOR ETF | D77: 213800VZW861M5FHMD50 | E77: LEI | F77: LYXETF S&P500 | G77: LU1135865084 | H77: ISIN | I77: עוקב אחר מדדי מניות בחו"ל | J77: חו"ל | K77: ארה"ב | L77: LSE | M77: S&P 500 - מניות בחו"ל - מניות גיאוגרפי - חשופת מט"ח-ארה"ב | N77: לא | O77: USD | P77: 349 | Q77: 2.978 | R77: 54336.5 | T77: 564.731 | U77: 3.9e-05 | V77: 0.040199973 | W77: 0.031423612
A78: 14076 | B78: 14079 | C78: SSGA SPOR ETFS | D78: 07F5H7W3ET8ZLWNMFP29 | E78: LEI | F78: SPDR MSCI EM | G78: IE00B469F816 | H78: ISIN | I78: עוקב אחר מדדי מניות בחו"ל | J78: חו"ל | K78: Emerging Markets - Europe, Middle East & Africa | L78: אחר | M78: Equity Funds | N78: לא | O78: USD | P78: 1165 | Q78: 2.978 | R78: 10670 | T78: 370.182 | U78: 0 | V78: 0.026351116 | W78: 0.020598204
A79: 14076 | B79: 14079 | C79: State Street Corp | D79: 07F5H7W3ET8ZLWNMFP29 | E79: LEI | F79: SPDR S&P 500 UCITS | G79: IE000XZSV718 | H79: ISIN | I79: עוקב אחר מדדי מניות בחו"ל | J79: חו"ל | K79: ארה"ב | L79: LSE | M79: S&P 500 - מניות בחו"ל - מניות גיאוגרפי - חשופת מט"ח-ארה"ב | N79: לא | O79: USD | P79: 3410 | Q79: 2.978 | R79: 1849 | T79: 187.766 | U79: 0 | V79: 0.013365954 | W79: 0.010447931
A80: 14076 | B80: 14079 | C80: State Street Corp | D80: 07F5H7W3ET8ZLWNMFP29 | E80: LEI | F80: SPDR US FINCLS | G80: IE00BWBXM500 | H80: ISIN | I80: עוקב אחר מדדי מניות בחו"ל | J80: חו"ל | K80: ארה"ב | L80: LSE | M80: מניות בחו"ל - מניות בחו"ל משולבת | N80: לא | O80: USD | P80: 820 | Q80: 2.978 | R80: 6375 | T80: 155.675 | U80: 2e-06 | V80: 0.011081606 | W80: 0.0086622968
... A83: 14076 | B83: 14079 | C83: Vanguard Group | D83: 549300Y88GQ3VLJIBX57 | E83: LEI | F83: VANG FTSE EM $A | G83: IE00BK5BR733 | H83: ISIN | I83: עוקב אחר מדדי מניות בחו"ל | J83: חו"ל | K83: Emerging Markets - Americas | L83: LSE | M83: MSCI EMERGING MARKETS - מניות בחו"ל - מניות גיאוגרפי - חשופת מט"ח-שווקים מתעוררים כללי | N83: לא | O83: USD | P83: 160 | Q83: 2.978 | R83: 8730 | T83: 41.597 | U83: 0 | V83: 0.0029610306 | W83: 0.0023145856
A84: 14076 | B84: 14079 | C84: Vanguard Group | D84: 549300Y88GQ3VLJIBX57 | E84: LEI | F84: Vanguard S&P 500 etf | G84: US9229083632 | H84: ISIN | I84: עוקב אחר מדדי מניות בחו"ל | J84: חו"ל | K84: ארה"ב | L84: NYSE | M84: S&P 500 - מניות בחו"ל - מניות גיאוגרפי - חשופת מט"ח-ארה"ב | N84: לא | O84: USD | P84: 20 | Q84: 2.978 | R84: 68681 | S84: 0.039 | T84: 41.023 | U84: 0 | V84: 0.0029202104 | W84: 0.0022826772
A85: 14076 | B85: 14079 | C85: WisdomTree Europe ltd | D85: 213800B789JS6Y4H8936 | E85: LEI | F85: Wisdomtree Japan | G85: US97717W8516 | H85: ISIN | I85: עוקב אחר מדדי מניות בחו"ל | J85: חו"ל | K85: יפן | L85: NYSE | M85: NIKKEI 225 - מניות בחו"ל - מניות גיאוגרפי - חשופת מט"ח-אסיה יפן | N85: לא | O85: USD | P85: 600 | Q85: 2.978 | R85: 17352 | T85: 310.046 | U85: 1.9e-05 | V85: 0.022070362 | W85: 0.017252014
A86: 14076 | B86: 15394 | C86: מגדל קרנות נאמנות בע"מ | D86: 511303661 | E86: ח.פ. | F86: MTF סל (S&P 500 (4D | G86: IL0011503336 | H86: ISIN | I86: עוקב אחר מדדי מניות בחו"ל | J86: ישראל | K86: ארה"ב | L86: TASE | M86: S&P 500 - מניות בחו"ל - מניות גיאוגרפי - חשופת מט"ח-ארה"ב | N86: לא | O86: ILS | P86: 7913 | Q86: 1 | R86: 9608 | T86: 760.281 | U86: 9.1e-05 | V86: 0.12558561 | W86: 0.12522359
A87: 14076 | B87: 15394 | C87: BlackRock Asset Managment | D87: 549300LRIF3NWCU26A80 | E87: LEI | F87: איישרס חוץ S&P500 INDEX | G87: IE00B5BMR087 | H87: ISIN | I87: עוקב אחר מדדי מניות בחו"ל | J87: ישראל | K87: ארה"ב | L87: TASE | M87: S&P 500 - מניות בחו"ל - מניות גיאוגרפי - חשופת מט"ח-ארה"ב | N87: לא | O87: ILS | P87: 318 | Q87: 1 | R87: 238800 | T87: 759.384 | U87: 0.0001 | V87: 0.12543743 | W87: 0.12507584
A88: 14076 | B88: 15394 | C88: הראל קרנות נאמנות בע"מ | D88: 511776783 | E88: ח.פ. | F88: הראל סל SP500 | G88: IL0011490203 | H88: ISIN | I88: עוקב אחר מדדי מניות בחו"ל | J88: ישראל | K88: ארה"ב | L88: TASE | M88: S&P 500 - מניות בחו"ל - מניות גיאוגרפי - חשופת מט"ח-ארה"ב | N88: לא | O88: ILS | P88: 29210 | Q88: 1 | R88: 2600 | T88: 759.46 | U88: 7.7e-05 | V88: 0.12544999 | W88: 0.12508836
A89: 14076 | B89: 15394 | C89: ילין לפידות קרנות נאמנות בע"מ | D89: 513846808 | E89: ח.פ. | F89: י.ל סל S&P | G89: IL0012016569 | H89: ISIN | I89: עוקב אחר מדדי מניות בחו"ל | J89: ישראל | K89: ארה"ב | L89: TASE | M89: מניות בחו"ל - מניות בחו"ל משולבת | N89: לא | O89: ILS | P89: 12096 | Q89: 1 | R89: 6283 | T89: 759.992 | U89: 0.000756 | V89: 0.12553781 | W89: 0.12517593
A90: 14076 | B90: 15394 | C90: מור ניהול קרנות נאמנות בע"מ | D90: 514884485 | E90: ח.פ. | F90: מור סל )4D(י S&P 500 | G90: IL0011658106 | H90: ISIN | I90: עוקב אחר מדדי מניות בחו"ל | J90: ישראל | K90: ארה"ב | L90: TASE | M90: S&P 500 - מניות בחו"ל - מניות גיאוגרפי - חשופת מט"ח-ארה"ב | N90: לא | O90: ILS | P90: 6830 | Q90: 1 | R90: 11120 | T90: 759.496 | U90: 0.0001 | V90: 0.12545593 | W90: 0.12509429
A91: 14076 | B91: 15394 | C91: קסם קרנות נאמנות בע"מ | D91: 510938608 | E91: ח.פ. | F91: קסם S&P 500 (4D) ETF | G91: IL0011464711 | H91: ISIN | I91: עוקב אחר מדדי מניות בחו"ל | J91: ישראל | K91: ארה"ב | L91: TASE | M91: S&P 500 - מניות בחו"ל - מניות גיאוגרפי - חשופת מט"ח-ארה"ב | N91: לא | O91: ILS | P91: 3101 | Q91: 1 | R91: 24520 | T91: 760.365 | U91: 0.000106 | V91: 0.12559951 | W91: 0.12523745
A92: 14076 | B92: 15394 | C92: מיטב קרנות נאמנות בע"מ | D92: 513534974 | E92: ח.פ. | F92: תכלית 500 PR P&S | G92: IL0011443855 | H92: ISIN | I92: עוקב אחר מדדי מניות בחו"ל | J92: ישראל | K92: ארה"ב | L92: TASE | M92: S&P 500 - מניות בחו"ל - מניות גיאוגרפי - חשופת מט"ח-ארה"ב | N92: לא | O92: ILS | P92: 2816 | Q92: 1 | R92: 26110 | T92: 735.258 | U92: 7e-05 | V92: 0.12145216 | W92: 0.12110206
A93: 14076 | B93: 15394 | C93: Invesco investment management limited | D93: 635400KZRKKKNVCJXD85 | E93: LEI | F93: INVESCO S&P 500 UCITS ETF | G93: IE00B3YCGJ38 | H93: ISIN | I93: עוקב אחר מדדי מניות בחו"ל | J93: חו"ל | K93: ארה"ב | L93: TASE | M93: S&P 500 - מניות בחו"ל - מניות גיאוגרפי - חשופת מט"ח-ארה"ב | N93: לא | O93: ILS | P93: 17044 | Q93: 1 | R93: 4457 | T93: 759.651 | U93: 1e-05 | V93: 0.12548155 | W93: 0.12511983
A94: 161 | B94: 1434 | C94: מגדל קרנות נאמנות בע"מ | D94: 511303661 | E94: ח.פ. | F94: MTF סל תלבונד 60 | G94: IL0011499964 | H94: ISIN | I94: עוקב אחר מדדים אחרים בישראל | J94: ישראל | K94: ישראל | L94: TASE | M94: 60 אג"ח בארץ - חברות והמרה-תל בונד צמוד מדד-תל בונד | N94: לא | O94: ILS | P94: 115000 | Q94: 1 | R94: 519.03 | T94: 596.885 | U94: 0.000548 | V94: 0.16683377 | W94: 0.025315783
A95: 161 | B95: 1434 | C95: מגדל קרנות נאמנות בע"מ | D95: 511303661 | E95: ח.פ. | F95: MTF.תלבונדשקלי | G95: IL0011500027 | H95: ISIN | I95: עוקב אחר מדדים אחרים בישראל | J95: ישראל | K95: ישראל | L95: TASE | M95: אג"ח בארץ - חברות והמרה-תל בונד שקלי-תל בונד שקלי- אחר | N95: לא | O95: ILS | P95: 160000 | Q95: 1 | R95: 511.44 | T95: 818.304 | U95: 0.00065 | V95: 0.22872221 | W95: 0.034706893
A96: 161 | B96: 1434 | C96: הראל קרנות נאמנות בע"מ | D96: 511776783 | E96: ח.פ. | F96: הראל סל תל בונד שקלי | G96: IL0011505232 | H96: ISIN | I96: עוקב אחר מדדים אחרים בישראל | J96: ישראל | K96: ישראל | L96: TASE | M96: אג"ח בארץ - חברות והמרה-תל בונד שקלי-תל בונד שקלי- אחר | N96: לא | O96: ILS | P96: 273000 | Q96: 1 | R96: 440.02 | T96: 1201.255 | U96: 0.000825 | V96: 0.33575983 | W96: 0.050949054
... A112: 161 | B112: 9938 | C112: AMUNDI | D112: 2138007M6OEXDENVTF82 | E112: LEI | F112: AMUNDI DAX III-ETF | G112: LU0252633754 | H112: ISIN | I112: עוקב אחר מדדי מניות בחו"ל | J112: חו"ל | K112: ארה"ב | L112: FWB | M112: Equity Funds | N112: לא | O112: EUR | P112: 630 | Q112: 3.3945 | R112: 22745 | T112: 486.41 | U112: 0 | V112: 0.021752229 | W112: 0.0052218921
A113: 161 | B113: 9938 | C113: First trust | D113: 549300ZLB3EUU3H8NE60 | E113: LEI | F113: FIRST TR NCESGII | G113: US33737A1088 | H113: ISIN | I113: עוקב אחר מדדי מניות בחו"ל | J113: חו"ל | K113: גלובלי | L113: NASDAQ | M113: מניות בחו"ל - מניות בחו"ל משולבת | N113: לא | O113: USD | P113: 890 | Q113: 2.978 | R113: 19175 | S113: 0.672 | T113: 510.22 | U113: 8e-05 | V113: 0.02281704 | W113: 0.0054775134
A114: 161 | B114: 9938 | C114: Invesco investment management limited | D114: 635400KZRKKKNVCJXD85 | E114: LEI | F114: INVESCO S&P 500 EQUITY | G114: IE00B3YCGJ38 | H114: ISIN | I114: עוקב אחר מדדי מניות בחו"ל | J114: חו"ל | K114: ארה"ב | L114: LSE | M114: S&P 500 - מניות בחו"ל - מניות גיאוגרפי - חשופת מט"ח-ארה"ב | N114: לא | O114: USD | P114: 5400 | Q114: 2.978 | R114: 1500 | T114: 241.218 | U114: 2e-06 | V114: 0.010787261 | W114: 0.0025896156
A115: 161 | B115: 9938 | C115: BlackRock Asset Managment | D115: 549300LRIF3NWCU26A80 | E115: LEI | F115: ISH $ CORP BD $A | G115: IE00BYXYYJ35 | H115: ISIN | I115: עוקב אחר מדדים אחרים בחו"ל | J115: חו"ל | K115: גלובלי | L115: LSE | M115: אג"ח בחו"ל - אג"ח חשופת מט"ח | N115: לא | O115: USD | P115: 4677 | Q115: 2.978 | R115: 636.9 | T115: 88.708 | U115: 1.4e-05 | V115: 0.0039670234 | W115: 0.00095233315
A116: 161 | B116: 9938 | C116: BlackRock Asset Managment | D116: 549300LRIF3NWCU26A80 | E116: LEI | F116: ISH S&P US BANKS | G116: IE00BD3V0B10 | H116: ISIN | I116: עוקב אחר מדדי מניות בחו"ל | J116: חו"ל | K116: ארה"ב | L116: NYSE | M116: Regional Banks מניות בחו"ל - מניות לפי ענפים בחו"ל - חשופת מט"ח-ארה"ב- מניות | N116: לא | O116: USD | P116: 13295 | Q116: 2.978 | R116: 852.7 | T116: 337.605 | U116: 0 | V116: 0.015097699 | W116: 0.0036243897
A117: 161 | B117: 9938 | C117: BlackRock Asset Managment | D117: 549300LRIF3NWCU26A80 | E117: LEI | F117: Ishares $ Short Duration Corp Bond | G117: IE00BYXYYP94 | H117: ISIN | I117: עוקב אחר מדדים אחרים בחו"ל | J117: חו"ל | K117: ארה"ב | L117: LSE | M117: אג"ח בחו"ל - אג"ח חשופת מט"ח | N117: לא | O117: USD | P117: 11800 | Q117: 2.978 | R117: 638.5 | T117: 224.371 | U117: 0 | V117: 0.010033884 | W117: 0.0024087581
A118: 161 | B118: 9938 | C118: BlackRock Asset Managment | D118: 549300LRIF3NWCU26A80 | E118: LEI | F118: ISHARES EXPANDED | G118: US4642875151 | H118: ISIN | I118: עוקב אחר מדדי מניות בחו"ל | J118: חו"ל | K118: ארה"ב | L118: NYSE | M118: מניות בחו"ל - מניות בחו"ל משולבת | N118: לא | O118: USD | P118: 1830 | Q118: 2.978 | R118: 9060 | T118: 493.746 | U118: 0.00012 | V118: 0.022080324 | W118: 0.0053006554
A119: 161 | B119: 9938 | C119: BlackRock Asset Managment | D119: 549300LRIF3NWCU26A80 | E119: LEI | F119: ISHARES GLOBAL | G119: US4642882249 | H119: ISIN | I119: עוקב אחר מדדי מניות בחו"ל | J119: חו"ל | K119: גלובלי | L119: NASDAQ | M119: מניות בחו"ל - מניות בחו"ל משולבת | N119: לא | O119: USD | P119: 6000 | Q119: 2.978 | R119: 2049 | T119: 366.115 | U119: 2.4e-05 | V119: 0.016372664 | W119: 0.003930461
A120: 161 | B120: 9938 | C120: BlackRock Asset Managment | D120: 549300LRIF3NWCU26A80 | E120: LEI | F120: ISHARES NASDAQ100 ETF USD | G120: IE00B53SZB19 | H120: ISIN | I120: עוקב אחר מדדי מניות בחו"ל | J120: חו"ל | K120: ארה"ב | L120: LSE | M120: NASDAQ 100 - מניות בחו"ל - מניות גיאוגרפי - חשופת מט"ח-ארה"ב | N120: לא | O120: USD | P120: 15 | Q120: 2.978 | R120: 173120 | T120: 77.333 | U120: 1e-06 | V120: 0.0034583158 | W120: 0.00083021158
A121: 161 | B121: 9938 | C121: BlackRock Asset Managment | D121: 549300LRIF3NWCU26A80 | E121: LEI | F121: ISHARES U.S.BR | G121: US4642887941 | H121: ISIN | I121: עוקב אחר מדדי מניות בחו"ל | J121: חו"ל | K121: ארה"ב | L121: NYSE | M121: מניות בחו"ל - מניות בחו"ל משולבת | N121: לא | O121: USD | P121: 480 | Q121: 2.978 | R121: 17533 | T121: 250.624 | U121: 0.000104 | V121: 0.011207884 | W121: 0.0026905914
A122: 161 | B122: 9938 | C122: KRANESHARES | D122: 549300VLDRC0RUX0E553 | E122: LEI | F122: KraneShares Csi China Internet Etf | G122: US5007673065 | H122: ISIN | I122: עוקב אחר מדדי מניות בחו"ל | J122: חו"ל | K122: סין | L122: NYSE | M122: FTSE China 50 - מניות בחו"ל - מניות גיאוגרפי - חשופת מט"ח-אסיה סין | N122: לא | O122: USD | P122: 1600 | Q122: 2.978 | R122: 2447 | T122: 116.595 | U122: 6e-06 | V122: 0.0052141089 | W122: 0.0012517115
A123: 161 | B123: 9938 | C123: LYXOR ETF | D123: 213800VZW861M5FHMD50 | E123: LEI | F123: LYX CORE EURSTX | G123: LU0908500753 | H123: ISIN | I123: עוקב אחר מדדי מניות בחו"ל | J123: חו"ל | K123: אירופה | L123: EURONEXT | M123: מניות בחו"ל - מניות בחו"ל משולבת | N123: לא | O123: EUR | P123: 880 | Q123: 3.3945 | R123: 31525 | T123: 941.702 | U123: 2.6e-05 | V123: 0.042112889 | W123: 0.010109721
A124: 161 | B124: 9938 | C124: LYXOR ETF | D124: 213800VZW861M5FHMD50 | E124: LEI | F124: LYX EUR STX BNKS | G124: LU1829219390 | H124: ISIN | I124: עוקב אחר מדדי מניות בחו"ל | J124: חו"ל | K124: גלובלי | L124: אחר | M124: Equity Funds | N124: לא | O124: EUR | P124: 520 | Q124: 3.3945 | R124: 37005 | T124: 653.19 | U124: 8.6e-05 | V124: 0.029210636 | W124: 0.0070123754
A125: 161 | B125: 9938 | C125: SSGA SPOR ETFS | D125: 07F5H7W3ET8ZLWNMFP29 | E125: LEI | F125: SPDR MSCI EM | G125: IE00B469F816 | H125: ISIN | I125: עוקב אחר מדדי מניות בחו"ל | J125: חו"ל | K125: Emerging Markets - Europe, Middle East & Africa | L125: אחר | M125: Equity Funds | N125: לא | O125: USD | P125: 6100 | Q125: 2.978 | R125: 10670 | T125: 1938.291 | U125: 0 | V125: 0.086680299 | W125: 0.02080868
... A128: 161 | B128: 9938 | C128: Vanguard Group | D128: 549300Y88GQ3VLJIBX57 | E128: LEI | F128: VANG FTSE EM $A | G128: IE00BK5BR733 | H128: ISIN | I128: עוקב אחר מדדי מניות בחו"ל | J128: חו"ל | K128: Emerging Markets - Americas | L128: LSE | M128: MSCI EMERGING MARKETS - מניות בחו"ל - מניות גיאוגרפי - חשופת מט"ח-שווקים מתעוררים כללי | N128: לא | O128: USD | P128: 880 | Q128: 2.978 | R128: 8730 | T128: 228.782 | U128: 0 | V128: 0.010231117 | W128: 0.0024561065
A129: 161 | B129: 9938 | C129: Vanguard Group | D129: 549300Y88GQ3VLJIBX57 | E129: LEI | F129: Vanguard S&P 500 etf | G129: US9229083632 | H129: ISIN | I129: עוקב אחר מדדי מניות בחו"ל | J129: חו"ל | K129: ארה"ב | L129: NYSE | M129: S&P 500 - מניות בחו"ל - מניות גיאוגרפי - חשופת מט"ח-ארה"ב | N129: לא | O129: USD | P129: 480 | Q129: 2.978 | R129: 68681 | S129: 0.942 | T129: 984.559 | U129: 1e-06 | V129: 0.044029424 | W129: 0.010569809
A130: 161 | B130: 9938 | C130: WisdomTree Europe ltd | D130: 213800B789JS6Y4H8936 | E130: LEI | F130: Wisdomtree Japan | G130: US97717W8516 | H130: ISIN | I130: עוקב אחר מדדי מניות בחו"ל | J130: חו"ל | K130: יפן | L130: NYSE | M130: NIKKEI 225 - מניות בחו"ל - מניות גיאוגרפי - חשופת מט"ח-אסיה יפן | N130: לא | O130: USD | P130: 2400 | Q130: 2.978 | R130: 17352 | T130: 1240.182 | U130: 7.6e-05 | V130: 0.055460902 | W130: 0.013314077
A131: 161 | B131: 9942 | C131: מגדל קרנות נאמנות בע"מ | D131: 511303661 | E131: ח.פ. | F131: MTF.תלבונדשקלי | G131: IL0011500027 | H131: ISIN | I131: עוקב אחר מדדים אחרים בישראל | J131: ישראל | K131: ישראל | L131: TASE | M131: אג"ח בארץ - חברות והמרה-תל בונד שקלי-תל בונד שקלי- אחר | N131: לא | O131: ILS | P131: 290000 | Q131: 1 | R131: 511.44 | T131: 1483.176 | U131: 0.001178 | V131: 0.10608837 | W131: 0.013551181
A132: 161 | B132: 9942 | C132: מגדל קרנות נאמנות בע"מ | D132: 511303661 | E132: ח.פ. | F132: MTF500SP ממ | G132: IL0011505729 | H132: ISIN | I132: עוקב אחר מדדי מניות בחו"ל | J132: ישראל | K132: ארה"ב | L132: TASE | M132: S&P 500 - מניות בחו"ל - מניות גיאוגרפי - מנוטרלת מט"ח-ארה"ב | N132: לא | O132: ILS | P132: 3500 | Q132: 1 | R132: 9399 | T132: 328.965 | U132: 0.000144 | V132: 0.023530155 | W132: 0.0030056206
A133: 161 | B133: 9942 | C133: הראל קרנות נאמנות בע"מ | D133: 511776783 | E133: ח.פ. | F133: הראל סל 4A S&P 500 מנוטרלת | G133: IL0011491375 | H133: ISIN | I133: עוקב אחר מדדי מניות בחו"ל | J133: ישראל | K133: ארה"ב | L133: TASE | M133: S&P 500 - מניות בחו"ל - מניות גיאוגרפי - מנוטרלת מט"ח-ארה"ב | N133: לא | O133: ILS | P133: 12100 | Q133: 1 | R133: 7085 | T133: 857.285 | U133: 0.0001 | V133: 0.061319742 | W133: 0.0078326675
A134: 161 | B134: 9942 | C134: הראל קרנות נאמנות בע"מ | D134: 511776783 | E134: ח.פ. | F134: הראל סל תא 90 | G134: IL0011489312 | H134: ISIN | I134: עוקב אחר מדדי מניות בישראל | J134: ישראל | K134: ישראל | L134: TASE | M134: 90 מניות בארץ - מניות כללי-ת"א | N134: לא | O134: ILS | P134: 13700 | Q134: 1 | R134: 3502 | T134: 479.774 | U134: 5.5e-05 | V134: 0.034317197 | W134: 0.0043835017
A135: 161 | B135: 9942 | C135: הראל קרנות נאמנות בע"מ | D135: 511776783 | E135: ח.פ. | F135: הראל סל תל בונד שקלי | G135: IL0011505232 | H135: ISIN | I135: עוקב אחר מדדים אחרים בישראל | J135: ישראל | K135: ישראל | L135: TASE | M135: אג"ח בארץ - חברות והמרה-תל בונד שקלי-תל בונד שקלי- אחר | N135: לא | O135: ILS | P135: 413000 | Q135: 1 | R135: 440.02 | T135: 1817.283 | U135: 0.001248 | V135: 0.12998629 | W135: 0.016603779
A136: 161 | B136: 9942 | C136: מור ניהול קרנות נאמנות בע"מ | D136: 514884485 | E136: ח.פ. | F136: מור סל (A4) ת"א -125 | G136: IL0011961534 | H136: ISIN | I136: עוקב אחר מדדי מניות בישראל | J136: ישראל | K136: ישראל | L136: TASE | M136: 125 מניות בארץ - מניות כללי-ת"א | N136: לא | O136: ILS | P136: 4000 | Q136: 1 | R136: 10840 | T136: 433.6 | U136: 0.000216 | V136: 0.03101447 | W136: 0.0039616284
A137: 161 | B137: 9942 | C137: מור ניהול קרנות נאמנות בע"מ | D137: 514884485 | E137: ח.פ. | F137: מור סל S&P 500 ממ | G137: IL0011658288 | H137: ISIN | I137: עוקב אחר מדדי מניות בחו"ל | J137: ישראל | K137: ארה"ב | L137: TASE | M137: S&P 500 - מניות בחו"ל - מניות גיאוגרפי - מנוטרלת מט"ח-ארה"ב | N137: לא | O137: ILS | P137: 2850 | Q137: 1 | R137: 11540 | T137: 328.89 | U137: 0.000211 | V137: 0.02352479 | W137: 0.0030049354
A138: 161 | B138: 9942 | C138: קסם קרנות נאמנות בע"מ | D138: 510938608 | E138: ח.פ. | F138: קסם S&P 500 (4D) ETF | G138: IL0011464711 | H138: ISIN | I138: עוקב אחר מדדי מניות בחו"ל | J138: ישראל | K138: ארה"ב | L138: TASE | M138: S&P 500 - מניות בחו"ל - מניות גיאוגרפי - חשופת מט"ח-ארה"ב | N138: לא | O138: ILS | P138: 2000 | Q138: 1 | R138: 24520 | T138: 490.4 | U138: 6.8e-05 | V138: 0.035077251 | W138: 0.0044805871
A139: 161 | B139: 9942 | C139: קסם קרנות נאמנות בע"מ | D139: 510938608 | E139: ח.פ. | F139: קסם קרן סל תא 125 | G139: IL0011463564 | H139: ISIN | I139: עוקב אחר מדדי מניות בישראל | J139: ישראל | K139: ישראל | L139: TASE | M139: 125 מניות בארץ - מניות כללי-ת"א | N139: לא | O139: ILS | P139: 740 | Q139: 1 | R139: 39070 | T139: 289.118 | U139: 2.1e-05 | V139: 0.020679985 | W139: 0.0026415546
A140: 161 | B140: 9942 | C140: קסם קרנות נאמנות בע"מ | D140: 510938608 | E140: ח.פ. | F140: קסם תא 90 | G140: IL0011463317 | H140: ISIN | I140: עוקב אחר מדדי מניות בישראל | J140: ישראל | K140: ישראל | L140: TASE | M140: 90 מניות בארץ - מניות כללי-ת"א | N140: לא | O140: ILS | P140: 1445 | Q140: 1 | R140: 33610 | T140: 485.664 | U140: 4.8e-05 | V140: 0.034738531 | W140: 0.0044373208
A141: 161 | B141: 9942 | C141: מיטב קרנות נאמנות בע"מ | D141: 513534974 | E141: ח.פ. | F141: תכלית סל תא 90 | G141: IL0011437832 | H141: ISIN | I141: עוקב אחר מדדי מניות בישראל | J141: ישראל | K141: ישראל | L141: TASE | M141: 90 מניות בארץ - מניות כללי-ת"א | N141: לא | O141: ILS | P141: 14900 | Q141: 1 | R141: 3479 | T141: 518.371 | U141: 3.7e-05 | V141: 0.037077956 | W141: 0.0047361469
... A143: 161 | B143: 9942 | C143: AMUNDI | D143: 2138007M6OEXDENVTF82 | E143: LEI | F143: AMUNDI DAX III-ETF | G143: LU0252633754 | H143: ISIN | I143: עוקב אחר מדדי מניות בחו"ל | J143: חו"ל | K143: ארה"ב | L143: FWB | M143: Equity Funds | N143: לא | O143: EUR | P143: 320 | Q143: 3.3945 | R143: 22745 | T143: 247.065 | U143: 0 | V143: 0.017672046 | W143: 0.002257336
A144: 161 | B144: 9942 | C144: First trust | D144: 549300ZLB3EUU3H8NE60 | E144: LEI | F144: FIRST TR NCESGII | G144: US33737A1088 | H144: ISIN | I144: עוקב אחר מדדי מניות בחו"ל | J144: חו"ל | K144: גלובלי | L144: NASDAQ | M144: מניות בחו"ל - מניות בחו"ל משולבת | N144: לא | O144: USD | P144: 400 | Q144: 2.978 | R144: 19175 | S144: 0.302 | T144: 229.313 | U144: 3.6e-05 | V144: 0.016402231 | W144: 0.0020951364
A145: 161 | B145: 9942 | C145: BlackRock Asset Managment | D145: 549300LRIF3NWCU26A80 | E145: LEI | F145: ISH $ CORP BD $A | G145: IE00BYXYYJ35 | H145: ISIN | I145: עוקב אחר מדדים אחרים בחו"ל | J145: חו"ל | K145: גלובלי | L145: LSE | M145: אג"ח בחו"ל - אג"ח חשופת מט"ח | N145: לא | O145: USD | P145: 33416 | Q145: 2.978 | R145: 636.9 | T145: 633.797 | U145: 9.9e-05 | V145: 0.045334152 | W145: 0.0057907507
...

Sheet קרנות נאמנות
A1: מספר קופה/קרן/ח.פ. עבור חברת ביטוח | B1: מספר מסלול | C1: שם מנפיק | D1: מספר מנפיק | E1: סוג מספר מזהה מנפיק | F1: שם נייר ערך | G1: מספר נייר ערך | H1: סוג מספר נייר ערך | I1: מאפיין עיקרי | J1: ישראל/חו"ל | K1: מדינה לפי חשיפה כלכלית | L1: סטאטוס סחירות | M1: זירת מסחר | N1: סיווג הקרן | O1: בעל עניין/צד קשור | P1: מטבע פעילות | Q1: ערך נקוב (יחידות) | R1: שער חליפין | S1: שער נייר הערך | T1: שווי הוגן (באלפי ש"ח) | U1: שיעור מערך נקוב מונפק | V1: שיעור מנכסי אפיק ההשקעה | W1: שיעור מסך נכסי ההשקעה
A2: 14076 | B2: 14077 | C2: FundRock Management Company S.A | D2: 213800SJ3IH3EXMXSJ47 | E2: LEI | F2: ALGEIAU LX | G2: LU1846577242 | H2: ISIN | I2: מניות | J2: חו"ל | K2: גלובלי | L2: סחיר | M2: אחר | N2: Equity Funds | O2: לא | P2: USD | Q2: 17000 | R2: 2.978 | S2: 245.1 | T2: 124.084 | U2: 6e-05 | V2: 1 | W2: 0.0036586005
A3: 14076 | B3: 14079 | C3: FundRock Management Company S.A | D3: 213800SJ3IH3EXMXSJ47 | E3: LEI | F3: ALGEIAU LX | G3: LU1846577242 | H3: ISIN | I3: מניות | J3: חו"ל | K3: גלובלי | L3: סחיר | M3: אחר | N3: Equity Funds | O3: לא | P3: USD | Q3: 9000 | R3: 2.978 | S3: 245.1 | T3: 65.692 | U3: 3.2e-05 | V3: 1 | W3: 0.0036553152
A4: 161 | B4: 9938 | C4: מגדל קרנות נאמנות בע"מ | D4: 511303661 | E4: ח.פ. | F4: MTF ת"א 100 קרן נאמנות | G4: IL0051098890 | H4: ISIN | I4: מניות | J4: ישראל | K4: ישראל | L4: סחיר | M4: TASE | N4: 125 מניות בארץ - מניות כללי-ת"א | O4: לא | P4: ILS | Q4: 180000 | R4: 1 | S4: 443.1 | T4: 797.58 | U4: 0.000383 | V4: 0.56103945 | W4: 0.0085624854
A5: 161 | B5: 9938 | C5: FundRock Management Company S.A | D5: 213800SJ3IH3EXMXSJ47 | E5: LEI | F5: ALGEIAU LX | G5: LU1846577242 | H5: ISIN | I5: מניות | J5: חו"ל | K5: גלובלי | L5: סחיר | M5: אחר | N5: Equity Funds | O5: לא | P5: USD | Q5: 55000 | R5: 2.978 | S5: 245.1 | T5: 401.449 | U5: 0.000193 | V5: 0.28239034 | W5: 0.0043097917
A6: 161 | B6: 9938 | C6: FundRock Management Company S.A | D6: 213800SJ3IH3EXMXSJ47 | E6: LEI | F6: ARTEMIS SMARTGA | G6: GB00B2PLJD73 | H6: ISIN | I6: מניות | J6: חו"ל | K6: בריטניה | L6: סחיר | M6: אחר | N6: Equity Funds | O6: לא | P6: GBP | Q6: 5700 | R6: 3.9389 | S6: 991.38 | T6: 222.582 | U6: 0 | V6: 0.1565702 | W6: 0.0023895469
A7: 161 | B7: 9942 | C7: FundRock Management Company S.A | D7: 213800SJ3IH3EXMXSJ47 | E7: LEI | F7: ALGEIAU LX | G7: LU1846577242 | H7: ISIN | I7: מניות | J7: חו"ל | K7: גלובלי | L7: סחיר | M7: אחר | N7: Equity Funds | O7: לא | P7: USD | Q7: 60000 | R7: 2.978 | S7: 245.1 | T7: 437.945 | U7: 0.000211 | V7: 0.62601435 | W7: 0.004001324
A8: 161 | B8: 9942 | C8: FundRock Management Company S.A | D8: 213800SJ3IH3EXMXSJ47 | E8: LEI | F8: ARTEMIS SMARTGA | G8: GB00B2PLJD73 | H8: ISIN | I8: מניות | J8: חו"ל | K8: בריטניה | L8: סחיר | M8: אחר | N8: Equity Funds | O8: לא | P8: GBP | Q8: 6700 | R8: 3.9389 | S8: 991.38 | T8: 261.631 | U8: 0 | V8: 0.37398565 | W8: 0.0023904209
A9: 161 | B9: 9943 | C9: APS Fund SICAV - APS China A S | D9: 549300045D2ZRM2NYN79 | E9: LEI | F9: $APS-CHINA A S-F | G9: LU1987754873 | H9: ISIN | I9: מניות | J9: חו"ל | K9: סין | L9: סחיר | M9: אחר | N9: FTSE China 50 - מניות בחו"ל - מניות גיאוגרפי - חשופת מט"ח-אסיה סין | O9: לא | P9: USD | Q9: 10253.09 | R9: 2.978 | S9: 15872 | T9: 4846.309 | U9: 0.02703 | V9: 0.1526523 | W9: 0.00240091
A10: 161 | B10: 9943 | C10: FundRock Management Company S.A | D10: 213800SJ3IH3EXMXSJ47 | E10: LEI | F10: ALGEIAU LX | G10: LU1846577242 | H10: ISIN | I10: מניות | J10: חו"ל | K10: גלובלי | L10: סחיר | M10: אחר | N10: Equity Funds | O10: לא | P10: USD | Q10: 540000 | R10: 2.978 | S10: 245.1 | T10: 3941.502 | U10: 0.001898 | V10: 0.12415208 | W10: 0.0019526596
A11: 161 | B11: 9943 | C11: FundRock Management Company S.A | D11: 213800SJ3IH3EXMXSJ47 | E11: LEI | F11: ARTEMIS SMARTGA | G11: GB00B2PLJD73 | H11: ISIN | I11: מניות | J11: חו"ל | K11: בריטניה | L11: סחיר | M11: אחר | N11: Equity Funds | O11: לא | P11: GBP | Q11: 63000 | R11: 3.9389 | S11: 991.38 | T11: 2460.116 | U11: 0 | V11: 0.077490398 | W11: 0.0012187663
A12: 161 | B12: 9943 | C12: CIFC Senior Secured Corporate | D12: 3912000TN89ESDWHS93 | E12: LEI | F12: CIFC SEN.SEC.COR | G12: KYG2139S1194 | H12: ISIN | I12: אג"ח קונצרני | J12: חו"ל | K12: ארה"ב | L12: סחיר | M12: אחר | N12: Bond/Fixed Income Funds | O12: לא | P12: USD | Q12: 1620.11 | R12: 2.978 | S12: 180725.03 | T12: 8719.418 | U12: 0 | V12: 0.27465008 | W12: 0.0043196869
A13: 161 | B13: 9943 | C13: Invesco investment management limited | D13: 635400KZRKKKNVCJXD85 | E13: LEI | F13: INV-US SEN-G | G13: LU0564079282 | H13: ISIN | I13: אג"ח קונצרני | J13: חו"ל | K13: גלובלי | L13: סחיר | M13: אחר | N13: Bond/Fixed Income Funds | O13: לא | P13: USD | Q13: 9242 | R13: 2.978 | S13: 19645 | T13: 5406.83 | U13: 0.001014 | V13: 0.17030795 | W13: 0.0026785975
... A18: 161 | B18: 12468 | C18: FundRock Management Company S.A | D18: 213800SJ3IH3EXMXSJ47 | E18: LEI | F18: ARTEMIS SMARTGA | G18: GB00B2PLJD73 | H18: ISIN | I18: מניות | J18: חו"ל | K18: בריטניה | L18: סחיר | M18: אחר | N18: Equity Funds | O18: לא | P18: GBP | Q18: 1500 | R18: 3.9389 | S18: 991.38 | T18: 58.574 | U18: 0 | V18: 0.082869841 | W18: 0.0013934827

Sheet כתבי אופציה
A1: מספר קופה/קרן/ח.פ. עבור חברת ביטוח | B1: מספר מסלול | C1: שם מנפיק | D1: מספר מנפיק | E1: סוג מספר מזהה מנפיק | F1: שם נייר ערך | G1: מספר נייר ערך | H1: סוג מספר נייר ערך | I1: ישראל/חו"ל | J1: מדינה לפי חשיפה כלכלית | K1: סטאטוס סחירות | L1: זירת מסחר | M1: נכס בסיס (כתב אופציה) | N1: ענף מסחר | O1: תאריך פקיעה | P1: בעל עניין/צד קשור | Q1: מטבע פעילות | R1: שער מימוש | S1: יחס המרה | T1: ערך נקוב (יחידות) | U1: שער חליפין | V1: שער נייר הערך | W1: שווי הוגן (באלפי ש"ח) | X1: שיעור מנכסי אפיק ההשקעה | Y1: שיעור מסך נכסי ההשקעה
A2: 161 | B2: 9938 | C2: אלומיי קפיטל בע"מ | D2: 520039868 | E2: ח.פ. | F2: אלומיי אופ 2 | G2: IL0012030826 | H2: ISIN | I2: ישראל | J2: ישראל | K2: סחיר | L2: TASE | M2: IL0010826357 | N2: אנרגיה מתחדשת | O2: 05/01/2028 | P2: לא | Q2: ILS | R2: 8000 | S2: 1 | T2: 318 | U2: 1 | V2: 513.4 | W2: 1.633 | X2: 1 | Y2: 1.752704e-05
A3: 161 | B3: 9942 | C3: אלומיי קפיטל בע"מ | D3: 520039868 | E3: ח.פ. | F3: אלומיי אופ 2 | G3: IL0012030826 | H3: ISIN | I3: ישראל | J3: ישראל | K3: סחיר | L3: TASE | M3: IL0010826357 | N3: אנרגיה מתחדשת | O3: 05/01/2028 | P3: לא | Q3: ILS | R3: 8000 | S3: 1 | T3: 492 | U3: 1 | V3: 513.4 | W3: 2.526 | X3: 1 | Y3: 2.3078386e-05
A4: 161 | B4: 9943 | C4: אלומיי קפיטל בע"מ | D4: 520039868 | E4: ח.פ. | F4: אלומיי אופ 2 | G4: IL0012030826 | H4: ISIN | I4: ישראל | J4: ישראל | K4: סחיר | L4: TASE | M4: IL0010826357 | N4: אנרגיה מתחדשת | O4: 05/01/2028 | P4: לא | Q4: ILS | R4: 8000 | S4: 1 | T4: 1667 | U4: 1 | V4: 513.4 | W4: 8.558 | X4: 0.79154796 | Y4: 4.2399061e-06
A5: 161 | B5: 9943 | C5: אלומיי קפיטל בע"מ | D5: 520039868 | E5: ח.פ. | F5: אלומיי אופ 2 | G5: IL0012030826 | H5: ISIN | I5: ישראל | J5: ישראל | K5: סחיר | L5: TASE | M5: IL0010826357 | N5: אנרגיה מתחדשת | O5: 05/01/2028 | P5: לא | Q5: ILS | R5: 8000 | S5: 1 | T5: 439 | U5: 1 | V5: 513.4 | W5: 2.254 | X5: 0.20845204 | Y5: 1.1165679e-06
A6: 161 | B6: 12468 | C6: אלומיי קפיטל בע"מ | D6: 520039868 | E6: ח.פ. | F6: אלומיי אופ 2 | G6: IL0012030826 | H6: ISIN | I6: ישראל | J6: ישראל | K6: סחיר | L6: TASE | M6: IL0010826357 | N6: אנרגיה מתחדשת | O6: 05/01/2028 | P6: לא | Q6: ILS | R6: 8000 | S6: 1 | T6: 120 | U6: 1 | V6: 513.4 | W6: 0.616 | X6: 1 | Y6: 1.4656569e-05

Sheet אופציות
A1: מספר קופה/קרן/ח.פ. עבור חברת ביטוח | B1: מספר מסלול | C1: שם מנפיק | D1: מספר מנפיק | E1: סוג מספר מזהה מנפיק | F1: שם נייר ערך | G1: מספר נייר ערך | H1: סוג מספר נייר ערך | I1: מאפיין עיקרי | J1: ישראל/חו"ל | K1: מדינה לפי חשיפה כלכלית | L1: זירת מסחר | M1: ענף מסחר | N1: נכס בסיס | O1: תאריך פקיעה | P1: בעל עניין/צד קשור | Q1: מטבע פעילות | R1: שער מימוש | S1: ערך נקוב (יחידות) | T1: שער חליפין | U1: שער נייר הערך | V1: שווי הוגן (באלפי ש"ח) | W1: שיעור מנכסי אפיק ההשקעה | X1: שיעור מסך נכסי ההשקעה

Sheet חוזים עתידיים
A1: מספר קופה/קרן/ח.פ. עבור חברת ביטוח | B1: מספר מסלול | C1: שם מנפיק | D1: מספר מנפיק | E1: סוג מספר מזהה מנפיק | F1: שם נייר ערך | G1: מספר נייר ערך | H1: סוג מספר נייר ערך | I1: ישראל/חו"ל | J1: מדינה לפי חשיפה כלכלית | K1: זירת מסחר | L1: נכס בסיס | M1: בעל עניין/צד קשור | N1: מטבע פעילות | O1: ערך נקוב (יחידות) | P1: שער חליפין | Q1: שער נייר הערך | R1: שווי הוגן (באלפי ש"ח) | S1: שיעור מנכסי אפיק ההשקעה | T1: שיעור מסך נכסי ההשקעה
A2: 161 | B2: 9938 | C2: CHICAGO MERCANTILE EXCHANGE INC | D2: SNZ2OJLFK8MNNCLQOF39 | E2: LEI | F2: ESU6_S&P500 EMINI FUT SEP 26 | G2: ESU6 | H2: טיקר | I2: חו"ל | J2: ארה"ב | K2: CME | L2: מניות לרבות מדדי מניות | M2: לא | N2: USD | O2: 14 | P2: 2.978 | Q2: 7548.25 | R2: 101.312 | S2: 0.77164904 | T2: 0.0010876386
A3: 161 | B3: 9938 | C3: CHICAGO MERCANTILE EXCHANGE INC | D3: SNZ2OJLFK8MNNCLQOF39 | E3: LEI | F3: HWBU6_NASD100 MICRO EMI | G3: HWBU6 | H3: טיקר | I3: חו"ל | J3: ארה"ב | K3: CME | L3: מניות לרבות מדדי מניות | M3: לא | N3: USD | O3: 9 | P3: 2.978 | Q3: 30523.5 | R3: 29.981 | S3: 0.22835096 | T3: 0.00032186045
A4: 161 | B4: 9942 | C4: CHICAGO MERCANTILE EXCHANGE INC | D4: SNZ2OJLFK8MNNCLQOF39 | E4: LEI | F4: ESU6_S&P500 EMINI FUT SEP 26 | G4: ESU6 | H4: טיקר | I4: חו"ל | J4: ארה"ב | K4: CME | L4: מניות לרבות מדדי מניות | M4: לא | N4: USD | O4: 4 | P4: 2.978 | Q4: 7548.25 | R4: 28.946 | S4: 1.0143491 | T4: 0.0002644694
A5: 161 | B5: 9942 | C5: CHICAGO MERCANTILE EXCHANGE INC | D5: SNZ2OJLFK8MNNCLQOF39 | E5: LEI | F5: HWAU6_SP500 MIC EMIN | G5: HWAU6 | H5: טיקר | I5: חו"ל | J5: ארה"ב | K5: CME | L5: מניות לרבות מדדי מניות | M5: לא | N5: USD | O5: 30 | P5: 2.978 | Q5: 7548.25 | R5: 21.687 | S5: 0.75997913 | T5: 0.00019814798
A6: 161 | B6: 9942 | C6: EUREX FRANKFURT AG | D6: 529900UT4DG0LG5R9O07 | E6: LEI | F6: MESU6_mini MSCI Emg Mkt SEP 26 | G6: MESU6 | H6: טיקר | I6: חו"ל | J6: ארה"ב | K6: EUREX | L6: מניות לרבות מדדי מניות | M6: לא | N6: USD | O6: 4 | P6: 2.978 | Q6: 1757.3 | R6: -22.097 | S6: -0.7743282 | T6: -0.00020188919
A7: 161 | B7: 9943 | C7: CHICAGO MERCANTILE EXCHANGE INC | D7: SNZ2OJLFK8MNNCLQOF39 | E7: LEI | F7: ESU6_S&P500 EMINI FUT SEP 26 | G7: ESU6 | H7: טיקר | I7: חו"ל | J7: ארה"ב | K7: CME | L7: מניות לרבות מדדי מניות | M7: לא | N7: USD | O7: 80 | P7: 2.978 | Q7: 7548.25 | R7: 578.923 | S7: 1 | T7: 0.00028680434
A8: 161 | B8: 12468 | C8: CHICAGO MERCANTILE EXCHANGE INC | D8: SNZ2OJLFK8MNNCLQOF39 | E8: LEI | F8: HWAU6_SP500 MIC EMIN | G8: HWAU6 | H8: טיקר | I8: חו"ל | J8: ארה"ב | K8: CME | L8: מניות לרבות מדדי מניות | M8: לא | N8: USD | O8: 61 | P8: 2.978 | Q8: 7548.25 | R8: 44.097 | S8: 0.69962887 | T8: 0.0010490809
A9: 161 | B9: 12468 | C9: CHICAGO MERCANTILE EXCHANGE INC | D9: SNZ2OJLFK8MNNCLQOF39 | E9: LEI | F9: HWBU6_NASD100 MICRO EMI | G9: HWBU6 | H9: טיקר | I9: חו"ל | J9: ארה"ב | K9: CME | L9: מניות לרבות מדדי מניות | M9: לא | N9: USD | O9: 9 | P9: 2.978 | Q9: 30523.5 | R9: 29.981 | S9: 0.47565928 | T9: 0.00071324252
A10: 161 | B10: 12468 | C10: EUREX FRANKFURT AG | D10: 529900UT4DG0LG5R9O07 | E10: LEI | F10: MESU6_mini MSCI Emg Mkt SEP 26 | G10: MESU6 | H10: טיקר | I10: חו"ל | J10: ארה"ב | K10: EUREX | L10: מניות לרבות מדדי מניות | M10: לא | N10: USD | O10: 2 | P10: 2.978 | Q10: 1757.3 | R10: -11.048 | S10: -0.17528815 | T10: -0.00026284142

Sheet מוצרים מובנים
A1: מספר קופה/קרן/ח.פ. עבור חברת ביטוח | B1: מספר מסלול | C1: שם מנפיק | D1: מספר מנפיק | E1: סוג מספר מזהה מנפיק | F1: שם נייר ערך | G1: מספר נייר ערך | H1: סוג מספר נייר ערך | I1: מאפיין עיקרי | J1: ישראל/חו"ל | K1: מדינה לפי חשיפה כלכלית | L1: סטאטוס סחירות | M1: זירת מסחר | N1: נכס בסיס | O1: בעל עניין/צד קשור | P1: מח"מ | Q1: שיעור ריבית | R1: תשואה לפדיון | S1: דירוג | T1: שם מדרג | U1: דירוג נייר הערך/המנפיק | V1: מטבע פעילות | W1: ערך נקוב (יחידות) | X1: שער חליפין | Y1: שער נייר הערך | Z1: שווי הוגן (באלפי ש"ח) | AA1: שיעור מנכסי אפיק ההשקעה | AB1: שיעור מסך נכסי ההשקעה
A2: 161 | B2: 1434 | C2: אלה פקדונות בע"מ | D2: 515666881 | E2: ח.פ. | F2: אלה פקדון אגח ה | G2: IL0011625774 | H2: ISIN | I2: קרן מובטחת | J2: ישראל | K2: ישראל | L2: סחיר | M2: TASE | N2: מדד המחירים לצרכן | O2: לא | P2: 2.567 | Q2: 0.0005 | R2: 0.02261 | S2: AAA | T2: S&P מעלות | U2: נייר ערך | V2: ILS | W2: 70535.01 | X2: 1 | Y2: 112.1 | Z2: 79.07 | AA2: 1 | AB2: 0.0033536011
A3: 161 | B3: 9938 | C3: אלה פקדונות בע"מ | D3: 515666881 | E3: ח.פ. | F3: אלה פקדון אגח ה | G3: IL0011625774 | H3: ISIN | I3: קרן מובטחת | J3: ישראל | K3: ישראל | L3: סחיר | M3: TASE | N3: מדד המחירים לצרכן | O3: לא | P3: 2.567 | Q3: 0.0005 | R3: 0.02261 | S3: AAA | T3: S&P מעלות | U3: נייר ערך | V3: ILS | W3: 30000.01 | X3: 1 | Y3: 112.1 | Z3: 33.63 | AA3: 1 | AB3: 0.00036103774
A4: 161 | B4: 9942 | C4: אלה פקדונות בע"מ | D4: 515666881 | E4: ח.פ. | F4: אלה פקדון אגח ה | G4: IL0011625774 | H4: ISIN | I4: קרן מובטחת | J4: ישראל | K4: ישראל | L4: סחיר | M4: TASE | N4: מדד המחירים לצרכן | O4: לא | P4: 2.567 | Q4: 0.0005 | R4: 0.02261 | S4: AAA | T4: S&P מעלות | U4: נייר ערך | V4: ILS | W4: 58636.37 | X4: 1 | Y4: 112.1 | Z4: 65.731 | AA4: 1 | AB4: 0.00060056104
A5: 161 | B5: 9943 | C5: אלה פקדונות בע"מ | D5: 515666881 | E5: ח.פ. | F5: אלה פקדון אגח ה | G5: IL0011625774 | H5: ISIN | I5: קרן מובטחת | J5: ישראל | K5: ישראל | L5: סחיר | M5: TASE | N5: מדד המחירים לצרכן | O5: לא | P5: 2.567 | Q5: 0.0005 | R5: 0.02261 | S5: AAA | T5: S&P מעלות | U5: נייר ערך | V5: ILS | W5: 1168795.2 | X5: 1 | Y5: 112.1 | Z5: 1310.219 | AA5: 1 | AB5: 0.00064909579

Sheet לא סחיר איגרות חוב ממשלתיות
A1: מספר קופה/קרן/ח.פ. עבור חברת ביטוח | B1: מספר מסלול | C1: שם מנפיק | D1: שם נייר ערך | E1: מספר נייר ערך | F1: סוג מספר נייר ערך | G1: מאפיין עיקרי | H1: ישראל/חו"ל | I1: מדינה לפי חשיפה כלכלית | J1: תאריך רכישה | K1: דירוג | L1: שם מדרג | M1: מטבע פעילות | N1: מח"מ | O1: מועד פדיון | P1: שיעור ריבית | Q1: תשואה לפדיון | R1: ערך נקוב (יחידות) | S1: שער חליפין | T1: שער נייר הערך | U1: שווי הוגן (באלפי ש"ח) | V1: עלות מופחתת (באלפי ש"ח) | W1: השיטה שיושמה בדוח הכספי | X1: שיעור מנכסי אפיק ההשקעה | Y1: שיעור מסך נכסי ההשקעה

Sheet לא סחיר איגרות חוב מיועדות
A1: מספר קופה/קרן/ח.פ. עבור חברת ביטוח | B1: מספר מסלול | C1: מאפיין עיקרי | D1: שם נייר ערך | E1: מספר נייר ערך | F1: תאריך רכישה | G1: מח"מ | H1: סוג הצמדה | I1: מועד פדיון | J1: שיעור ריבית | K1: תשואה לפדיון | L1: ערך נקוב (יחידות) | M1: שער נייר הערך | N1: שווי הוגן (באלפי ש"ח) | O1: עלות מופחתת (באלפי ש"ח) | P1: השיטה שיושמה בדוח הכספי | Q1: שיעור מנכסי אפיק ההשקעה | R1: שיעור מסך נכסי ההשקעה

Sheet אפיק השקעה מובטח תשואה
A1: מספר קרן | B1: מספר מסלול | C1: מאפיין עיקרי | D1: חודש הנפקת שכבה | E1: חודש הבדיקה | F1: שווי הנכסים באפיק (באלפי ש"ח) | G1: שיעור מסך נכסי ההשקעה

Sheet לא סחיר ניירות ערך מסחריים
A1: מספר קופה/קרן/ח.פ. עבור חברת ביטוח | B1: מספר מסלול | C1: שם מנפיק | D1: מספר מנפיק | E1: סוג מספר מזהה מנפיק | F1: שם נייר ערך | G1: מספר נייר ערך | H1: סוג מספר נייר ערך | I1: מאפיין עיקרי | J1: ישראל/חו"ל | K1: מדינה לפי חשיפה כלכלית | L1: ענף מסחר | M1: בעל עניין/צד קשור | N1: תאריך רכישה | O1: דירוג | P1: שם מדרג | Q1: דירוג נייר הערך/המנפיק | R1: מטבע פעילות | S1: מח"מ | T1: סוג הצמדה | U1: ריבית עוגן | V1: מועד פדיון | W1: שיעור ריבית | X1: תשואה לפדיון | Y1: נחיתות חוזית | Z1: האם סווג כחוב בעייתי | AA1: סוג גורם משערך | AB1: תלות/אי-תלות המשערך | AC1: שם גורם משערך | AD1: תאריך שערוך אחרון | AE1: תאריך אחרון בו נבחנה בפועל ירידת ערך | AF1: ערך נקוב (יחידות) | AG1: שער חליפין | AH1: שער נייר הערך | AI1: שווי הוגן (באלפי ש"ח) | AJ1: עלות מופחתת (באלפי ש"ח) | AK1: עלות מופחתת (במטבע הפעילות) | AL1: השיטה שיושמה בדוח הכספי | AM1: שיעור מנכסי אפיק ההשקעה | AN1: שיעור מסך נכסי ההשקעה

Sheet לא סחיר איגרות חוב
A1: מספר קופה/קרן/ח.פ. עבור חברת ביטוח | B1: מספר מסלול | C1: שם מנפיק | D1: מספר מנפיק | E1: סוג מספר מזהה מנפיק | F1: שם נייר ערך | G1: מספר נייר ערך | H1: סוג מספר נייר ערך | I1: מאפיין עיקרי | J1: ישראל/חו"ל | K1: מדינה לפי חשיפה כלכלית | L1: סטאטוס סחירות | M1: ענף מסחר | N1: בעל עניין/צד קשור | O1: תאריך רכישה | P1: דירוג | Q1: שם מדרג | R1: דירוג נייר הערך/המנפיק | S1: מטבע פעילות | T1: מח"מ | U1: מועד פדיון | V1: תשואה לפדיון | W1: שיעור ריבית | X1: נחיתות חוזית | Y1: האם סווג כחוב בעייתי | Z1: סוג גורם משערך | AA1: תלות/אי-תלות המשערך | AB1: תאריך שערוך אחרון | AC1: תאריך אחרון בו נבחנה בפועל ירידת ערך | AD1: ערך נקוב (יחידות) | AE1: שער חליפין | AF1: שער נייר הערך | AG1: שווי הוגן (באלפי ש"ח) | AH1: עלות מופחתת (באלפי ש"ח) | AI1: עלות מופחתת (במטבע הפעילות) | AJ1: השיטה שיושמה בדוח הכספי | AK1: שיעור מנכסי אפיק ההשקעה | AL1: שיעור מסך נכסי ההשקעה
A2: 161 | B2: 1434 | C2: גב-ים נגב בע"מ | D2: 514189596 | E2: ח.פ. | F2: גב-ים נגב אגח ב-רמ | G2: IL0012084534 | H2: ISIN | I2: נש"ר צמוד למדד המחירים לצרכן | J2: ישראל | K2: ישראל | L2: לא סחיר | M2: נדל"ן מניב בישראל | N2: לא | O2: 11/07/2024 | P2: A+ | Q2: S&P מעלות | R2: נייר ערך | S2: ILS | T2: 2.320 | U2: 31/12/2028 | V2: 0.0321 | W2: 0.0384 | X2: החוב לא נחות | Y2: לא | Z2: חברת ציטוט | AA2: אי-תלות | AB2: 30/06/2026 | AC2: 30/06/2026 | AD2: 80925 | AE2: 1 | AF2: 106.64 | AG2: 86.298 | AJ2: שווי הוגן | AK2: 0.19548587 | AL2: 0.0036601923
A3: 161 | B3: 1434 | C3: י.ח.ק להשקעות שותפות מוגבלת | D3: 550016091 | E3: מספר שותפות | F3: י.ח.ק. אגח ב רמ | G3: IL0011817835 | H3: ISIN | I3: נש"ר לא צמוד למדד המחירים לצרכן | J3: ישראל | K3: ישראל | L3: לא סחיר | M3: השקעה ואחזקות | N3: לא | O3: 16/11/2021 | P3: A+ | Q3: S&P מעלות | R3: נייר ערך | S3: ILS | T3: 1.460 | U3: 31/12/2028 | V3: 0.0403 | W3: 0.0286 | X3: החוב לא נחות | Y3: לא | Z3: חברת ציטוט | AA3: אי-תלות | AB3: 30/06/2026 | AC3: 30/06/2026 | AD3: 11571.44 | AE3: 1 | AF3: 99.74 | AG3: 11.541 | AJ3: שווי הוגן | AK3: 0.026143836 | AL3: 0.00048950579
A4: 161 | B4: 1434 | C4: כלל תעשיות בע"מ | D4: 520021874 | E4: ח.פ. | F4: כלל תעשיות אגח יז-רמ | G4: IL0012433368 | H4: ISIN | I4: נש"ר לא צמוד למדד המחירים לצרכן | J4: ישראל | K4: ישראל | L4: לא סחיר | M4: השקעה ואחזקות | N4: לא | O4: 15/06/2026 | P4: A2 | Q4: מידרוג Moodys | R4: נייר ערך | S4: ILS | T4: 5.800 | U4: 30/06/2036 | V4: 0.0511 | W4: 0.0512 | X4: החוב לא נחות | Y4: לא | Z4: חברת ציטוט | AA4: אי-תלות | AB4: 30/06/2026 | AC4: 30/06/2026 | AD4: 44921 | AE4: 1 | AF4: 100.65 | AG4: 45.213 | AJ4: שווי הוגן | AK4: 0.10241787 | AL4: 0.0019176275
A5: 161 | B5: 1434 | C5: לידר החזקות והשקעות בע"מ | D5: 520037664 | E5: ח.פ. | F5: לידר אגח ח - רמ | G5: IL0031803617 | H5: ISIN | I5: נש"ר לא צמוד למדד המחירים לצרכן | J5: ישראל | K5: ישראל | L5: לא סחיר | M5: השקעה ואחזקות | N5: לא | O5: 28/02/2021 | P5: A1 | Q5: מידרוג Moodys | R5: נייר ערך | S5: ILS | T5: 1.120 | U5: 15/02/2028 | V5: 0.0369 | W5: 0.021 | X5: החוב לא נחות | Y5: לא | Z5: חברת ציטוט | AA5: אי-תלות | AB5: 30/06/2026 | AC5: 30/06/2026 | AD5: 11428.6 | AE5: 1 | AF5: 99.04 | AG5: 11.319 | AJ5: שווי הוגן | AK5: 0.025639892 | AL5: 0.00048007018
A6: 161 | B6: 1434 | C6: מימון ישיר נדל"ן ומשכנתאות בעמ | D6: 516100153 | E6: ח.פ. | F6: מימוןמשכ אגא-רמ | G6: IL0012088188 | H6: ISIN | I6: נש"ר צמוד למדד המחירים לצרכן | J6: ישראל | K6: ישראל | L6: לא סחיר | M6: שרותים פיננסיים | N6: לא | O6: 15/07/2024 | P6: A2 | Q6: מידרוג Moodys | R6: נייר ערך | S6: ILS | T6: 2.940 | U6: 31/12/2031 | V6: 0.0441 | W6: 0.0445 | X6: החוב לא נחות | Y6: לא | Z6: חברת ציטוט | AA6: אי-תלות | AB6: 30/06/2026 | AC6: 30/06/2026 | AD6: 72000 | AE6: 1 | AF6: 105.37 | AG6: 75.866 | AJ6: שווי הוגן | AK6: 0.17185493 | AL6: 0.003217737
A7: 161 | B7: 1434 | C7: מת"ם - מרכז תעשיות מדע חיפה בע"מ | D7: 510687403 | E7: ח.פ. | F7: מת"ם אגח א-רמ | G7: IL0011389991 | H7: ISIN | I7: נש"ר לא צמוד למדד המחירים לצרכן | J7: ישראל | K7: ישראל | L7: לא סחיר | M7: נדל"ן מניב בישראל | N7: לא | O7: 05/12/2018 | P7: Aa2 | Q7: מידרוג Moodys | R7: נייר ערך | S7: ILS | T7: 0.990 | U7: 30/06/2027 | V7: 0.0373 | W7: 0.031 | X7: החוב לא נחות | Y7: לא | Z7: חברת ציטוט | AA7: אי-תלות | AB7: 30/06/2026 | AC7: 30/06/2026 | AD7: 15089.04 | AE7: 1 | AF7: 99.43 | AG7: 15.003 | AJ7: שווי הוגן | AK7: 0.033985337 | AL7: 0.00063632665
A8: 161 | B8: 1434 | C8: רפאל-רשות לפיתוח אמצעי לחימה בע"מ | D8: 520042185 | E8: ח.פ. | F8: רפאל אגח ג ר.מ. | G8: IL0011402760 | H8: ISIN | I8: נש"ר צמוד למדד המחירים לצרכן | J8: ישראל | K8: ישראל | L8: לא סחיר | M8: ביטחוניות | N8: לא | O8: 05/05/2021 | P8: AAA | Q8: S&P מעלות | R8: נייר ערך | S8: ILS | T8: 3.970 | U8: 15/09/2034 | V8: 0.0212 | W8: 0.0214 | X8: החוב לא נחות | Y8: לא | Z8: חברת ציטוט | AA8: אי-תלות | AB8: 30/06/2026 | AC8: 30/06/2026 | AD8: 45670.02 | AE8: 1 | AF8: 121.89 | AG8: 55.667 | AJ8: שווי הוגן | AK8: 0.12609905 | AL8: 0.0023610237
A9: 161 | B9: 1434 | C9: רפאל-רשות לפיתוח אמצעי לחימה בע"מ | D9: 520042185 | E9: ח.פ. | F9: רפאל סד' ד 2020/2034 | G9: IL0011402844 | H9: ISIN | I9: נש"ר לא צמוד למדד המחירים לצרכן | J9: ישראל | K9: ישראל | L9: לא סחיר | M9: ביטחוניות | N9: לא | O9: 04/05/2021 | P9: AAA | Q9: S&P מעלות | R9: נייר ערך | S9: ILS | T9: 3.800 | U9: 15/09/2034 | V9: 0.0376 | W9: 0.0374 | X9: החוב לא נחות | Y9: לא | Z9: חברת ציטוט | AA9: אי-תלות | AB9: 30/06/2026 | AC9: 30/06/2026 | AD9: 96485.97 | AE9: 1 | AF9: 101.13 | AG9: 97.576 | AJ9: שווי הוגן | AK9: 0.22103279 | AL9: 0.0041385217
A10: 161 | B10: 1434 | C10: רשות שדות התעופה בישראל | D10: 500102868 | E10: ח.פ. | F10: רש"ת אגח ב -רמ | G10: IL0011873432 | H10: ISIN | I10: נש"ר צמוד למדד המחירים לצרכן | J10: ישראל | K10: ישראל | L10: לא סחיר | M10: שרותים | N10: לא | O10: 13/11/2025 | P10: AAA | Q10: S&P מעלות | R10: נייר ערך | S10: ILS | T10: 5.940 | U10: 31/12/2036 | V10: 0.0247 | W10: 0.0175 | X10: החוב לא נחות | Y10: לא | Z10: חברת ציטוט | AA10: אי-תלות | AB10: 30/06/2026 | AC10: 30/06/2026 | AD10: 28333.33 | AE10: 1 | AF10: 108.39 | AG10: 30.71 | AJ10: שווי הוגן | AK10: 0.069566374 | AL10: 0.0013025305
A11: 161 | B11: 1434 | C11: לוויתן בונד בע"מ | D11: 516223864 | E11: ח.פ. | F11: LVIATH 6 1/2 30/06/2027 | G11: IL0011677825 | H11: ISIN | I11: צמוד למט"ח | J11: חו"ל | K11: ארה"ב | L11: לא סחיר | M11: Energy Equipment & Services | N11: לא | O11: 18/10/2023 | P11: Ba3 | Q11: Moodys | R11: נייר ערך | S11: USD | T11: 0.980 | U11: 30/06/2027 | V11: 0.0695 | W11: 0.065 | X11: החוב לא נחות | Y11: לא | Z11: חברת ציטוט | AA11: אי-תלות | AB11: 30/06/2026 | AC11: 30/06/2026 | AD11: 4000 | AE11: 2.978 | AF11: 99.68 | AG11: 12.261 | AJ11: שווי הוגן | AK11: 0.027774048 | AL11: 0.00052002919
A12: 161 | B12: 9938 | C12: גב-ים נגב בע"מ | D12: 514189596 | E12: ח.פ. | F12: גב-ים נגב אגח ב-רמ | G12: IL0012084534 | H12: ISIN | I12: נש"ר צמוד למדד המחירים לצרכן | J12: ישראל | K12: ישראל | L12: לא סחיר | M12: נדל"ן מניב בישראל | N12: לא | O12: 11/07/2024 | P12: A+ | Q12: S&P מעלות | R12: נייר ערך | S12: ILS | T12: 2.320 | U12: 31/12/2028 | V12: 0.0321 | W12: 0.0384 | X12: החוב לא נחות | Y12: לא | Z12: חברת ציטוט | AA12: אי-תלות | AB12: 30/06/2026 | AC12: 30/06/2026 | AD12: 221325 | AE12: 1 | AF12: 106.64 | AG12: 236.021 | AJ12: שווי הוגן | AK12: 0.20435184 | AL12: 0.0025338226
A13: 161 | B13: 9938 | C13: י.ח.ק להשקעות שותפות מוגבלת | D13: 550016091 | E13: מספר שותפות | F13: י.ח.ק. אגח ב רמ | G13: IL0011817835 | H13: ISIN | I13: נש"ר לא צמוד למדד המחירים לצרכן | J13: ישראל | K13: ישראל | L13: לא סחיר | M13: השקעה ואחזקות | N13: לא | O13: 16/11/2021 | P13: A+ | Q13: S&P מעלות | R13: נייר ערך | S13: ILS | T13: 1.460 | U13: 31/12/2028 | V13: 0.0403 | W13: 0.0286 | X13: החוב לא נחות | Y13: לא | Z13: חברת ציטוט | AA13: אי-תלות | AB13: 30/06/2026 | AC13: 30/06/2026 | AD13: 25285.72 | AE13: 1 | AF13: 99.74 | AG13: 25.22 | AJ13: שווי הוגן | AK13: 0.021835978 | AL13: 0.00027075113
... A51: 161 | B51: 12468 | C51: לוויתן בונד בע"מ | D51: 516223864 | E51: ח.פ. | F51: LVIATH 6 1/2 30/06/2027 | G51: IL0011677825 | H51: ISIN | I51: צמוד למט"ח | J51: חו"ל | K51: ארה"ב | L51: לא סחיר | M51: Energy Equipment & Services | N51: לא | O51: 18/10/2023 | P51: Ba3 | Q51: Moodys | R51: נייר ערך | S51: USD | T51: 0.980 | U51: 30/06/2027 | V51: 0.0695 | W51: 0.065 | X51: החוב לא נחות | Y51: לא | Z51: חברת ציטוט | AA51: אי-תלות | AB51: 30/06/2026 | AC51: 30/06/2026 | AD51: 2000 | AE51: 2.978 | AF51: 99.68 | AG51: 6.131 | AJ51: שווי הוגן | AK51: 0.64192711 | AL51: 0.00014584511

Sheet לא סחיר מניות מבכ ויהש
A1: מספר קופה/קרן/ח.פ. עבור חברת ביטוח | B1: מספר מסלול | C1: שם מנפיק | D1: מספר מנפיק | E1: סוג מספר מזהה מנפיק | F1: שם נייר ערך | G1: מספר נייר ערך | H1: סוג מספר נייר ערך | I1: מאפיין עיקרי | J1: ישראל/חו"ל | K1: מדינה לפי חשיפה כלכלית | L1: סטאטוס סחירות | M1: ענף מסחר | N1: בעל עניין/צד קשור | O1: תאריך רכישה | P1: מטבע פעילות | Q1: סוג גורם משערך | R1: תלות/אי-תלות המשערך | S1: תאריך שערוך אחרון | T1: תאריך אחרון בו נבחנה בפועל ירידת ערך | U1: ערך נקוב (יחידות) | V1: שער חליפין | W1: שער נייר הערך | X1: שווי הוגן (באלפי ש"ח) | Y1: שיעור מנכסי אפיק ההשקעה | Z1: שיעור מסך נכסי ההשקעה
A2: 161 | B2: 9938 | C2: וויו (veev) גרופ | D2: 832652993 | E2: פנימי | F2: C וויו גרופ | G2: US9224741010 | H2: ISIN | I2: מניות לא סחירות | J2: ישראל | K2: ישראל | L2: לא סחיר | M2: חברות ללא פעילות ומעטפת | N2: לא | O2: 08/03/2021 | P2: ILS | Q2: אחר | R2: אי-תלות | S2: 30/09/2025 | T2: 30/09/2025 | U2: 72698 | V2: 1 | W2: 0 | X2: 0 | Y2: 6.2308437e-09 | Z2: 7.8045534e-12
A3: 161 | B3: 9938 | C3: PROSPECT CAPITAL CORP | D3: 549300FSD8T39P5Q0O47 | E3: LEI | F3: PROSPECT CAPITAL | G3: US74348T5083 | H3: ISIN | I3: מניות לא סחירות | J3: חו"ל | K3: ארה"ב | L3: לא סחיר | M3: שרותים פיננסיים | N3: לא | O3: 27/04/2021 | P3: USD | Q3: אחר | R3: קיימת תלות | S3: 31/12/2025 | T3: 31/12/2025 | U3: 1560 | V3: 2.978 | W3: 2500 | X3: 116.674 | Y3: 0.99999999 | Z3: 0.0012525677
A4: 161 | B4: 9942 | C4: וויו (veev) גרופ | D4: 832652993 | E4: פנימי | F4: C וויו גרופ | G4: US9224741010 | H4: ISIN | I4: מניות לא סחירות | J4: ישראל | K4: ישראל | L4: לא סחיר | M4: חברות ללא פעילות ומעטפת | N4: לא | O4: 08/03/2021 | P4: ILS | Q4: אחר | R4: אי-תלות | S4: 30/09/2025 | T4: 30/09/2025 | U4: 53312 | V4: 1 | W4: 0 | X4: 0 | Y4: 3.0332357e-09 | Z4: 4.8709026e-12
A5: 161 | B5: 9942 | C5: PROSPECT CAPITAL CORP | D5: 549300FSD8T39P5Q0O47 | E5: LEI | F5: PROSPECT CAPITAL | G5: US74348T5083 | H5: ISIN | I5: מניות לא סחירות | J5: חו"ל | K5: ארה"ב | L5: לא סחיר | M5: שרותים פיננסיים | N5: לא | O5: 27/04/2021 | P5: USD | Q5: אחר | R5: קיימת תלות | S5: 31/12/2025 | T5: 31/12/2025 | U5: 2350 | V5: 2.978 | W5: 2500 | X5: 175.76 | Y5: 1 | Z5: 0.0016058438
A6: 161 | B6: 9943 | C6: אלון חברת הדלק לישראל בע"מ | D6: 520041690 | E6: ח.פ. | F6: מניות לא סחירות אלון דלק | G6: 44867 | H6: פנימי | I6: מניות לא סחירות | J6: ישראל | K6: ישראל | L6: לא סחיר | M6: מסחר | N6: לא | O6: 07/11/2017 | P6: ILS | Q6: אחר | R6: אי-תלות | S6: 18/08/2019 | T6: 31/05/2025 | U6: 141213.79 | V6: 1 | W6: 0.001 | X6: 0.001 | Y6: 1.1786754e-06 | Z6: 6.9958724e-10
A7: 161 | B7: 9943 | C7: ALESCO PREF FUNDING IX | D7: 549300FP1ZNOHOUNLV32 | E7: LEI | F7: ALESC 0 06/23/36 | G7: KYG0158U1067 | H7: ISIN | I7: מניות לא סחירות | J7: חו"ל | K7: ארה"ב | L7: לא סחיר | M7: Financial Services | N7: לא | O7: 01/08/2019 | P7: USD | Q7: אחר | R7: אי-תלות | S7: 25/12/2023 | T7: 31/05/2025 | U7: 49 | V7: 2.978 | W7: 0 | X7: 0 | Y7: 1.2179736e-12 | Z7: 7.2291218e-16
A8: 161 | B8: 9943 | C8: ALESCO PREF FUNDING IX | D8: 549300FP1ZNOHOUNLV32 | E8: LEI | F8: ALESC 7X INC | G8: USG0158NAA03 | H8: ISIN | I8: מניות לא סחירות | J8: חו"ל | K8: ארה"ב | L8: לא סחיר | M8: Financial Services | N8: לא | O8: 01/08/2019 | P8: USD | Q8: אחר | R8: אי-תלות | S8: 07/08/2019 | T8: 31/05/2025 | U8: 0 | V8: 2.978 | W8: 0 | X8: 151.605 | Y8: 0.1265405 | Z8: 7.5106445e-05
A9: 161 | B9: 9943 | C9: ALESCO PREF FUNDING IX | D9: 549300FP1ZNOHOUNLV32 | E9: LEI | F9: ALESCO PFD V | G9: KYG0158H1056 | H9: ISIN | I9: מניות לא סחירות | J9: חו"ל | K9: ארה"ב | L9: לא סחיר | M9: Construction Materials | N9: לא | O9: 08/09/2020 | P9: USD | Q9: אחר | R9: אי-תלות | S9: 30/06/2026 | T9: 30/06/2026 | U9: 73 | V9: 2.978 | W9: 0 | X9: 0.016 | Y9: 1.369605e-05 | Z9: 8.1291099e-09
A10: 161 | B10: 9943 | C10: וויו (veev) גרופ | D10: 832652993 | E10: פנימי | F10: C וויו גרופ | G10: US9224741010 | H10: ISIN | I10: מניות לא סחירות | J10: ישראל | K10: ישראל | L10: לא סחיר | M10: חברות ללא פעילות ומעטפת | N10: לא | O10: 08/03/2021 | P10: ILS | Q10: אחר | R10: אי-תלות | S10: 30/09/2025 | T10: 30/09/2025 | U10: 525040 | V10: 1 | W10: 0 | X10: 0 | Y10: 4.3823747e-09 | Z10: 2.6011007e-12
A11: 161 | B11: 9943 | C11: PROSPECT CAPITAL CORP | D11: 549300FSD8T39P5Q0O47 | E11: LEI | F11: PROSPECT CAPITAL | G11: US74348T5083 | H11: ISIN | I11: מניות לא סחירות | J11: חו"ל | K11: ארה"ב | L11: לא סחיר | M11: שרותים פיננסיים | N11: לא | O11: 07/08/2024 | P11: USD | Q11: אחר | R11: קיימת תלות | S11: 31/12/2025 | T11: 31/12/2025 | U11: 11450 | V11: 2.978 | W11: 2500 | X11: 856.36 | Y11: 0.71478193 | Z11: 0.00042424938
A12: 161 | B12: 9943 | C12: Verbit Inc | D12: 25-1519537 | E12: מספר תאגיד או שותפות בחו"ל | F12: Verbit Inc | G12: 27970019 | H12: פנימי | I12: מניות לא סחירות | J12: חו"ל | K12: ארה"ב | L12: לא סחיר | M12: Technology Hardware, Storage & Peripherals | N12: לא | O12: 13/05/2021 | P12: USD | Q12: אחר | R12: קיימת תלות | S12: 07/08/2025 | T12: 07/08/2025 | U12: 43720 | V12: 2.978 | W12: 146 | X12: 190.089 | Y12: 0.15866269 | Z12: 9.4172147e-05
A13: 161 | B13: 12468 | C13: וויו (veev) גרופ | D13: 832652993 | E13: פנימי | F13: C וויו גרופ | G13: US9224741010 | H13: ISIN | I13: מניות לא סחירות | J13: ישראל | K13: ישראל | L13: לא סחיר | M13: חברות ללא פעילות ומעטפת | N13: לא | O13: 08/03/2021 | P13: ILS | Q13: אחר | R13: אי-תלות | S13: 30/09/2025 | T13: 30/09/2025 | U13: 7270 | V13: 1 | W13: 0 | X13: 0 | Y13: 1.1435752e-08 | Z13: 1.7295361e-12
A14: 161 | B14: 12468 | C14: PROSPECT CAPITAL CORP | D14: 549300FSD8T39P5Q0O47 | E14: LEI | F14: PROSPECT CAPITAL | G14: US74348T5083 | H14: ISIN | I14: מניות לא סחירות | J14: חו"ל | K14: ארה"ב | L14: לא סחיר | M14: שרותים פיננסיים | N14: לא | O14: 27/04/2021 | P14: USD | Q14: אחר | R14: קיימת תלות | S14: 31/12/2025 | T14: 31/12/2025 | U14: 85 | V14: 2.978 | W14: 2500 | X14: 6.357 | Y14: 0.99999999 | Z14: 0.00015123938

Sheet קרנות השקעה
A1: מספר קופה/קרן/ח.פ. עבור חברת ביטוח | B1: מספר מסלול | C1: שם שותף כללי קרן השקעות | D1: מספר מזהה שותף כללי קרן השקעות | E1: סוג מספר מזהה שותף כללי קרן השקעות | F1: שם קרן השקעה | G1: מספר מזהה קרן השקעה | H1: סוג מספר מזהה קרן השקעות | I1: מאפיין עיקרי | J1: אסטרטגיית קרן ההשקעה | K1: ישראל/חו"ל | L1: מדינת התאגדות קרן השקעה | M1: מיקום משרד השותף הכללי | N1: מדינה לפי חשיפה כלכלית | O1: בעל עניין/צד קשור | P1: תאריך רכישה | Q1: מטבע פעילות | R1: סוג גורם משערך | S1: תלות/אי-תלות המשערך | T1: תאריך שערוך אחרון | U1: שער חליפין | V1: NAV (במטבע הדיווח של קרן ההשקעה) | W1: שווי הוגן (באלפי ש"ח) | X1: שיעור החזקה בקרן השקעה | Y1: שיעור מנכסי אפיק ההשקעה | Z1: שיעור מסך נכסי ההשקעה
A2: 161 | B2: 9938 | C2: Vertex Venturs Partners LTD | D2: 0 | E2: ח.פ. | F2: Vertex Israel Opportunity II Fund | G2: 27970027 | H2: פנימי | I2: פרייבט אקוויטי | J2: Growth Venture Capital | K2: חו"ל | L2: ארה"ב | M2: איי קיימן | N2: ישראל | O2: לא | P2: 19/08/2021 | Q2: USD | R2: מומחה בלתי תלוי | S2: אי-תלות | T2: 17/05/2026 | U2: 2.978 | V2: 45.616 | W2: 135.844 | X2: 0.000231 | Y2: 0.20695366 | Z2: 0.0014583664
A3: 161 | B3: 9938 | C3: Vertical Long | D3: 515581759 | E3: ח.פ. | F3: Vertical Long LP (עמי עד 50) | G3: 27970062 | H3: פנימי | I3: קרן גידור (Hedge Fund) | J3: Private Equity | K3: ישראל | L3: איי קיימן | M3: ישראל | N3: ישראל | O3: לא | P3: 28/05/2026 | Q3: ILS | R3: מומחה בלתי תלוי | S3: אי-תלות | T3: 28/05/2026 | U3: 1 | V3: 360 | W3: 360 | X3: 0 | Y3: 0.54844686 | Z3: 0.0038648095
A4: 161 | B4: 9938 | C4: Coller Credit Opportunities I General Partner, L.P. | D4: 98-0233839 | E4: מספר שותפות | F4: Coller Credit Opportunities | G4: 27970029 | H4: פנימי | I4: פרייבט אקוויטי | J4: Secondaries | K4: חו"ל | L4: גרנזי (Guernsey) | M4: אירופה | N4: אירופה | O4: לא | P4: 02/09/2021 | Q4: USD | R4: דיווח מנהל הקרן | S4: קיימת תלות | T4: 30/06/2026 | U4: 2.978 | V4: 53.914 | W4: 160.555 | X4: 5.1e-05 | Y4: 0.24459948 | Z4: 0.0017236499
A5: 161 | B5: 9942 | C5: Coller Credit Opportunities I General Partner, L.P. | D5: 98-0233839 | E5: מספר שותפות | F5: Coller Credit Opportunities | G5: 27970029 | H5: פנימי | I5: פרייבט אקוויטי | J5: Secondaries | K5: חו"ל | L5: גרנזי (Guernsey) | M5: אירופה | N5: אירופה | O5: לא | P5: 02/09/2021 | Q5: USD | R5: דיווח מנהל הקרן | S5: קיימת תלות | T5: 30/06/2026 | U5: 2.978 | V5: 53.914 | W5: 160.555 | X5: 5.1e-05 | Y5: 1 | Z5: 0.0014669251
A6: 161 | B6: 9943 | C6: ECP GP V, LP | D6: 0 | E6: LEI | F6: Harel Alternative Credit Co-Invest | G6: 27970039 | H6: פנימי | I6: פרייבט אקוויטי | J6: Venture Debt | K6: ישראל | L6: איי קיימן | M6: ישראל | N6: ישראל | O6: לא | P6: 01/05/2023 | Q6: ILS | R6: מומחה בלתי תלוי | S6: אי-תלות | T6: 03/06/2026 | U6: 1 | V6: 5153.909 | W6: 5153.909 | X6: 0.005424 | Y6: 0.020068174 | Z6: 0.0025532983
A7: 161 | B7: 9943 | C7: HAREL FINANCE ALTERNATIVE HAMA | D7: 515697605 | E7: ח.פ. | F7: Harel Finance Alternative Hamagen Israel | G7: 27970059 | H7: פנימי | I7: פרייבט אקוויטי | J7: Real Estate Debt | K7: ישראל | L7: ישראל | M7: ישראל | N7: ישראל | O7: לא | P7: 06/11/2025 | Q7: ILS | R7: מומחה בלתי תלוי | S7: אי-תלות | T7: 27/05/2026 | U7: 1 | V7: 2406.401 | W7: 2406.401 | X7: 0.034246 | Y7: 0.0093699875 | Z7: 0.0011921549
A8: 161 | B8: 9943 | C8: Kedma Capital | D8: 540286333 | E8: ח.פ. | F8: KEDMA CAPITAL IV | G8: 27970052 | H8: פנימי | I8: פרייבט אקוויטי | J8: Buyout | K8: ישראל | L8: ישראל | M8: ישראל | N8: ישראל | O8: לא | P8: 31/10/2024 | Q8: USD | R8: דיווח מנהל הקרן | S8: קיימת תלות | T8: 18/06/2026 | U8: 2.978 | V8: 1142.795 | W8: 3403.242 | X8: 0.002309 | Y8: 0.013251467 | Z8: 0.0016860003
A9: 161 | B9: 9943 | C9: Vertical Long | D9: 515581759 | E9: ח.פ. | F9: Vertical Long LP | G9: 27970061 | H9: פנימי | I9: קרן גידור (Hedge Fund) | J9: Private Equity | K9: ישראל | L9: איי קיימן | M9: ישראל | N9: ישראל | O9: לא | P9: 28/05/2026 | Q9: ILS | R9: מומחה בלתי תלוי | S9: אי-תלות | T9: 28/05/2026 | U9: 1 | V9: 6000 | W9: 6000 | X9: 0 | Y9: 0.023362662 | Z9: 0.00297246
A10: 161 | B10: 9943 | C10: נוקד | D10: 515419356 | E10: ח.פ. | F10: קרן נוקד אגח | G10: 27970034 | H10: פנימי | I10: קרן גידור (Hedge Fund) | J10: Buyout | K10: ישראל | L10: איי קיימן | M10: ישראל | N10: ישראל | O10: לא | P10: 26/07/2022 | Q10: ILS | R10: מומחה בלתי תלוי | S10: אי-תלות | T10: 08/06/2026 | U10: 1 | V10: 2610.785 | W10: 2610.785 | X10: 3e-06 | Y10: 0.010165817 | Z10: 0.0012934092
A11: 161 | B11: 9943 | C11: נוקד | D11: 515419356 | E11: ח.פ. | F11: קרן נוקד אופורטוניטי | G11: 27970033 | H11: פנימי | I11: קרן גידור (Hedge Fund) | J11: Buyout | K11: ישראל | L11: ישראל | M11: ישראל | N11: ישראל | O11: לא | P11: 26/07/2022 | Q11: ILS | R11: מומחה בלתי תלוי | S11: אי-תלות | T11: 08/06/2026 | U11: 1 | V11: 2906.378 | W11: 2906.378 | X11: 0.001028 | Y11: 0.011316787 | Z11: 0.0014398486
A12: 161 | B12: 9943 | C12: אלפא | D12: 0 | E12: ח.פ. | F12: ALPHA OPPORTUNITIES LP | G12: 27950001 | H12: פנימי | I12: קרן גידור (Hedge Fund) | J12: Other | K12: ישראל | L12: ישראל | M12: ישראל | N12: ישראל | O12: לא | P12: 27/07/2022 | Q12: ILS | R12: מומחה בלתי תלוי | S12: אי-תלות | T12: 28/12/2025 | U12: 1 | V12: 4459.583 | W12: 4459.583 | X12: 0.007276 | Y12: 0.017364624 | Z12: 0.0022093223
A13: 161 | B13: 9943 | C13: אי.בי.אי IBI | D13: 550270045 | E13: מספר שותפות | F13: איבו קרן מלונאות ש.מ - עמי גמל 30.08.2032 | G13: 27950002 | H13: פנימי | I13: פרייבט אקוויטי | J13: Other | K13: ישראל | L13: ישראל | M13: ישראל | N13: ישראל | O13: לא | P13: 05/02/2023 | Q13: ILS | R13: מומחה בלתי תלוי | S13: אי-תלות | T13: 27/05/2026 | U13: 1 | V13: 3531 | W13: 3531 | X13: 0.005 | Y13: 0.013748927 | Z13: 0.0017492927
... A76: 161 | B76: 9943 | C76: Viola Credit GL II General | D76: 0 | E76: מספר שותפות | F76: Viola Credit GL II Limited Partnership | G76: 27970035 | H76: פנימי | I76: פרייבט אקוויטי | J76: Venture Debt | K76: ישראל | L76: ישראל | M76: ישראל | N76: ארה"ב | O76: לא | P76: 24/10/2022 | Q76: USD | R76: דיווח מנהל הקרן | S76: קיימת תלות | T76: 09/06/2026 | U76: 2.978 | V76: 103.099 | W76: 307.028 | X76: 0.000503 | Y76: 0.0011954982 | Z76: 0.0001521047

Sheet לא סחיר כתבי אופציה
A1: מספר קופה/קרן/ח.פ. עבור חברת ביטוח | B1: מספר מסלול | C1: שם מנפיק | D1: מספר מנפיק | E1: סוג מספר מזהה מנפיק | F1: שם נייר ערך | G1: מספר נייר ערך | H1: סוג מספר נייר ערך | I1: ישראל/חו"ל | J1: מדינה לפי חשיפה כלכלית | K1: סטאטוס סחירות | L1: נכס בסיס (כתב אופציה) | M1: ענף מסחר | N1: תאריך פקיעה | O1: בעל עניין/צד קשור | P1: תאריך רכישה | Q1: מטבע פעילות | R1: סוג גורם משערך | S1: תלות/אי-תלות המשערך | T1: תאריך שערוך אחרון | U1: שער מימוש | V1: יחס המרה | W1: ערך נקוב (יחידות) | X1: שער נייר הערך | Y1: שער חליפין | Z1: שווי הוגן (באלפי ש"ח) | AA1: שיעור מנכסי אפיק ההשקעה | AB1: שיעור מסך נכסי ההשקעה

Sheet לא סחיר אופציות
A1: מספר קופה/קרן/ח.פ. עבור חברת ביטוח | B1: מספר מסלול | C1: שם מנפיק | D1: מספר מנפיק | E1: סוג מספר מזהה מנפיק | F1: שם נייר ערך | G1: מספר נייר ערך | H1: סוג מספר נייר ערך | I1: מאפיין עיקרי | J1: ישראל/חו"ל | K1: מדינה לפי חשיפה כלכלית | L1: ענף מסחר | M1: נכס בסיס | N1: תאריך פקיעה | O1: בעל עניין/צד קשור | P1: תאריך רכישה | Q1: מטבע פעילות | R1: סוג גורם משערך | S1: תלות/אי-תלות המשערך | T1: תאריך שערוך אחרון | U1: שער מימוש | V1: יחס המרה | W1: ערך נקוב (יחידות) | X1: שער נייר הערך | Y1: שער חליפין | Z1: שווי הוגן (באלפי ש"ח) | AA1: שיעור מנכסי אפיק ההשקעה | AB1: שיעור מסך נכסי ההשקעה

Sheet לא סחיר נגזרים אחרים
A1: מספר קופה/קרן/ח.פ. עבור חברת ביטוח | B1: מספר מסלול | C1: מאפיין עיקרי | D1: מספר עסקה (רגל 1) | E1: מטבע פעילות (רגל 1) | F1: שער חליפין (רגל 1) | G1: ערך נקוב (רגל 1) | H1: שווי הוגן במטבע הנסחר (רגל 1) | I1: שיעור מנכסי אפיק ההשקעה (רגל 1) | J1: שיעור מסך נכסי ההשקעה (רגל 1) | K1: מספר עסקה (רגל 2) | L1: מטבע פעילות (רגל 2) | M1: שער חליפין (רגל 2) | N1: ערך נקוב (רגל 2) | O1: שווי הוגן במטבע הנסחר (רגל 2) | P1: שיעור מנכסי אפיק ההשקעה (רגל 2) | Q1: שיעור מסך נכסי ההשקעה (רגל 2) | R1: שווי הוגן (נטו באלפי ש"ח) | S1: ישראל/חו"ל | T1: מדינה לפי חשיפה כלכלית | U1: סוג הנכס | V1: פקטור מוביל | W1: פקטור נוסף | X1: טיקר | Y1: בעל עניין/צד קשור | Z1: מועד ההתקשרות בעסקה | AA1: מועד סיום חוזי | AB1: תדירות Reset | AC1: סוג הסליקה | AD1: נספח התחשבנות בטחונות - CSA | AE1: גורם מצטט | AF1: ריבית עוגן | AG1: תקופת ריבית עוגן | AH1: שיעור ריבית עוגן | AI1: שער נכס הבסיס במועד ההתקשרות בעסקה | AJ1: שער הנגזר במועד ההתקשרות בעסקה | AK1: האם קיים קנס בגין יציאה מוקדמת | AL1: שיעור הקנס בגין יציאה מוקדמת | AM1: צד נגדי - Counterparty | AN1: שיעור מנכסי אפיק ההשקעה | AO1: שיעור מסך נכסי ההשקעה
A2: 161 | B2: 9938 | C2: Funded Forward | D2: 90028138 | E2: EUR | F2: 3.3945 | G2: -125000 | H2: -125.02953 | I2: 0.390833 | J2: -0.001347 | K2: 90028138 | L2: ILS | M2: 1 | N2: 446550 | O2: 446.55 | P2: 0.463193 | Q2: 0.004745 | R2: 22.13727 | S2: ישראל | T2: ישראל | U2: מט"ח | V2: מדינה/איזור גאוגרפי | W2: מט"ח/₪ | X2: EUR ILS | Y2: לא | Z2: 14/04/2026 | AA2: 17/07/2026 | AB2: ללא | AC2: Delivery | AD2: כן | AE2: הצד הנגדי | AF2: ללא | AG2: ללא | AH2: ללא | AI2: 3.5618 | AJ2: 3.5724 | AK2: לא | AL2: NA | AM2: LUMILIT | AN2: -0.544137 | AO2: 0.000238
A3: 161 | B3: 9938 | C3: Funded Forward | D3: 90028373 | E3: USD | F3: 2.978 | G3: -160000 | H3: -159.91632 | I3: 0.499886 | J3: -0.001723 | K3: 90028373 | L3: ILS | M3: 1 | N3: 469120 | O3: 469.12 | P3: 0.486604 | Q3: 0.004985 | R3: -7.1108 | S3: ישראל | T3: ישראל | U3: מט"ח | V3: מדינה/איזור גאוגרפי | W3: מט"ח/₪ | X3: USD ILS | Y3: לא | Z3: 19/05/2026 | AA3: 17/07/2026 | AB3: ללא | AC3: Delivery | AD3: כן | AE3: הצד הנגדי | AF3: ללא | AG3: ללא | AH3: ללא | AI3: 2.908 | AJ3: 2.932 | AK3: לא | AL3: NA | AM3: LUMILIT | AN3: 0.174784 | AO3: -7.6e-05
A4: 161 | B4: 9938 | C4: Funded Forward | D4: 90028140 | E4: USD | F4: 2.978 | G4: 550000 | H4: 549.7321 | I4: -1.71842 | J4: 0.005922 | K4: 90028140 | L4: ILS | M4: 1 | N4: -1661000 | O4: -1661 | P4: -1.722904 | Q4: -0.017649 | R4: -23.8978 | S4: ישראל | T4: ישראל | U4: מט"ח | V4: מדינה/איזור גאוגרפי | W4: מט"ח/₪ | X4: USD ILS | Y4: לא | Z4: 14/04/2026 | AA4: 17/07/2026 | AB4: ללא | AC4: Delivery | AD4: כן | AE4: הצד הנגדי | AF4: ללא | AG4: ללא | AH4: ללא | AI4: 3.019 | AJ4: 3.02 | AK4: לא | AL4: NA | AM4: LUMILIT | AN4: 0.587411 | AO4: -0.000257
A5: 161 | B5: 9938 | C5: Funded Forward | D5: 90028252 | E5: USD | F5: 2.978 | G5: -300000 | H5: -299.84453 | I5: 0.937291 | J5: -0.00323 | K5: 90028252 | L5: ILS | M5: 1 | N5: 883050 | O5: 883.05 | P5: 0.91596 | Q5: 0.009383 | R5: -9.887 | S5: ישראל | T5: ישראל | U5: מט"ח | V5: מדינה/איזור גאוגרפי | W5: מט"ח/₪ | X5: USD ILS | Y5: לא | Z5: 01/05/2026 | AA5: 17/07/2026 | AB5: ללא | AC5: Delivery | AD5: כן | AE5: הצד הנגדי | AF5: ללא | AG5: ללא | AH5: ללא | AI5: 2.948 | AJ5: 2.9435 | AK5: לא | AL5: NA | AM5: LUMILIT | AN5: 0.243024 | AO5: -0.000106
A6: 161 | B6: 9938 | C6: Funded Forward | D6: 90029196 | E6: USD | F6: 2.978 | G6: -150000 | H6: -149.9245 | I6: 0.468652 | J6: -0.001615 | K6: 90029196 | L6: ILS | M6: 1 | N6: 447000 | O6: 447 | P6: 0.463659 | Q6: 0.00475 | R6: 0.52485 | S6: ישראל | T6: ישראל | U6: מט"ח | V6: מדינה/איזור גאוגרפי | W6: מט"ח/₪ | X6: USD ILS | Y6: לא | Z6: 25/06/2026 | AA6: 17/07/2026 | AB6: ללא | AC6: Delivery | AD6: כן | AE6: הצד הנגדי | AF6: ללא | AG6: ללא | AH6: ללא | AI6: 2.979 | AJ6: 2.98 | AK6: לא | AL6: NA | AM6: LUMILIT | AN6: -0.012901 | AO6: 6e-06
A7: 161 | B7: 9938 | C7: Funded Forward | D7: 90028438 | E7: USD | F7: 2.978 | G7: -135000 | H7: -134.9227 | I7: 0.421758 | J7: -0.001453 | K7: 90028438 | L7: ILS | M7: 1 | N7: 379350 | O7: 379.35 | P7: 0.393488 | Q7: 0.004031 | R7: -22.4498 | S7: ישראל | T7: ישראל | U7: מט"ח | V7: מדינה/איזור גאוגרפי | W7: מט"ח/₪ | X7: USD ILS | Y7: לא | Z7: 29/05/2026 | AA7: 17/07/2026 | AB7: ללא | AC7: Delivery | AD7: כן | AE7: הצד הנגדי | AF7: ללא | AG7: ללא | AH7: ללא | AI7: 2.811 | AJ7: 2.81 | AK7: לא | AL7: NA | AM7: LUMILIT | AN7: 0.551819 | AO7: -0.000241
A8: 161 | B8: 12468 | C8: Funded Forward | D8: 90028138 | E8: EUR | F8: 3.3945 | G8: -120000 | H8: -120.02835 | I8: 0.151042 | J8: -0.002911 | K8: 90028138 | L8: ILS | M8: 1 | N8: 428688 | O8: 428.688 | P8: 0.179046 | Q8: 0.009649 | R8: 21.25178 | S8: ישראל | T8: ישראל | U8: מט"ח | V8: מדינה/איזור גאוגרפי | W8: מט"ח/₪ | X8: EUR ILS | Y8: לא | Z8: 14/04/2026 | AA8: 17/07/2026 | AB8: ללא | AC8: Delivery | AD8: כן | AE8: הצד הנגדי | AF8: ללא | AG8: ללא | AH8: ללא | AI8: 3.5618 | AJ8: 3.5724 | AK8: לא | AL8: NA | AM8: LUMILIT | AN8: -0.955971 | AO8: 0.000506
A9: 161 | B9: 12468 | C9: Funded Forward | D9: 90028140 | E9: USD | F9: 2.978 | G9: 150000 | H9: 149.92696 | I9: -0.188666 | J9: 0.003635 | K9: 90028140 | L9: ILS | M9: 1 | N9: -453000 | O9: -453 | P9: -0.1892 | Q9: -0.010196 | R9: -6.5175 | S9: ישראל | T9: ישראל | U9: מט"ח | V9: מדינה/איזור גאוגרפי | W9: מט"ח/₪ | X9: USD ILS | Y9: לא | Z9: 14/04/2026 | AA9: 17/07/2026 | AB9: ללא | AC9: Delivery | AD9: כן | AE9: הצד הנגדי | AF9: ללא | AG9: ללא | AH9: ללא | AI9: 3.019 | AJ9: 3.02 | AK9: לא | AL9: NA | AM9: LUMILIT | AN9: 0.293177 | AO9: -0.000155
A10: 161 | B10: 12468 | C10: Funded Forward | D10: 90028475 | E10: USD | F10: 2.978 | G10: -130000 | H10: -129.92848 | I10: 0.1635 | J10: -0.003151 | K10: 90028475 | L10: ILS | M10: 1 | N10: 372450 | O10: 372.45 | P10: 0.155558 | Q10: 0.008383 | R10: -14.477 | S10: ישראל | T10: ישראל | U10: מט"ח | V10: מדינה/איזור גאוגרפי | W10: מט"ח/₪ | X10: USD ILS | Y10: לא | Z10: 03/06/2026 | AA10: 17/07/2026 | AB10: ללא | AC10: Delivery | AD10: כן | AE10: הצד הנגדי | AF10: ללא | AG10: ללא | AH10: ללא | AI10: 2.872 | AJ10: 2.865 | AK10: לא | AL10: NA | AM10: LUMILIT | AN10: 0.651221 | AO10: -0.000345
A11: 161 | B11: 12468 | C11: Funded Forward | D11: 90029196 | E11: USD | F11: 2.978 | G11: -350000 | H11: -349.82382 | I11: 0.440213 | J11: -0.008483 | K11: 90029196 | L11: ILS | M11: 1 | N11: 1043000 | O11: 1043 | P11: 0.43562 | Q11: 0.023476 | R11: 1.22466 | S11: ישראל | T11: ישראל | U11: מט"ח | V11: מדינה/איזור גאוגרפי | W11: מט"ח/₪ | X11: USD ILS | Y11: לא | Z11: 25/06/2026 | AA11: 17/07/2026 | AB11: ללא | AC11: Delivery | AD11: כן | AE11: הצד הנגדי | AF11: ללא | AG11: ללא | AH11: ללא | AI11: 2.979 | AJ11: 2.98 | AK11: לא | AL11: NA | AM11: LUMILIT | AN11: -0.055089 | AO11: 2.9e-05
A12: 161 | B12: 12468 | C12: Funded Forward | D12: 90028252 | E12: USD | F12: 2.978 | G12: -200000 | H12: -199.89634 | I12: 0.251546 | J12: -0.004847 | K12: 90028252 | L12: ILS | M12: 1 | N12: 588700 | O12: 588.7 | P12: 0.245877 | Q12: 0.01325 | R12: -6.5913 | S12: ישראל | T12: ישראל | U12: מט"ח | V12: מדינה/איזור גאוגרפי | W12: מט"ח/₪ | X12: USD ILS | Y12: לא | Z12: 01/05/2026 | AA12: 17/07/2026 | AB12: ללא | AC12: Delivery | AD12: כן | AE12: הצד הנגדי | AF12: ללא | AG12: ללא | AH12: ללא | AI12: 2.948 | AJ12: 2.9435 | AK12: לא | AL12: NA | AM12: LUMILIT | AN12: 0.296497 | AO12: -0.000157
A13: 161 | B13: 12468 | C13: Funded Forward | D13: 90028342 | E13: USD | F13: 2.978 | G13: -70000 | H13: -69.96276 | I13: 0.08804 | J13: -0.001696 | K13: 90028342 | L13: ILS | M13: 1 | N13: 203700 | O13: 203.7 | P13: 0.085077 | Q13: 0.004585 | R13: -4.6491 | S13: ישראל | T13: ישראל | U13: מט"ח | V13: מדינה/איזור גאוגרפי | W13: מט"ח/₪ | X13: USD ILS | Y13: לא | Z13: 13/05/2026 | AA13: 17/07/2026 | AB13: ללא | AC13: Delivery | AD13: כן | AE13: הצד הנגדי | AF13: ללא | AG13: ללא | AH13: ללא | AI13: 2.908 | AJ13: 2.91 | AK13: לא | AL13: NA | AM13: LUMILIT | AN13: 0.209131 | AO13: -0.000111
... A29: 161 | B29: 9943 | C29: Funded Forward | D29: 90028138 | E29: EUR | F29: 3.3945 | G29: -3070000 | H29: -3070.7252 | I29: 0.038772 | J29: -0.001583 | K29: 90028138 | L29: ILS | M29: 1 | N29: 10967268 | O29: 10967.268 | P29: 0.045569 | Q29: 0.004854 | R29: 543.69125 | S29: ישראל | T29: ישראל | U29: מט"ח | V29: מדינה/איזור גאוגרפי | W29: מט"ח/₪ | X29: EUR ILS | Y29: לא | Z29: 14/04/2026 | AA29: 17/07/2026 | AB29: ללא | AC29: Delivery | AD29: כן | AE29: הצד הנגדי | AF29: ללא | AG29: ללא | AH29: ללא | AI29: 3.5618 | AJ29: 3.5724 | AK29: לא | AL29: NA | AM29: LUMILIT | AN29: 0.175247 | AO29: 0.000269

Sheet הלוואות
A1: מספר קופה/קרן/ח.פ. עבור חברת ביטוח | B1: מספר מסלול | C1: מספר מזהה לווה | D1: סוג מספר מזהה לווה | E1: שם הלוואה | F1: מספר הלוואה | G1: מאפיין עיקרי | H1: מאפיין הלוואות מתואמות עבור זכויות מקרקעין | I1: ישראל/חו"ל | J1: מדינה לפי חשיפה כלכלית | K1: ענף מסחר | L1: בעל עניין/צד קשור | M1: קונסורציום/ סינדיקציה | N1: מספר קונסורציום/ סינדיקציה | O1: תאריך העמדת הלוואה | P1: דירוג | Q1: שם מדרג | R1: דירוג הלוואה/המנפיק | S1: מטבע פעילות | T1: מח"מ | U1: סוג הריבית | V1: שיעור ריבית | W1: סוג הצמדה | X1: ריבית עוגן | Y1: שיעור תוספת/הפחתה לריבית העוגן | Z1: תשואה לפדיון | AA1: מועד פדיון | AB1: נחיתות חוזית | AC1: סוג בטוחה | AD1: שווי הבטוחות העומדות כנגד ההלוואה | AE1: שיעור הבטוחות מהחוב | AF1: מועד עדכון אחרון לשווי הבטוחות | AG1: זכות חזרה | AH1: מבנה לוח סילוקין | AI1: יעוד הלוואה | AJ1: זכות פירעון מוקדם | AK1: סוג גורם משערך | AL1: שם גורם משערך | AM1: תלות/אי-תלות המשערך | AN1: תאריך שערוך אחרון | AO1: תאריך אחרון בו נבחנה בפועל ירידת ערך | AP1: שיעור ריבית בגין אי-ניצול מסגרת האשראי | AQ1: ערך נקוב | AR1: שער הלוואה | AS1: שער חליפין | AT1: שווי הוגן (באלפי ש"ח) | AU1: שווי הוגן (במטבע הפעילות) | AV1: עלות מופחתת (באלפי ש"ח) | AW1: עלות מופחתת (במטבע הפעילות) | AX1: האם סווג כחוב בעייתי | AY1: השיטה שיושמה בדוח הכספי | AZ1: שיעור מנכסי אפיק ההשקעה | BA1: שיעור מסך נכסי ההשקעה
A2: 14076 | B2: 14077 | C2: 520042581 | D2: ח.פ. | E2: הלוואות לחברים עמי גמל להשקעה (ריבית צמוד פריים) | F2: 29994020 | G2: עמית/מבוטח | I2: ישראל | J2: ישראל | K2: אנשים פרטיים | L2: לא | M2: לא | O2: 20/08/2025 | P2: AA+ | Q2: פנימי | R2: הלוואה | S2: ILS | T2: 2.990 | U2: אחר | V2: 0.051141 | W2: צמוד למדד אחר | X2: Other | Y2: 0.051141 | Z2: 0.0433 | AA2: 15/08/2030 | AB2: החוב לא נחות | AC2: חסכון עמיתים/מבוטחים | AE2: 0 | AG2: לא | AH2: אחר | AI2: חסכון עמיתים/מבוטחים | AJ2: לא | AK2: חברת ציטוט | AL2: Ness Fair Value | AM2: אי-תלות | AN2: 30/06/2026 | AP2: 0 | AQ2: 377161.32 | AR2: 102.671 | AS2: 1 | AT2: 387.237 | AU2: 387.237 | AX2: לא | AY2: שווי הוגן | AZ2: 1 | BA2: 0.011417592
A3: 161 | B3: 9943 | C3: 520042581 | D3: ח.פ. | E3: הלוואות לחברים עמי גמל (ריבית צמוד פריים) | F3: 29994013 | G3: עמית/מבוטח | I3: ישראל | J3: ישראל | K3: אנשים פרטיים | L3: לא | M3: לא | O3: 03/11/2016 | P3: AA+ | Q3: פנימי | R3: הלוואה | S3: ILS | T3: 2.200 | U3: אחר | V3: 0.050587 | W3: צמוד למדד אחר | X3: Other | Y3: 0.050587 | Z3: 0.0432 | AA3: 15/12/2032 | AB3: החוב לא נחות | AC3: חסכון עמיתים/מבוטחים | AE3: 0 | AG3: לא | AH3: אחר | AI3: חסכון עמיתים/מבוטחים | AJ3: לא | AK3: חברת ציטוט | AL3: Ness Fair Value | AM3: אי-תלות | AN3: 30/06/2026 | AP3: 0 | AQ3: 17346625 | AR3: 101.883 | AS3: 1 | AT3: 17673.23 | AU3: 17673.23 | AX3: לא | AY3: שווי הוגן | AZ3: 0.59909805 | BA3: 0.0087554949
A4: 161 | B4: 9943 | C4: 514874155 | D4: ח.פ. | E4: כביש 6 צפון הגדלת מינוף | F4: 25032021 | G4: תאגיד | I4: ישראל | J4: ישראל | K4: שרותים | L4: לא | M4: כן | N4: 90301001 | O4: 25/03/2021 | P4: Aa2 | Q4: מידרוג Moodys | R4: הלוואה | S4: ILS | T4: 9.720 | U4: קבועה | V4: 0.03 | W4: צמוד למדד אחר | X4: ללא | Y4: 0 | Z4: 0.0319 | AA4: 30/06/2048 | AB4: החוב לא נחות | AC4: שעבוד שוטף | AE4: 0 | AG4: כן | AH4: קרן שווה | AI4: מימון הרחבת כביש 6 | AJ4: כן | AK4: חברת ציטוט | AL4: Ness Fair Value | AM4: קיימת תלות | AN4: 30/06/2026 | AP4: 0 | AQ4: 612665.52 | AR4: 117.42 | AS4: 1 | AT4: 719.392 | AU4: 719.392 | AX4: לא | AY4: שווי הוגן | AZ4: 0.024386389 | BA4: 0.00035639392
A5: 161 | B5: 9943 | C5: 514874155 | D5: ח.פ. | E5: כביש 6 צפון הלוואה לזמן ארוך | F5: 24032021 | G5: תאגיד | I5: ישראל | J5: ישראל | K5: שרותים | L5: לא | M5: כן | N5: 90301000 | O5: 25/03/2021 | P5: Aa2 | Q5: מידרוג Moodys | R5: הלוואה | S5: ILS | T5: 9.720 | U5: קבועה | V5: 0.03 | W5: צמוד למדד אחר | X5: ללא | Y5: 0 | Z5: 0.0319 | AA5: 30/06/2048 | AB5: החוב לא נחות | AC5: שעבוד שוטף | AE5: 0 | AG5: כן | AH5: קרן שווה | AI5: מימון הרחבת כביש 6 | AJ5: כן | AK5: חברת ציטוט | AL5: Ness Fair Value | AM5: קיימת תלות | AN5: 30/06/2026 | AP5: 0 | AQ5: 9459297.1 | AR5: 117.42 | AS5: 1 | AT5: 11107.107 | AU5: 11107.107 | AX5: לא | AY5: שווי הוגן | AZ5: 0.37651556 | BA5: 0.0055025717

Sheet לא סחיר מוצרים מובנים
A1: מספר קופה/קרן/ח.פ. עבור חברת ביטוח | B1: מספר מסלול | C1: שם מנפיק | D1: מספר מנפיק | E1: סוג מספר מזהה מנפיק | F1: שם נייר ערך | G1: מספר נייר ערך | H1: סוג מספר נייר ערך | I1: מאפיין עיקרי | J1: ישראל/חו"ל | K1: מדינה לפי חשיפה כלכלית | L1: בעל עניין/צד קשור | M1: נכס בסיס | N1: תאריך רכישה | O1: דירוג | P1: שם מדרג | Q1: דירוג נייר הערך/המנפיק | R1: מטבע פעילות | S1: מח"מ | T1: שיעור ריבית | U1: תשואה לפדיון | V1: סוג גורם משערך | W1: תלות/אי-תלות המשערך | X1: תאריך שערוך אחרון | Y1: ערך נקוב (יחידות) | Z1: שער חליפין | AA1: שער נייר הערך | AB1: שווי הוגן (באלפי ש"ח) | AC1: שיעור מנכסי אפיק ההשקעה | AD1: שיעור מסך נכסי ההשקעה
A2: 161 | B2: 9943 | C2: ALESCO PREF FUNDING IX | D2: 549300FP1ZNOHOUNLV32 | E2: LEI | F2: ALESCO PFD VI | G2: KYG015912085 | H2: ISIN | I2: קרן לא מובטחת | J2: חו"ל | K2: ארה"ב | L2: לא | M2: אחר | N2: 06/08/2019 | O2: NR | P2: NR | Q2: NR | R2: USD | S2: 0.000 | T2: 0 | U2: 0 | V2: אחר | W2: אי-תלות | X2: 08/08/2019 | Y2: 45 | Z2: 2.978 | AA2: 0.034 | AB2: 0 | AC2: 1 | AD2: 2.229345e-11

Sheet פיקדונות מעל 3 חודשים
A1: מספר קופה/קרן/ח.פ. עבור חברת ביטוח | B1: מספר מסלול | C1: שם הבנק | D1: מספר מזהה בנק | E1: סוג מספר מזהה בנק | F1: מאפיין עיקרי | G1: תאריך פקיעת פיקדון | H1: ישראל/חו"ל | I1: מדינה לפי חשיפה כלכלית | J1: בעל עניין/צד קשור | K1: דירוג הבנק | L1: שם מדרג | M1: מטבע פעילות | N1: מח"מ | O1: שיעור ריבית | P1: תשואה לפדיון | Q1: שווי מטבעי | R1: שער חליפין | S1: שער פיקדון | T1: שווי הוגן (באלפי ש"ח) | U1: שיעור מנכסי אפיק ההשקעה | V1: שיעור מסך נכסי ההשקעה

Sheet זכויות מקרקעין
A1: מספר קופה/קרן/ח.פ. עבור חברת ביטוח | B1: מספר מסלול | C1: שם הנכס | D1: מאפיין עיקרי | E1: מדינת מיקום נדל"ן | F1: בעל עניין/צד קשור | G1: תאריך רכישה | H1: שימוש עיקרי בנכס | I1: מחזור חיי הנכס | J1: כתובת הנכס | K1: שיעור תשואה בפועל במהלך הרבעון | L1: השיטה שבאמצעותה נקבע שווי הנכס | M1: סוג גורם משערך | N1: שם גורם משערך | O1: תלות/אי-תלות המשערך | P1: תאריך שערוך אחרון | Q1: מטבע פעילות | R1: שווי הוגן (במטבע הפעילות) | S1: שווי הוגן (באלפי ש"ח) | T1: עלות מופחתת (באלפי ש"ח) | U1: עלות מופחתת (במטבע הפעילות) | V1: השיטה שיושמה בדוח הכספי | W1: שיעור מנכסי אפיק ההשקעה | X1: שיעור מסך נכסי ההשקעה
A2: 161 | B2: 9943 | C2: מקרקעין | D2: נדל"ן מניב | E2: ישראל | F2: לא | G2: 31/12/2013 | H2: אחר | I2: אחר | J2: חירות, מועצה אזורית - לב השרון | L2: שיטה השוואתית | M2: מומחה בלתי תלוי | N2: קמיל טרשנסקי שרותי נדלן | O2: אי-תלות | P2: 31/12/2025 | Q2: ILS | R2: 567.504 | S2: 567.504 | V2: שווי הוגן | W2: 1 | X2: 0.00028114716

Sheet השקעה בחברות מוחזקות
A1: מספר קופה/קרן/ח.פ. עבור חברת ביטוח | B1: מספר מסלול | C1: שם מנפיק | D1: מספר מנפיק | E1: סוג מספר מזהה מנפיק | F1: שם נייר ערך | G1: מספר נייר ערך | H1: סוג מספר נייר ערך | I1: מאפיין עיקרי | J1: ישראל/חו"ל | K1: מדינה לפי חשיפה כלכלית | L1: ענף מסחר | M1: בעל עניין/צד קשור | N1: מטבע פעילות | O1: סוג גורם משערך | P1: תלות/אי-תלות המשערך | Q1: תאריך שערוך אחרון | R1: תאריך אחרון בו נבחנה בפועל ירידת ערך | S1: שיעור אחזקה באמצעי שליטה | T1: שווי מאזני (באלפי ש"ח) | U1: שווי הוגן (באלפי ש"ח) | V1: שיעור מנכסי אפיק ההשקעה | W1: שיעור מסך נכסי ההשקעה

Sheet נכסים אחרים
A1: מספר קופה/קרן/ח.פ. עבור חברת ביטוח | B1: מספר מסלול | C1: שם הנכס האחר | D1: מספר הנכס האחר | E1: מאפיין עיקרי | F1: ישראל/חו"ל | G1: מדינה לפי חשיפה כלכלית | H1: בעל עניין/צד קשור | I1: תאריך עסקה | J1: מטבע פעילות | K1: תאריך שערוך אחרון | L1: שווי מטבעי | M1: שער חליפין | N1: שווי הוגן (באלפי ש"ח) | O1: עלות מופחתת (באלפי ש"ח) | P1: השיטה שיושמה בדוח הכספי | Q1: שיעור מנכסי אפיק ההשקעה | R1: שיעור מסך נכסי ההשקעה
A2: 14076 | B2: 14077 | C2: זכאים | D2: 28080000 | E2: חייבים וזכאים | F2: ישראל | G2: ישראל | H2: לא | J2: ILS | K2: 30/06/2026 | L2: -9.971 | M2: 1 | N2: -9.971 | P2: שווי הוגן | Q2: 0.53338875 | R2: -0.00029399345
A3: 14076 | B3: 14077 | C3: זכאים מס עמיתים | D3: 28200000 | E3: חייבים וזכאים מס | F3: ישראל | G3: ישראל | H3: לא | J3: ILS | K3: 30/06/2026 | L3: -8.723 | M3: 1 | N3: -8.723 | P3: שווי הוגן | Q3: 0.46661125 | R3: -0.00025718699
A4: 14076 | B4: 14078 | C4: זכאים | D4: 28080000 | E4: חייבים וזכאים | F4: ישראל | G4: ישראל | H4: לא | J4: ILS | K4: 30/06/2026 | L4: -1.239 | M4: 1 | N4: -1.239 | P4: שווי הוגן | Q4: 0.61429273 | R4: -0.00030091753
A5: 14076 | B5: 14078 | C5: חייבים | D5: 27960000 | E5: חייבים וזכאים | F5: ישראל | G5: ישראל | H5: לא | J5: ILS | K5: 30/06/2026 | L5: 0 | M5: 1 | N5: 0 | P5: שווי הוגן | Q5: 8.4314105e-05 | R5: -4.130212e-08
